Workbook
Name _00EGRDCB: [1]Rates!$H$497
Name _00EGRDCT: [1]Rates!$H$498
Name _00EGRDGE: [1]Rates!$H$495
Name _00EGRDSD: [1]Rates!$H$496
Name _00EGRROI: [1]Rates!$H$499
Name _022TF000: [2]Rates!$H$743
Name _022TF001: [2]Rates!$H$744
Name _022TF002: [2]Rates!$H$745
Name _022TFSTR: [2]Rates!$H$746
Name _066AISLD: [2]Rates!$H$656
Name _066BTPRO: [2]Rates!$H$655
Name _066BUPRO: [2]Rates!$H$654
Name _066BUS40: [2]Rates!$H$253
Name _066BUSBT: [2]Rates!$H$254
Name _066BYBTI: [2]Rates!$H$117
Name _066BYBVT: [2]Rates!$H$118
Name _066BYCB1: [2]Rates!$H$119
Name _066BYCB2: [2]Rates!$H$120
Name _066BYCB3: [2]Rates!$H$121
Name _066BYFDR: [2]Rates!$H$114
Name _066BYTF1: [2]Rates!$H$115
Name _066BYTF2: [2]Rates!$H$116
Name _066CBK25: [2]Rates!$H$400
Name _066CBK50: [2]Rates!$H$401
Name _066CT3P2: [2]Rates!$H$168
Name _066CT3P4: [2]Rates!$H$172
Name _066DIFPR: [2]Rates!$H$652
Name _066DISC3: [2]Rates!$H$191
Name _066DISCO: [2]Rates!$H$190
Name _066DISPR: [2]Rates!$H$653
Name _066DTCB3: [2]Rates!$H$143
Name _066DTCB4: [2]Rates!$H$145
Name _066EARSW: [2]Rates!$H$193
Name _066EGRID: [2]Rates!$H$495
Name _066EX150: [2]Rates!$H$313
Name _066EX225: [2]Rates!$H$314
Name _066EXFDR: [2]Rates!$H$312
Name _066FRCR4: [2]Rates!$H$410
Name _066FRCR6: [2]Rates!$H$411
Name _066HVCON: [2]Rates!$H$337
Name _066LTCB3: [2]Rates!$H$139
Name _066LTCB4: [2]Rates!$H$142
Name _066LTCBC: [2]Rates!$H$138
Name _066MVT1P: [2]Rates!$H$228
Name _066NERCR: [2]Rates!$H$418
Name _066OHEXT: [2]Rates!$H$349
Name _066PIN1P: [2]Rates!$H$360
Name _066PIN3P: [2]Rates!$H$361
Name _066QMA1P: [2]Rates!$H$479
Name _066QUEXT: [2]Rates!$H$351
Name _066SAR1P: [2]Rates!$H$245
Name _066SDROP: [2]Rates!$H$324
Name _066STR3P: [2]Rates!$H$476
Name _066SVE1P: [2]Rates!$H$336
Name _066TDROP: [2]Rates!$H$323
Name _066TFCAB: [2]Rates!$H$487
Name _066TFRC1: [2]Rates!$H$413
Name _066TFRC2: [2]Rates!$H$414
Name _066TPA1P: [2]Rates!$H$478
Name _066TPA3P: [2]Rates!$H$477

Sheet TRR Summary
B5: UST Removal, Validation, Environmental sampling and report | C5: C-I-C
B6: Bund Cleaning | C6: C-I-C | D6: Opex
B7: Bund Integrity Check | C7: C-I-C
B8: Holding tank clean out and liquid disposal (150kL liquid, 10kL sludge) | C8: C-I-C
B9: GAC system fit out and annual carbon filter change (1 year) | C9: C-I-C
B10: Septic Tank Service | C10: C-I-C
B11: Puraceptor Service | C11: C-I-C
B12: Install Puraceptor | C12: C-I-C
B13: Install Hardstand (not transformer bund) | C13: C-I-C | D13: 5122679.5
B16: Instal Holding Tank Alarm | C16: C-I-C
B17: Cranbourne CBTS Drainage Reconfiguration | C17: C-I-C
B18: Hazelwood Drainage Reconfiguration | C18: C-I-C
B19: Install shut off valve | C19: C-I-C
B20: Decommission and remove holding tank | C20: C-I-C
B21: Install new/ temporary holding tank | C21: C-I-C | D21: 10269083
C25: 15391762
C28: RY28 | D28: RY29 | E28: RY30 | F28: RY31 | G28: RY32
B29: Environmental | C29: =$D13/5 -> 1024535.9 | D29: =$D13/5 -> 1024535.9 | E29: =$D13/5 -> 1024535.9 | F29: =$D13/5 -> 1024535.9 | G29: =$D13/5 -> 1024535.9
B30: PRA-BlueSphere Estimate (Rework) | C30: =$D21/5 -> 2053816.5 | D30: =$D21/5 -> 2053816.5 | E30: =$D21/5 -> 2053816.5 | F30: =$D21/5 -> 2053816.5 | G30: =$D21/5 -> 2053816.5

Sheet Environmental Scope Items
E3: Total Cost for Environmental Scope Items | F3: C-I-C
A5: UST Removal, Validation, Environmental sampling and report
A6: UST Removal, Validation, Environmental sampling and report | B6: 1 | C6: C-I-C | E6: Cost provided by Consultant
A7: Number of Sites | C7: C-I-C | E7: Assumptions: | F7: C-I-C
C8: C-I-C
A9: Design | B9: 0.05 | C9: C-I-C
A10: SPA Internal Costs | B10: 0.05 | C10: C-I-C
A11: Sub-Contractor Indirect Costs | B11: 0.05 | C11: C-I-C
C12: C-I-C
A13: Nominal Risk Allowance | B13: 0.075 | C13: C-I-C
A14: DIRECT COSTS SUB-TOTAL | C14: C-I-C
A18: Bund Cleaning
A19: Bund Cleaning | B19: 1 | C19: C-I-C | E19: Cost provided by Consultant
A20: Number of Sites | B20: 1 | C20: C-I-C | E20: Assumptions: | F20: C-I-C
C21: C-I-C | F21: C-I-C
A22: Design | B22: 0.05 | C22: C-I-C
A23: SPA Internal Costs | B23: 0.05 | C23: C-I-C
A24: Sub-Contractor Indirect Costs | B24: 0.05 | C24: C-I-C
C25: C-I-C
A26: Nominal Risk Allowance | B26: 0.075 | C26: C-I-C
A27: DIRECT COSTS SUB-TOTAL | C27: C-I-C
A30: Bund Integrity Check
A31: Bund Integrity Check | C31: C-I-C | E31: Cost provided by Consultant
A32: Number of Sites | C32: C-I-C | E32: Assumptions: | F32: C-I-C
C33: C-I-C | F33: C-I-C
A34: Design | B34: 0.05 | C34: C-I-C
A35: SPA Internal Costs | B35: 0.05 | C35: C-I-C
A36: Sub-Contractor Indirect Costs | B36: 0.05 | C36: C-I-C
C37: C-I-C
A38: Nominal Risk Allowance | B38: 0.075 | C38: C-I-C
A39: DIRECT COSTS SUB-TOTAL | C39: C-I-C
A42: Holding tank clean out and liquid disposal (150kL liquid, 10kL sludge)
A43: Holding tank clean out and liquid disposal (150kL liquid, 10kL sludge) | C43: C-I-C | E43: Cost provided by Consultant
A44: Number of Sites | C44: C-I-C | E44: Assumptions: | F44: C-I-C
C45: C-I-C | F45: C-I-C
A46: Design | B46: 0.05 | C46: C-I-C
A47: SPA Internal Costs | B47: 0.05 | C47: C-I-C
A48: Sub-Contractor Indirect Costs | B48: 0.05 | C48: C-I-C
C49: C-I-C
A50: Nominal Risk Allowance | B50: 0.075 | C50: C-I-C
A51: DIRECT COSTS SUB-TOTAL | C51: C-I-C
A54: GAC system fit out and annual carbon filter change (1 year)
A55: GAC system fit out and annual carbon filter change (1 year) | C55: C-I-C | E55: Cost provided by Consultant
A56: Number of Sites | C56: C-I-C | E56: Assumptions: | F56: C-I-C
C57: C-I-C
A58: Design | B58: 0.05 | C58: C-I-C
A59: SPA Internal Costs | B59: 0.05 | C59: C-I-C
A60: Sub-Contractor Indirect Costs | B60: 0.05 | C60: C-I-C
C61: C-I-C
A62: Nominal Risk Allowance | B62: 0.075 | C62: C-I-C
A63: DIRECT COSTS SUB-TOTAL | C63: C-I-C
A66: Septic Tank Service
A67: Septic Tank Service | C67: C-I-C | E67: Cost provided by Consultant
A68: Number of Sites | C68: C-I-C | E68: Assumptions: | F68: C-I-C
C69: C-I-C | F69: C-I-C
A70: Design | B70: 0.05 | C70: C-I-C
A71: SPA Internal Costs | B71: 0.05 | C71: C-I-C
A72: Sub-Contractor Indirect Costs | B72: 0.05 | C72: C-I-C
C73: C-I-C
A74: Nominal Risk Allowance | B74: 0.075 | C74: C-I-C
A75: DIRECT COSTS SUB-TOTAL | C75: C-I-C
A77: Puraceptor Service
A78: Septic Tank Service | C78: C-I-C | E78: Assumptions: | F78: C-I-C
A79: Number of Sites | C79: C-I-C
C80: C-I-C
A81: Design | B81: 0.05 | C81: C-I-C
A82: SPA Internal Costs | B82: 0.05 | C82: C-I-C
A83: Sub-Contractor Indirect Costs | B83: 0.05 | C83: C-I-C
C84: C-I-C
A85: Nominal Risk Allowance | B85: 0.075 | C85: C-I-C
A86: DIRECT COSTS SUB-TOTAL | C86: C-I-C
A88: Install Puraceptor | E88: Assumptions: | F88: C-I-C
A89: Install Puraceptor | B89: 1 | C89: C-I-C | F89: C-I-C
A90: Number of Sites | C90: C-I-C | E90: Price from Quote | F90: C-I-C
C91: C-I-C | E91: Price | F91: C-I-C
A92: Design | B92: 0.15 | C92: C-I-C | E92: Price | F92: C-I-C
A93: SPA Internal Costs | B93: 0.15 | C93: C-I-C
A94: Sub-Contractor Indirect Costs | B94: 0.15 | C94: C-I-C | E94: C-I-C
C95: C-I-C
A96: Nominal Risk Allowance | B96: 0.075 | C96: C-I-C
A97: DIRECT COSTS SUB-TOTAL | C97: C-I-C
A116: Install Hardstand (not transformer bund)
A117: Install Hardstand | C117: C-I-C | E117: Assumptions: | F117: C-I-C
A118: Number of Sites | C118: C-I-C
C119: C-I-C | E119: C-I-C
A120: Design | B120: 0.15 | C120: C-I-C
A121: SPA Internal Costs | B121: 0.15 | C121: C-I-C
A122: Sub-Contractor Indirect Costs | B122: 0.15 | C122: C-I-C
C123: C-I-C
A124: Nominal Risk Allowance | B124: 0.075 | C124: C-I-C
A125: DIRECT COSTS SUB-TOTAL | C125: C-I-C

Sheet Sheet1
A1: 66kV Feeder X & Y Protection Scheme "X" Prot Type Siemens 7SL87 & Y Prot GE Multilin L90 - Line Current Differential Relay
A2: Materials
A3: Materials for 66kV Feeder X & Y Protection Scheme, | B3: 1 | C3: Each | D3: 82645.38 | E3: =D3*B3 -> 82645.38
A5: Cabling
A6: Secondary Cables for 66kV Feeder X & Y Protection Scheme | B6: 1 | C6: Each | D6: 49152.031 | E6: =D6*B6 -> 49152.031
A8: Earthing
A9: Cubicle Earthing | B9: 1 | C9: Each | D9: 1961.6918 | E9: =D9*B9 -> 1961.6918
A11: Installation
A12: Protection Cabinet Installation | B12: 1 | C12: Each | D12: 29639.925 | E12: =D12*B12 -> 29639.925
A14: Testing
A15: System Pre-test | B15: 64 | C15: Hour | D15: 271.91 | E15: =D15*B15 -> 17402.24
A16: System Commission | B16: 96 | C16: Hour | D16: 271.91 | E16: =D16*B16 -> 26103.36
E17: =SUM(E3:E16) -> 206904.63
A18: Cost Structure for 66kV Bus Tie X & Y Protection Scheme, "X" Prot / "Y" Prot, Protection & control Panel Layout
A19: Materials
A20: Materials for 66kV Bus Tie X & Y Protection Scheme, "X" Prot P145 / "Y" Prot SEL 351-6, Protection & control Panel Layout (Drawing No.T14/119/51/2 rev A dated 04/06/08) | B20: 1 | C20: Each | D20: 49760.188 | E20: =B20*D20 -> 49760.188
E21: =B21*D21 -> 0
A22: Cabling | E22: =B22*D22 -> 0
A23: Secondary Cables for 66kV Bus Tie X & Y Protection Scheme, "X" Prot P145 / "Y" Prot SEL 351-6, Protection & control Panel Layout (Drawing No.T14/119/51/16 rev A dated 04/06/08) | B23: 1 | C23: Each | D23: 29639.925 | E23: =B23*D23 -> 29639.925
E24: =B24*D24 -> 0
A25: Earthing | E25: =B25*D25 -> 0
A26: Install | B26: 4 | C26: Each | D26: 1453.105 | E26: =B26*D26 -> 5812.42
E27: =B27*D27 -> 0
A28: Installation | E28: =B28*D28 -> 0
A29: Labour | B29: 1 | C29: Each | D29: 8518.4 | E29: =B29*D29 -> 8518.4
E30: =B30*D30 -> 0
A31: Testing | E31: =B31*D31 -> 0
A32: Tester Field Services - Secondary Tester NSG PD | B32: 48 | C32: Hour | D32: 271.91 | E32: =B32*D32 -> 13051.68
A33: Commissioning | B33: 64 | C33: Hour | D33: 271.91 | E33: =B33*D33 -> 17402.24
E34: =SUM(E20:E33) -> 124184.85
A36: Anti-Islanding Scheme Based on SMTS T2/752/786/2 | B36: 0 | D36: 0 | E36: 0
B37: 0 | D37: 0 | E37: 0
A38: Materials | B38: 0 | D38: 0 | E38: 0
A39: Material Anti-Islanding Scheme Based on SMTS T2/752/786/2 | B39: 1 | C39: Each | D39: 42209.312 | E39: =B39*D39 -> 42209.312
B40: 0 | D40: 0 | E40: =B40*D40 -> 0
A41: Installation | B41: 0 | D41: 0 | E41: =B41*D41 -> 0
A42: Prot Cabinet Installation | B42: 1 | C42: Each | D42: 29639.925 | E42: =B42*D42 -> 29639.925
B43: 0 | D43: 0 | E43: =B43*D43 -> 0
A44: Cabling | B44: 0 | D44: 0 | E44: =B44*D44 -> 0
B45: 0 | D45: 0 | E45: =B45*D45 -> 0
A46: Secondary Cabling Anti-Islanding Scheme Based on SMTS T2/752/786/14 | B46: 1 | C46: Each | D46: 20833.223 | E46: =B46*D46 -> 20833.223
B47: 0 | D47: 0 | E47: =B47*D47 -> 0
A48: Earthing | B48: 0 | D48: 0 | E48: =B48*D48 -> 0
A49: Cubicle Earthing | B49: 1 | C49: Each | D49: 1453.105 | E49: =B49*D49 -> 1453.105
B50: 0 | D50: 0 | E50: =B50*D50 -> 0
A51: Testing | B51: 0 | D51: 0 | E51: =B51*D51 -> 0
A52: Anti-Islanding Protection Testing | B52: 1 | C52: Each | D52: 19577.52 | E52: =B52*D52 -> 19577.52
B53: 0 | D53: 0 | E53: 0
A54: =SUM(1:18) -> 577916.1 | B54: 0 | D54: 0 | E54: =SUM(E36:E53) -> 113713.09
A56: Protection Panel - 66kV Cap Bank X&Y Protection & Control Cubicle - T2/319/359/2 | B56: 0 | D56: 0 | E56: 0
B57: 0 | D57: 0 | E57: 0
B58: 0 | D58: 0 | E58: 0
A59: Materials | B59: 0 | D59: 0 | E59: 0
A60: Materials Only - 66kV Cap Bank Protection & Control Scheme | B60: 1 | C60: Each | D60: 81978.312 | E60: =D60*B60 -> 81978.312
B61: 0 | D61: 0 | E61: =D61*B61 -> 0
A62: Cabling | B62: 0 | D62: 0 | E62: =D62*B62 -> 0
B63: 0 | D63: 0 | E63: =D63*B63 -> 0
A64: Secondary Cables - 66kV Cap Bank Prot & Ctrl - T2/319/359/37 | B64: 1 | C64: Each | D64: 23450.861 | E64: =D64*B64 -> 23450.861
B65: 0 | D65: 0 | E65: =D65*B65 -> 0
A66: Earthing | B66: 0 | D66: 0 | E66: =D66*B66 -> 0
A67: Cadweld to Steelwork | B67: 1 | C67: Each | D67: 109.9691 | E67: =D67*B67 -> 109.9691
A68: Conductor - 40 x 4mm Copper Flat Bar, Alloy C11000, half hard, full radius complying with AS/NZS 1567 | B68: 1 | C68: Metre | D68: 44 | E68: =D68*B68 -> 44
B69: 0 | D69: 0 | E69: =D69*B69 -> 0
A70: Installation | B70: 0 | D70: 0 | E70: =D70*B70 -> 0
A71: Installation of Cubicles into Modular ZSS Buildings | B71: 1 | C71: Each | D71: 5135 | E71: =D71*B71 -> 5135
B72: 0 | D72: 0 | E72: =D72*B72 -> 0
A73: Testing | B73: 0 | D73: 0 | E73: =D73*B73 -> 0
A74: Site Testing | B74: 64 | C74: Hour | D74: 271.91 | E74: =D74*B74 -> 17402.24
A75: Commissioning | B75: 24 | C75: Hour | D75: 271.91 | E75: =D75*B75 -> 6525.84
E76: =SUM(E56:E75) -> 134646.22
A78: Materials - 220kV CB Management (7VK87 + Multilin C60) Scheme | B78: 1 | C78: Each | D78: 52874.95 | E78: =B78*D78 -> 52874.95
B79: 0 | D79: 0 | E79: =B79*D79 -> 0
A80: Cabling | B80: 0 | D80: 0 | E80: =B80*D80 -> 0
A81: Secondary Cables - 220kV 1 x CB Management Transformer Protection Panel | B81: 1 | C81: Each | D81: 24985.861 | E81: =B81*D81 -> 24985.861
B82: 0 | D82: 0 | E82: =B82*D82 -> 0
A83: Earthing | B83: 0 | D83: 0 | E83: =B83*D83 -> 0
A84: Cadweld - Joint / Shot | B84: 1 | C84: Set | D84: 109.9691 | E84: =B84*D84 -> 109.9691
A85: Conductor - 40 x 4mm Copper Flat Bar, Alloy C11000, half hard, full radius complying with AS/NZS 1567 | B85: 1 | C85: Metre | D85: 44 | E85: =B85*D85 -> 44
B86: 0 | D86: 0 | E86: =B86*D86 -> 0
A87: Installation | B87: 1 | D87: 8135 | E87: =B87*D87 -> 8135
A88: Field Services - Secondary NSG PD | E88: =B88*D88 -> 0
A89: Tray Truck - 3.5 tonne, 4m tray, incl travel 75kms | E89: =B89*D89 -> 0
B90: 0 | D90: 0 | E90: =B90*D90 -> 0
A91: Testing | B91: 0 | D91: 0 | E91: =B91*D91 -> 0
A92: Technical Services - Prot & Measurement NSG PD | B92: 96 | C92: Hour | D92: 271.91 | E92: =B92*D92 -> 26103.36
B93: 0 | D93: 0 | E93: =B93*D93 -> 0
A94: =SUM(1:19) -> 577916.1 | B94: 0 | D94: 0 | E94: =SUM(E78:E93) -> 112253.14

Sheet PRA-BlueSphere Estimate
A3: Instal Holding Tank Alarm | E3: Total Cost | F3: 10269083
A4: Install Hardstand | C4: C-I-C
A5: Number of Sites | C5: C-I-C | E5: Assumptions: This is a high level scope
C6: C-I-C | E6: Install a holding tank alarm
A7: Design | B7: 0.15 | C7: C-I-C | E7: Connect to secondary system
A8: SPA Internal Costs | B8: 0.15 | C8: C-I-C
A9: Sub-Contractor Indirect Costs | B9: 0.15 | C9: C-I-C
C10: C-I-C
A11: Nominal Risk Allowance | B11: 0.075 | C11: C-I-C
A12: DIRECT COSTS SUB-TOTAL | C12: C-I-C
A18: Cranbourne CBTS Drainage Reconfiguration
A19: Cranbourne CBTS Drainage Reconfiguration | B19: 1 | C19: C-I-C | E19: Assumptions: This is a high level scope
C20: C-I-C | E20: Service and repair leaking transformers
A21: Design | B21: 0.25 | C21: C-I-C | E21: Clean bund surfaces and check bund integrity;
A22: SPA Internal Costs | B22: 0.15 | C22: C-I-C | E22: Clean out oil and sediment from the puraceptor, and clean internal filters
A23: Sub-Contractor Indirect Costs | B23: 0.15 | C23: C-I-C | E23: Review, reconfigure and update drainage at the site to rectify apparent design limitations resulting in overflow events.
C24: C-I-C
A25: Nominal Risk Allowance | B25: 0.075 | C25: C-I-C
A26: DIRECT COSTS SUB-TOTAL | C26: C-I-C
A30: Hazelwood Drainage Reconfiguration
A31: Hazelwood CBTS Drainage Reconfiguration | B31: 1 | C31: C-I-C | E31: Assumptions: This is a high level scope
C32: C-I-C | E32: Service and repair leaking transformers
A33: Design | B33: 0.25 | C33: C-I-C | E33: Clean bund surfaces and check bund integrity;
A34: SPA Internal Costs | B34: 0.15 | C34: C-I-C | E34: Clean out oil and sediment from the puraceptor, and clean internal filters
A35: Sub-Contractor Indirect Costs | B35: 0.15 | C35: C-I-C | E35: Reconfigure and resolve drainage from transformer bunds and holding tank areas;
C36: C-I-C | E36: Installation of granulated activated carbon (GAC) scrubbers to treat filtered water exiting a puraceptor.
A37: Nominal Risk Allowance | B37: 0.075 | C37: C-I-C
A38: DIRECT COSTS SUB-TOTAL | C38: C-I-C
A42: Install shut off valve
A43: Install shut off valve | C43: C-I-C | E43: Assumptions:
A44: Number of Sites | C44: C-I-C | E44: Install a shut off valve
C45: C-I-C | E45: Testing & Commissoning
A46: Design | B46: 0.15 | C46: C-I-C
A47: SPA Internal Costs | B47: 0.15 | C47: C-I-C
A48: Sub-Contractor Indirect Costs | B48: 0.15 | C48: C-I-C
C49: C-I-C
A50: Nominal Risk Allowance | B50: 0.075 | C50: C-I-C
A51: DIRECT COSTS SUB-TOTAL | C51: C-I-C
A54: Decommission and remove holding tank
A55: Decommission and remove holding tank | C55: C-I-C | E55: Assumptions:
A56: Number of Sites | C56: C-I-C | E56: Decommission and removal of existing holding tank
C57: C-I-C | E57: Dispose of existing holding tank
A58: Design | B58: 0.15 | C58: C-I-C
A59: SPA Internal Costs | B59: 0.15 | C59: C-I-C
A60: Sub-Contractor Indirect Costs | B60: 0.15 | C60: C-I-C
C61: C-I-C
A62: Nominal Risk Allowance | B62: 0.075 | C62: C-I-C
A63: DIRECT COSTS SUB-TOTAL | C63: C-I-C
A66: Install new/ temporary holding tank
A67: Install new/ temporary holding tank | C67: C-I-C | E67: Assumptions:
A68: Number of Sites | C68: C-I-C | E68: Install new/ temporary holding tank
C69: C-I-C | E69: Drain and clean holding tank
A70: Design | B70: 0.15 | C70: C-I-C | E70: Periodically inspect the existing holding tank to confirm that it remains functional
A71: SPA Internal Costs | B71: 0.15 | C71: C-I-C
A72: Sub-Contractor Indirect Costs | B72: 0.15 | C72: C-I-C
C73: C-I-C
A74: Nominal Risk Allowance | B74: 0.075 | C74: C-I-C
A75: DIRECT COSTS SUB-TOTAL | C75: C-I-C

Sheet Master All_TRR_TS
A1: Site Details | M1: Status Tracking | Q1: Knowledge Base Relevant documentation | AA1: Likelihood of Contamination (drivers of likelihood rating highlighted in bold) | AI1: Oil Filled Equipment | AT1: Site Hazards | BM1: Consequence of Contamination | BX1: Duty to Manage | CA1: Duty to Notify | CC1: Future Actions | CK1: Knowledge Base - Relevant Documentation | CO1: Oil Filled Equipment | CU1: Historical Parameters - Retained for Information Purposes Only
AI2: Note: Numbers in red reflect sites where controls are not applicable or not known | AN2: Note: Where there is a leak score above 2.9, the maximum of the leak, and bunding rating is adopted (i.e. what is the measure of control if there is a leak). If below 2.9 the leak score is adopted (i.e. there must be a leak for there to be a risk). | BM2: Impact Factor | BO2: Drivers | CR2: Note: Where there is a leak score above 2.9, the maximum of the leak, and bunding rating is adopted (i.e. what is the measure of control if there is a leak). If below 2.9 the leak score is adopted (i.e. there must be a leak for there to be a risk). | ED2: Denotes cost not assigned to item | EE2: Denotes cost pending
Z3: 1 Low - 5 High | AA3: Legacy / Known Issues | AG3: Current Activities | AJ3: 1 Low - 5 High | AK3: 1 Low - 5 High | AL3: 1 Low - 5 High | BM3: 0.8 | BO3: 0.2 | CN3: Note: Numbers in red reflect sites where controls are not applicable or not known
A4: Site Type | B4: Site Name | C4: Site Number | D4: Region | E4: Site Address | F4: Special Parcel Identifier | G4: Latitude | H4: Longitude | I4: Site Owner | J4: Site Occupier | K4: Property Type | L4: Property Status | M4: Last AusNet Site Environmental Assessment Date | N4: Added to Enablon / Sharepoint | O4: AusNet: Date Last Assessed | P4: AusNet: Audit Lead | Q4: Environmental Site Inspection | R4: PSI: Preliminary Site Investigation (or initial consulting reports) | S4: DSI: Detailed Site Investigation | T4: Site Environmental Management Plan | U4: Site Specific Risk Assessment or Audit | V4: EPA Report/Investigation | W4: Relevant Documents: Soft Copy | X4: Relevant Documents: Hard Copy | Y4: Last Enviromental Assessment Date | Z4: Confidence Factor | AA4: Asset Age - oldest asset (years) | AB4: Past Incidents | AC4: Former Land Uses (i.e. on-site landfill & historic filling activities) and existing impacts | AD4: Status of Existing Controls relating to former land uses and existing issues | AE4: Status of existing controls relating to former land uses - Comments | AF4: Infrastructure Risk Classicatiion (GeoEng 2002) - Prior to Upgrade program | AG4: Potential Contaminating Activities (i.e. ASTs, USTs, transformers, generators etc.) Needs correcting for other land uses also | AH4: Potential Contaminating Activities - Comments | AI4: 1) No. Of Transformers or other oil filled equipment | AJ4: 2) Oil Leak Condition | AK4: 3) Bunding Rating | AL4: 3b) Oil/water separator and shut off valve | AM4: Control Score (Max of bunding and oil/water score) | AN4: DB: Oil Filled Equipment Score | AO4: Status of Existing Controls relating to current activities | AP4: EDPR:Oil Filled Equipment Score | AQ4: Comment | AR4: Likelihood of Contamination (Adopt highest) | AS4: PCB Oil (> LOR) | AT4: Mineral and/or hydraulic oil | AU4: Batteries | AV4: Fuel Storage / Generators | AW4: Chemicals (i.e. herbicides, pesticides, solvents etc.) | AX4: SF6 Gas Cylinders | AY4: LPG Gas Assets / Cylinders | AZ4: Stockpiles | BA4: On-site Septic Systems | BB4: UST | BC4: Landfilling | BD4: Asbestos (in soil) | BE4: On-Site Containment | BF4: Default | BG4: Mercury | BH4: NAPL | BI4: HIL/HSL Exceedances | BJ4: Lead Paint | BK4: Deluge Systems | BL4: Firefighting Foams | BM4: Environmental Impacts | BN4: Human Health and Wellbeing | BO4: Surrounding Land Users | BP4: Off-site Drainage Discharge (Y/N) | BQ4: Surrounding Groundwater Users | BR4: Existing GW Users within 500m | BS4: Surrounding Ecosystems (currently from site factor but can be refined based on each location) | BT4: Inherent Consequence of Contamination | BU4: Updated Risk (based on findings from DtM and WQIP programs completed to date) | BV4: Previous Risk Assessment (All factors) MANUAL INPUT Reference Purposes Only | BW4: Column1 | BX4: Management Driver | BY4: Comments | BZ4: Potential Notification Trigger | CA4: Notification Driver | CB4: Potential Stockpile Sampling | CC4: Potential Drainage Assessment | CD4: Recommended Actions | CE4: Upgrades | CF4: Upgrade - Comments | CG4: Rebuild | CH4: Rebuild - Comments | CI4: Further Work Required | CJ4: Site Environmental Management Plan2 | CK4: Soft Copy Documents | CL4: Hard copy documents | CM4: EPA | CN4: 1) No. Of Transformers or other oil filled equipment | CO4: 2) Oil Leak Condition | CP4: 3) Bunding Rating | CQ4: 3b) Oil/water separator and shut off valve | CR4: Site Condition Score | CS4: Site Condition Score (Rounded) LIKELIHOOD | CT4: 4) Current Use of Surrounding Land | CU4: 5) Site Factor and Waterways | CV4: Relative Criticality Score (Average) | CW4: Relative Criticality Score (Rounded) CONSEQUENCE | CX4: LAND CONTAMINATION RISK RATING | CY4: ZSS RATING 2018 | CZ4: Other notes | DA4: Transformer details (Red < 1990) Station Service | DB4: Incidents | DC4: Enablon/IMS Incidents | DD4: Site Activity | DE4: SF6 sources | DF4: Gas cylinders | DG4: Dust | DH4: Spoil Stockpiles | DI4: Noise | DJ4: Visual | DK4: Odours | DL4: Diesel Generators | DM4: Waste | DN4: Weeds | DO4: Batteries | DP4: Chemicals | DQ4: CO2 emissions | DR4: Site information (from 2002) | DS4: Buildings 2002 | DT4: PROJECTS (From Electricity Networks Works Program FY18-FY22) | DU4: Asset Type | DV4: Region | DW4: Assessed by | DX4: Site Environmental Risk Rating | DY4: Condition Assessment (AusNet, Nov 2024) | DZ4: Condition Assessment (AusNet, Nov 2024) | EA4: Remote site? (how to define) - outside of Greater Melbourne or regional centre | EB4: Step 1: Validate Risk Ratings (is risk being driven by lack of information) | EC4: Step 2: Identify the risk drivers that are resulting in the risk ratings (for example, condition of oil filled equipment, presence/ absence/ type of oil filled equipment bunding, type of technology being used) | ED4: Step 3: Possible upgrades/ improvements to remove risk drivers/ reduce risk rating, description | EE4: UST removal, validation, environmental sampling and report. | EF4: Bund cleaning (per site) | EG4: Bund integrity check (per site) | EH4: Transformer/ circuit breaker service, leak repair. Not Calculating. | EI4: Holding tank clean out and liquid disposal (150kL liquid, 10kL sludge) | EJ4: GAC system fit out and annual carbon filter change (1 year). | EK4: Septic tank service | EL4: Replace bunds from brick to concrete | EM4: Decommission and remove holding tank | EN4: Install new/ temporary holding tank | EO4: Install shut off valve. | EP4: Hardstand install (not transformer bund) | EQ4: Drainage reconfiguration | ER4: Puraceptor service | ES4: Containnated Soil | ET4: Holding tank alarm | EU4: Install puraceptor | EV4: Cost (approx, ex GST)
A5: Depot, Office and Warehouse Storage | B5: Alexandra Depot | C5: TBC Alex Depot | E5: 2 Bayley St, Alexandra, Victoria 3714 | F5: 1\LP26252 | G5: -37.191028 | H5: 145.70783 | I5: AusNet Services | J5: Downer | K5: Leased | L5: Active | M5: DOWNER REMOVE | N5: No assessment needed | Q5: N/A | Z5: =IF(OR(U5<>"",T5<>""),5,IF(S5<>"",4,IF(R5<>"",3,IF(Q5="Yes",2,1)))) -> 1 | AG5: 2 | AI5: 1 | AJ5: 1 | AK5: 4 | AL5: 5 | AM5: =MAX(AK5,AL5) -> 5 | AN5: {=IF(OR(AJ5="0",AM5="0"),"",INDEX('[3]Oil Matrix'!$D$6:$H$10,'Master All_TRR_TS'!AM5,'Master All_TRR_TS'!AJ5))} -> 3 | AO5: =CS5 -> 0 | AR5: =MAX(Risk_Assessment6[[#This Row],[2) Oil Leak Condition]:[3b) Oil/water separator and shut off valve]]) -> 5 | AS5: None | BF5: Yes | BM5: {=MAX(IF(ISBLANK(AS5:BL5),"",VLOOKUP(AS5:BL5,'[3]Impact Factor'!B:D,2,FALSE)))} -> 2 | BN5: {=MAX(IF(ISBLANK(AS5:BL5),"",VLOOKUP(AS5:BL5,'[3]Impact Factor'!B:D,3,FALSE)))} -> 2 | BT5: {=IF(SUM(BM5:BS5)=0,"N/A",_xlfn.IFS(AND((SUM(BM5:BN5)>0),(SUM(BO5:BS5)>0)),ROUND((($BM$3*MAX(BM5:BN5))+($BO$3*MAX(BO5:BS5))),0),AND(OR(BM5:BN5=0,ISERROR(BM5:BN5)),(SUM(BO5:BS5)>0)), MAX(BO5:BS5),AND((SUM(BO5:BS5)=0),(SUM(BM5:BN5)>0)),MAX(BM5:BN5)))} -> 2 | BU5: {=IF(OR(AR5="N/A", BT5="N/A"), "", INDEX([3]Methodology!$D$3:$H$7,'Master All_TRR_TS'!AR45,'Master All_TRR_TS'!BT45))} -> C | BV5: D | BW5: =IF(AND(AR5>2,BT5>2),"Yes", "No") -> No | BZ5: =IF(COUNT(AR5,BT5)=2,(IF(AND(AR5>=3,#REF!>=3),"Y","")),"") -> #REF! | CB5: =IF(Risk_Assessment6[[#This Row],[Stockpiles]]="Spoil / Waste", "Y", "") | CC5: =IF(Risk_Assessment6[[#This Row],[Off-site Drainage Discharge (Y/N)]]="Yes", "Y", "") | CN5: 0 | CO5: 0 | CP5: 0 | CQ5: 0 | CS5: =ROUND(CR5,0) -> 0 | CT5: 0 | CU5: 0 | CV5: =AVERAGE(CT5:CU5) -> 0 | CW5: =ROUND(CV5,0) -> 0 | CX5: 1 Rare: E | CY5: N/A | CZ5: Site located on farmland. Shared site AST/APA. Cattle onsite around compound. | DA5: N/A | DB5: No | DD5: City Gate | DE5: No | DF5: Yes | DG5: No | DH5: No | DI5: No | DJ5: No | DK5: No | DL5: No | DM5: No | DN5: No | DO5: Yes | DP5: No | DQ5: Yes | DU5: N/A | DV5: West | DW5: TBC | DX5: TBC
A6: City Gate | B6: Allansford City Gate | C6: ALLA | E6: Government Rd, Allansford, Victoria 3277 | F6: None | G6: -38.385468 | H6: 142.59085 | I6: TBC | J6: TBC | K6: FREEHOLD | L6: ACTIVE | M6: Done | N6: Yes / Yes | O6: 44151 | P6: Tony W. | Q6: Yes | Z6: =IF(OR(U6<>"",T6<>""),5,IF(S6<>"",4,IF(R6<>"",3,IF(Q6="Yes",2,1)))) -> 2 | AG6: 2 | AI6: 1 | AJ6: 1 | AK6: 4 | AL6: 5 | AM6: =MAX(AK6,AL6) -> 5 | AN6: {=IF(OR(AJ6="0",AM6="0"),"",INDEX('[3]Oil Matrix'!$D$6:$H$10,'Master All_TRR_TS'!AM6,'Master All_TRR_TS'!AJ6))} -> 3 | AO6: =CS6 -> 1 | AQ6: Routine inspections and reporting | AR6: =MAX(Risk_Assessment6[[#This Row],[2) Oil Leak Condition]:[3b) Oil/water separator and shut off valve]]) -> 5 | AS6: None | AT6: None | AU6: Yes | AV6: None | AW6: None | AX6: Yes - Small Volume | AY6: None | AZ6: None | BF6: No | BM6: {=MAX(IF(ISBLANK(AS6:BL6),"",VLOOKUP(AS6:BL6,'[3]Impact Factor'!B:D,2,FALSE)))} -> 2 | BN6: {=MAX(IF(ISBLANK(AS6:BL6),"",VLOOKUP(AS6:BL6,'[3]Impact Factor'!B:D,3,FALSE)))} -> 2 | BT6: {=IF(SUM(BM6:BS6)=0,"N/A",_xlfn.IFS(AND((SUM(BM6:BN6)>0),(SUM(BO6:BS6)>0)),ROUND((($BM$3*MAX(BM6:BN6))+($BO$3*MAX(BO6:BS6))),0),AND(OR(BM6:BN6=0,ISERROR(BM6:BN6)),(SUM(BO6:BS6)>0)), MAX(BO6:BS6),AND((SUM(BO6:BS6)=0),(SUM(BM6:BN6)>0)),MAX(BM6:BN6)))} -> 2 | BU6: {=IF(OR(AR6="N/A", BT6="N/A"), "", INDEX([3]Methodology!$D$3:$H$7,'Master All_TRR_TS'!AR75,'Master All_TRR_TS'!BT75))} -> C | BV6: D | BW6: =IF(AND(AR6>2,BT6>2),"Yes", "No") -> No | BZ6: =IF(COUNT(AR6,BT6)=2,(IF(AND(AR6>=3,#REF!>=3),"Y","")),"") -> #REF! | CB6: =IF(Risk_Assessment6[[#This Row],[Stockpiles]]="Spoil / Waste", "Y", "") | CC6: =IF(Risk_Assessment6[[#This Row],[Off-site Drainage Discharge (Y/N)]]="Yes", "Y", "") | CN6: 1 | CO6: 1 | CP6: 1 | CQ6: 1 | CR6: =IF(CO6>2.9,MAX(CO6,CP6),CO6) -> 1 | CS6: =ROUND(CR6,0) -> 1 | CT6: 3 | CU6: 1 | CV6: =AVERAGE(CT6:CU6) -> 2 | CW6: =ROUND(CV6,0) -> 2 | CX6: 2 Rare: E | CY6: N/A | CZ6: Shared site AST/APA | DA6: N/A | DB6: No | DD6: City Gate | DE6: No | DF6: No | DG6: No | DH6: No | DI6: No | DJ6: No | DK6: No | DL6: No | DM6: No | DN6: No | DO6: Yes | DP6: No | DQ6: Yes | DU6: N/A | DV6: West | DW6: TBC | DX6: TBC
A7: Terminal Station | B7: Altona TS (ATS) | C7: TS-ATSX | D7: Central | E7: 130 Cherry Lane, Laverton North, Victoria, 3026 | F7: 1\TP758680 | G7: -37.839576 | H7: 144.78964 | I7: TBC | J7: TBC | K7: Freehold | L7: Active | M7: 44001 | N7: Yes / Yes | O7: 44001 | P7: A Ryan | Q7: Yes | R7: Yes | T7: AusNet, Transmission Sites, Portfolio EMP | X7: SKM - Groundwater Assessment (2001). GeoEng - Environmental Risk Audit for Bunding and Stormwater System Compliance (2002). GHD - Environmental Inspections, Maintenance and Tests (2003) | Z7: =IF(OR(U7<>"",T7<>""),5,IF(S7<>"",4,IF(R7<>"",3,IF(Q7="Yes",2,1)))) -> 5 | AA7: 13 | AC7: 3 | AE7: Richmond material transported to site. Also stockpiles on northern boundary of site - contamination status unknown. | AF7: Medium Risk | AG7: 5 | AI7: 1 | AJ7: 1 | AK7: 1 | AL7: 1 | AM7: =MAX(AK7,AL7) -> 1 | AN7: {=IF(OR(AJ7="0",AM7="0"),"",INDEX('[3]Oil Matrix'!$D$6:$H$10,'Master All_TRR_TS'!AM7,'Master All_TRR_TS'!AJ7))} -> 1 | AO7: =CS7 -> 1 | AQ7: Fully compliant sealed bund with puraceptor oil/water separator + shut off valve | AR7: =MAX(Risk_Assessment6[[#This Row],[2) Oil Leak Condition]:[3b) Oil/water separator and shut off valve]]) -> 1 | AS7: <10 kg or <50 mg/kg | AT7: Large | AU7: Yes | AV7: None | AW7: Default Chemicals | AX7: Yes - Small Volume | AY7: Yes - LPG | AZ7: Spoil / Waste | BA7: Yes - Septic | BF7: No | BM7: {=MAX(IF(ISBLANK(AS7:BL7),"",VLOOKUP(AS7:BL7,'[3]Impact Factor'!B:D,2,FALSE)))} -> 4 | BN7: {=MAX(IF(ISBLANK(AS7:BL7),"",VLOOKUP(AS7:BL7,'[3]Impact Factor'!B:D,3,FALSE)))} -> 4 | BO7: 4 | BP7: Yes | BQ7: 4 | BR7: No | BS7: 2 | BT7: {=IF(SUM(BM7:BS7)=0,"N/A",_xlfn.IFS(AND((SUM(BM7:BN7)>0),(SUM(BO7:BS7)>0)),ROUND((($BM$3*MAX(BM7:BN7))+($BO$3*MAX(BO7:BS7))),0),AND(OR(BM7:BN7=0,ISERROR(BM7:BN7)),(SUM(BO7:BS7)>0)), MAX(BO7:BS7),AND((SUM(BO7:BS7)=0),(SUM(BM7:BN7)>0)),MAX(BM7:BN7)))} -> 4 | BU7: {=IF(OR(AR7="N/A", BT7="N/A"), "", INDEX([3]Methodology!$D$3:$H$7,'Master All_TRR_TS'!AR11,'Master All_TRR_TS'!BT11))} -> C | BV7: D | BW7: =IF(AND(AR7>2,BT7>2),"Yes", "No") -> No | BX7: Potential contaminating activities. | BZ7: =IF(COUNT(AR7,BT7)=2,(IF(AND(AR7>=3,#REF!>=3),"Y","")),"") -> #REF! | CA7: Operational areas are sealed and stockpiles comprise clean fill imported from Richmond. Therefore no Duty to Notify. | CB7: =IF(Risk_Assessment6[[#This Row],[Stockpiles]]="Spoil / Waste", "Y", "") -> Y | CC7: =IF(Risk_Assessment6[[#This Row],[Off-site Drainage Discharge (Y/N)]]="Yes", "Y", "") -> Y | CD7: PSI with limited soil sampling program. GME from existing wells. | CJ7: AusNet, Transmission Sites, Portfolio EMP | CL7: SKM - Groundwater Assessment (2001). GeoEng - Environmental Risk Audit for Bunding and Stormwater System Compliance (2002). GHD - Environmental Inspections, Maintenance and Tests (2003) | CN7: 1 | CO7: 1 | CP7: 1 | CQ7: 1 | CR7: =IF(CO7>2.9,MAX(CO7,CP7),CO7) -> 1 | CS7: =ROUND(CR7,0) -> 1 | CT7: 3 | CU7: 1 | CV7: =AVERAGE(CT7:CU7) -> 2 | CW7: =ROUND(CV7,0) -> 2 | CX7: 2 Rare: E | CY7: N/A | CZ7: Shared site AST/APA | DA7: N/A | DB7: No | DD7: City Gate | DE7: No | DF7: No | DG7: No | DH7: No | DI7: No | DJ7: No | DK7: No | DL7: No | DM7: No | DN7: No | DO7: Yes | DP7: No | DQ7: Yes | DU7: N/A | DV7: West | DW7: TBC | DX7: TBC | DY7: C2 | DZ7: Enviro - one above ground stormwater isolation valve in place | EA7: N | EB7: Confidence 5/5. Soil classification works completed in 2022 and 2023. | EC7: Risk driven by current chemicals and storage of materials on site (results in a higher consequence of contamination). Bund is fully compliant and sealed. Consequence of contamination is high - mainly driven by proximity to environmental receptors. | ED7: 1. Site inspection to confirm bund and leak status, storage of chemicals and other potential environmental hazards. | EV7: C-I-C
A8: City Gate | B8: Ararat City Gate | C8: ARAR | E8: 5818 Pyrenees Hwy, Ararat VIC 3377 | F8: None | G8: -37.260078 | H8: 142.96614 | I8: TBC | J8: TBC | K8: TBC | L8: TBC | M8: Uploaded 14/03 | N8: Yes / Yes | O8: 44252 | P8: Tony W. | Q8: Yes | Z8: =IF(OR(U8<>"",T8<>""),5,IF(S8<>"",4,IF(R8<>"",3,IF(Q8="Yes",2,1)))) -> 2 | AG8: 2 | AI8: 1 | AJ8: 1 | AK8: 4 | AL8: 5 | AM8: =MAX(AK8,AL8) -> 5 | AN8: {=IF(OR(AJ8="0",AM8="0"),"",INDEX('[3]Oil Matrix'!$D$6:$H$10,'Master All_TRR_TS'!AM8,'Master All_TRR_TS'!AJ8))} -> 3 | AO8: =CS8 -> 1 | AQ8: Routine inspections and reporting | AR8: =MAX(Risk_Assessment6[[#This Row],[2) Oil Leak Condition]:[3b) Oil/water separator and shut off valve]]) -> 5 | AS8: None | AT8: None | AU8: Yes | AV8: None | AW8: None | AX8: None | AY8: None | AZ8: None | BA8: None | BF8: No | BM8: {=MAX(IF(ISBLANK(AS8:BL8),"",VLOOKUP(AS8:BL8,'[3]Impact Factor'!B:D,2,FALSE)))} -> 2 | BN8: {=MAX(IF(ISBLANK(AS8:BL8),"",VLOOKUP(AS8:BL8,'[3]Impact Factor'!B:D,3,FALSE)))} -> 2 | BO8: 3 | BS8: 1 | BT8: {=IF(SUM(BM8:BS8)=0,"N/A",_xlfn.IFS(AND((SUM(BM8:BN8)>0),(SUM(BO8:BS8)>0)),ROUND((($BM$3*MAX(BM8:BN8))+($BO$3*MAX(BO8:BS8))),0),AND(OR(BM8:BN8=0,ISERROR(BM8:BN8)),(SUM(BO8:BS8)>0)), MAX(BO8:BS8),AND((SUM(BO8:BS8)=0),(SUM(BM8:BN8)>0)),MAX(BM8:BN8)))} -> 2 | BU8: {=IF(OR(AR8="N/A", BT8="N/A"), "", INDEX([3]Methodology!$D$3:$H$7,'Master All_TRR_TS'!AR221,'Master All_TRR_TS'!BT221))} -> C | BV8: D | BW8: =IF(AND(AR8>2,BT8>2),"Yes", "No") -> No | BZ8: =IF(COUNT(AR8,BT8)=2,(IF(AND(AR8>=3,#REF!>=3),"Y","")),"") -> #REF! | CB8: =IF(Risk_Assessment6[[#This Row],[Stockpiles]]="Spoil / Waste", "Y", "") | CC8: =IF(Risk_Assessment6[[#This Row],[Off-site Drainage Discharge (Y/N)]]="Yes", "Y", "") | CN8: 1 | CO8: 1 | CP8: 1 | CQ8: 1 | CR8: =IF(CO8>2.9,MAX(CO8,CP8),CO8) -> 1 | CS8: =ROUND(CR8,0) -> 1 | CT8: 3 | CU8: 2 | CV8: =AVERAGE(CT8:CU8) -> 2.5 | CW8: =ROUND(CV8,0) -> 3 | CX8: 3 Rare: D | CY8: N/A | CZ8: Spoon drain crossing front of compound on roadway. Shared compound AST/APA | DA8: N/A | DB8: No | DD8: City Gate | DE8: No | DF8: No | DG8: No | DH8: No | DI8: No | DJ8: No | DK8: No | DL8: No | DM8: No | DN8: No | DO8: Yes | DP8: No | DQ8: Yes | DU8: N/A | DV8: West | DW8: TBC | DX8: TBC | EV8: C-I-C
A9: Ex Gas Works Site | B9: Ararat Former Gas Works Site | C9: TBC - Ararat | E9: 26-28 Grano Street, Ararat, Victoria, 3377 | F9: 2~55\PP5017 & 3~55\PP5017 | G9: -37.280103 | H9: 142.94688 | I9: AusNet Services | M9: Documentation to Dan/Will. Not in Sharepoint list | N9: assessment complete - to do | Q9: Yes | T9: AusNet - Ararat Site Management Plan (SMP) | U9: Yes | V9: Pollution Abatement Notice / Clean Up Notice and associated correspondence (2006) | W9: Coffey - Environmental Audit Report: Former Ararat Gasworks (2012) | Z9: =IF(OR(U9<>"",T9<>""),5,IF(S9<>"",4,IF(R9<>"",3,IF(Q9="Yes",2,1)))) -> 5 | AC9: 5 | AD9: 2 | AE9: CUTEP Complete | AG9: 1 | AI9: 1 | AJ9: 1 | AK9: 4 | AL9: 5 | AM9: =MAX(AK9,AL9) -> 5 | AN9: {=IF(OR(AJ9="0",AM9="0"),"",INDEX('[3]Oil Matrix'!$D$6:$H$10,'Master All_TRR_TS'!AM9,'Master All_TRR_TS'!AJ9))} -> 3 | AO9: =CS9 -> 1 | AR9: =MAX(Risk_Assessment6[[#This Row],[2) Oil Leak Condition]:[3b) Oil/water separator and shut off valve]]) -> 5 | AS9: None | AT9: Oil Default | BF9: No | BM9: {=MAX(IF(ISBLANK(AS9:BL9),"",VLOOKUP(AS9:BL9,'[3]Impact Factor'!B:D,2,FALSE)))} -> 3 | BN9: {=MAX(IF(ISBLANK(AS9:BL9),"",VLOOKUP(AS9:BL9,'[3]Impact Factor'!B:D,3,FALSE)))} -> 2 | BT9: {=IF(SUM(BM9:BS9)=0,"N/A",_xlfn.IFS(AND((SUM(BM9:BN9)>0),(SUM(BO9:BS9)>0)),ROUND((($BM$3*MAX(BM9:BN9))+($BO$3*MAX(BO9:BS9))),0),AND(OR(BM9:BN9=0,ISERROR(BM9:BN9)),(SUM(BO9:BS9)>0)), MAX(BO9:BS9),AND((SUM(BO9:BS9)=0),(SUM(BM9:BN9)>0)),MAX(BM9:BN9)))} -> 3 | BU9: {=IF(OR(AR9="N/A", BT9="N/A"), "", INDEX([3]Methodology!$D$3:$H$7,'Master All_TRR_TS'!AR125,'Master All_TRR_TS'!BT125))} -> C | BV9: D | BW9: =IF(AND(AR9>2,BT9>2),"Yes", "No") -> Yes | BZ9: =IF(COUNT(AR9,BT9)=2,(IF(AND(AR9>=3,#REF!>=3),"Y","")),"") -> #REF! | CB9: =IF(Risk_Assessment6[[#This Row],[Stockpiles]]="Spoil / Waste", "Y", "") | CC9: =IF(Risk_Assessment6[[#This Row],[Off-site Drainage Discharge (Y/N)]]="Yes", "Y", "") | CJ9: AusNet - Ararat Site Management Plan (SMP) | CK9: Coffey - Environmental Audit Report: Former Ararat Gasworks (2012) | CM9: Pollution Abatement Notice / Clean Up Notice and associated correspondence (2006) | CN9: 1 | CO9: 1 | CP9: 2 | CQ9: 3 | CR9: =IF(CO9>2.9,MAX(CO9,CP9),CO9) -> 1 | CS9: =ROUND(CR9,0) -> 1 | CT9: 2 | CU9: 4 | CV9: =AVERAGE(CT9:CU9) -> 3 | CW9: =ROUND(CV9,0) -> 3 | CX9: 3 Rare: D | CY9: N/A | CZ9: Shared site AST/APA | DA9: N/A | DB9: No | DD9: City Gate | DE9: No | DF9: No | DG9: No | DH9: No | DI9: No | DJ9: No | DK9: No | DL9: No | DM9: No | DN9: No | DO9: Yes | DP9: No | DQ9: Yes | DU9: N/A | DV9: West | DW9: TBC | DX9: TBC | EV9: C-I-C
A10: Comms Site | B10: Arthurs Seat Comms Site (ASET) | C10: TC-ASETXXXX | E10: 27 Steane Ave, Dromana, Victoria 3926 | F10: 27\LP13438 | G10: -38.35425 | H10: 144.95086 | I10: TBC | J10: TBC | K10: Freehold | L10: Active | M10: Done | N10: Yes / Yes | O10: 43992 | P10: A Ryan | Q10: Yes | Z10: =IF(OR(U10<>"",T10<>""),5,IF(S10<>"",4,IF(R10<>"",3,IF(Q10="Yes",2,1)))) -> 2 | AG10: 2 | AJ10: 3 | AK10: 4 | AL10: 5 | AM10: =MAX(AK10,AL10) -> 5 | AN10: {=IF(OR(AJ10="0",AM10="0"),"",INDEX('[3]Oil Matrix'!$D$6:$H$10,'Master All_TRR_TS'!AM10,'Master All_TRR_TS'!AJ10))} -> 4 | AO10: =CS10 -> 5 | AQ10: 6 or 12 monthly inspection program | AR10: =MAX(Risk_Assessment6[[#This Row],[2) Oil Leak Condition]:[3b) Oil/water separator and shut off valve]]) -> 5 | AS10: None | AT10: None | AU10: Yes | AV10: None | AW10: None | AX10: None | AY10: None | AZ10: None | BF10: No | BM10: {=MAX(IF(ISBLANK(AS10:BL10),"",VLOOKUP(AS10:BL10,'[3]Impact Factor'!B:D,2,FALSE)))} -> 2 | BN10: {=MAX(IF(ISBLANK(AS10:BL10),"",VLOOKUP(AS10:BL10,'[3]Impact Factor'!B:D,3,FALSE)))} -> 2 | BO10: 5 | BS10: 4 | BT10: {=IF(SUM(BM10:BS10)=0,"N/A",_xlfn.IFS(AND((SUM(BM10:BN10)>0),(SUM(BO10:BS10)>0)),ROUND((($BM$3*MAX(BM10:BN10))+($BO$3*MAX(BO10:BS10))),0),AND(OR(BM10:BN10=0,ISERROR(BM10:BN10)),(SUM(BO10:BS10)>0)), MAX(BO10:BS10),AND((SUM(BO10:BS10)=0),(SUM(BM10:BN10)>0)),MAX(BM10:BN10)))} -> 3 | BU10: {=IF(OR(AR10="N/A", BT10="N/A"), "", INDEX([3]Methodology!$D$3:$H$7,'Master All_TRR_TS'!AR203,'Master All_TRR_TS'!BT203))} -> C | BV10: D | BW10: =IF(AND(AR10>2,BT10>2),"Yes", "No") -> Yes | BZ10: =IF(COUNT(AR10,BT10)=2,(IF(AND(AR10>=3,#REF!>=3),"Y","")),"") -> #REF! | CB10: =IF(Risk_Assessment6[[#This Row],[Stockpiles]]="Spoil / Waste", "Y", "") | CC10: =IF(Risk_Assessment6[[#This Row],[Off-site Drainage Discharge (Y/N)]]="Yes", "Y", "") | CN10: 2 | CO10: 5 | CP10: 1 | CQ10: 3 | CR10: =IF(CO10>2.9,MAX(CO10,CP10),CO10) -> 5 | CS10: =ROUND(CR10,0) -> 5 | CT10: 3 | CU10: 1 | CV10: =AVERAGE(CT10:CU10) -> 2 | CW10: =ROUND(CV10,0) -> 2 | CX10: 2 Rare: E | CY10: N/A | CZ10: Shared site AST/APA | DA10: N/A | DB10: No | DD10: City Gate | DE10: No | DF10: No | DG10: No | DH10: No | DI10: No | DJ10: No | DK10: No | DL10: No | DM10: No | DN10: No | DO10: Yes | DP10: No | DQ10: Yes | DU10: N/A | DV10: West | DW10: TBC | DX10: TBC | EV10: C-I-C
A11: Depot, Office and Warehouse Storage | B11: Auburn Laboratory and Office | C11: TBC Auburn Depot | E11: 28 Raglan Road, Auburn NSW 2144 | F11: None | G11: -33.873869 | H11: 151.02164 | I11: TBC | J11: TBC | K11: Leased | L11: Active | M11: Interstate | N11: No assessment needed | Q11: N/A | Z11: =IF(OR(U11<>"",T11<>""),5,IF(S11<>"",4,IF(R11<>"",3,IF(Q11="Yes",2,1)))) -> 1 | AG11: 2 | AJ11: 1 | AK11: 4 | AL11: 5 | AM11: =MAX(AK11,AL11) -> 5 | AN11: {=IF(OR(AJ11="0",AM11="0"),"",INDEX('[3]Oil Matrix'!$D$6:$H$10,'Master All_TRR_TS'!AM11,'Master All_TRR_TS'!AJ11))} -> 3 | AO11: =CS11 -> 1 | AR11: =MAX(Risk_Assessment6[[#This Row],[2) Oil Leak Condition]:[3b) Oil/water separator and shut off valve]]) -> 5 | AS11: None | BF11: Yes | BM11: {=MAX(IF(ISBLANK(AS11:BL11),"",VLOOKUP(AS11:BL11,'[3]Impact Factor'!B:D,2,FALSE)))} -> 2 | BN11: {=MAX(IF(ISBLANK(AS11:BL11),"",VLOOKUP(AS11:BL11,'[3]Impact Factor'!B:D,3,FALSE)))} -> 2 | BT11: {=IF(SUM(BM11:BS11)=0,"N/A",_xlfn.IFS(AND((SUM(BM11:BN11)>0),(SUM(BO11:BS11)>0)),ROUND((($BM$3*MAX(BM11:BN11))+($BO$3*MAX(BO11:BS11))),0),AND(OR(BM11:BN11=0,ISERROR(BM11:BN11)),(SUM(BO11:BS11)>0)), MAX(BO11:BS11),AND((SUM(BO11:BS11)=0),(SUM(BM11:BN11)>0)),MAX(BM11:BN11)))} -> 2 | BU11: {=IF(OR(AR11="N/A", BT11="N/A"), "", INDEX([3]Methodology!$D$3:$H$7,'Master All_TRR_TS'!AR53,'Master All_TRR_TS'!BT53))} -> C | BV11: D | BW11: =IF(AND(AR11>2,BT11>2),"Yes", "No") -> No | BZ11: =IF(COUNT(AR11,BT11)=2,(IF(AND(AR11>=3,#REF!>=3),"Y","")),"") -> #REF! | CB11: =IF(Risk_Assessment6[[#This Row],[Stockpiles]]="Spoil / Waste", "Y", "") | CC11: =IF(Risk_Assessment6[[#This Row],[Off-site Drainage Discharge (Y/N)]]="Yes", "Y", "") | CN11: 1 | CO11: 1 | CP11: 5 | CQ11: 1 | CR11: =IF(CO11>2.9,MAX(CO11,CP11),CO11) -> 1 | CS11: =ROUND(CR11,0) -> 1 | CT11: 2 | CU11: 4 | CV11: =AVERAGE(CT11:CU11) -> 3 | CW11: =ROUND(CV11,0) -> 3 | CX11: 3 Rare: D | CY11: N/A | CZ11: Shared site AST/APA | DA11: N/A | DB11: No | DD11: City Gate | DE11: No | DF11: Yes | DG11: No | DH11: No | DI11: No | DJ11: No | DK11: No | DL11: No | DM11: No | DN11: No | DO11: Yes | DP11: No | DQ11: Yes | DU11: N/A | DV11: West | DW11: TBC | DX11: TBC | EV11: C-I-C
A12: City Gate | B12: Avalon City Gate | C12: AVAL | E12: Beach Rd, Avalon VIC 3212 | F12: None | G12: -38.0173 | H12: 144.47585 | I12: TBC | J12: TBC | K12: Licensed | L12: Active | M12: Done | N12: Yes / Yes | O12: 44151 | P12: Tony W. | Q12: Yes | Z12: =IF(OR(U12<>"",T12<>""),5,IF(S12<>"",4,IF(R12<>"",3,IF(Q12="Yes",2,1)))) -> 2 | AG12: 2 | AI12: Check | AJ12: 4 | AK12: 4 | AL12: 5 | AM12: =MAX(AK12,AL12) -> 5 | AN12: {=IF(OR(AJ12="0",AM12="0"),"",INDEX('[3]Oil Matrix'!$D$6:$H$10,'Master All_TRR_TS'!AM12,'Master All_TRR_TS'!AJ12))} -> 5 | AO12: =CS12 -> 1 | AQ12: Routine inspections and reporting | AR12: =MAX(Risk_Assessment6[[#This Row],[2) Oil Leak Condition]:[3b) Oil/water separator and shut off valve]]) -> 5 | AS12: None | AT12: None | AU12: Yes | AV12: None | AW12: None | AX12: None | AY12: None | AZ12: None | BF12: No | BM12: {=MAX(IF(ISBLANK(AS12:BL12),"",VLOOKUP(AS12:BL12,'[3]Impact Factor'!B:D,2,FALSE)))} -> 2 | BN12: {=MAX(IF(ISBLANK(AS12:BL12),"",VLOOKUP(AS12:BL12,'[3]Impact Factor'!B:D,3,FALSE)))} -> 2 | BO12: 3 | BS12: 1 | BT12: {=IF(SUM(BM12:BS12)=0,"N/A",_xlfn.IFS(AND((SUM(BM12:BN12)>0),(SUM(BO12:BS12)>0)),ROUND((($BM$3*MAX(BM12:BN12))+($BO$3*MAX(BO12:BS12))),0),AND(OR(BM12:BN12=0,ISERROR(BM12:BN12)),(SUM(BO12:BS12)>0)), MAX(BO12:BS12),AND((SUM(BO12:BS12)=0),(SUM(BM12:BN12)>0)),MAX(BM12:BN12)))} -> 2 | BU12: {=IF(OR(AR12="N/A", BT12="N/A"), "", INDEX([3]Methodology!$D$3:$H$7,'Master All_TRR_TS'!AR193,'Master All_TRR_TS'!BT193))} -> A | BV12: E | BW12: =IF(AND(AR12>2,BT12>2),"Yes", "No") -> No | BZ12: =IF(COUNT(AR12,BT12)=2,(IF(AND(AR12>=3,#REF!>=3),"Y","")),"") -> #REF! | CB12: =IF(Risk_Assessment6[[#This Row],[Stockpiles]]="Spoil / Waste", "Y", "") | CC12: =IF(Risk_Assessment6[[#This Row],[Off-site Drainage Discharge (Y/N)]]="Yes", "Y", "") | CN12: 1 | CO12: 1 | CP12: 2 | CQ12: 3 | CR12: =IF(CO12>2.9,MAX(CO12,CP12),CO12) -> 1 | CS12: =ROUND(CR12,0) -> 1 | CT12: 4 | CU12: 1 | CV12: =AVERAGE(CT12:CU12) -> 2.5 | CW12: =ROUND(CV12,0) -> 3 | CX12: 3 Rare: D | CY12: N/A | CZ12: Shared site AST/APA | DA12: N/A | DB12: No | DD12: City Gate | DE12: No | DF12: No | DG12: No | DH12: No | DI12: No | DJ12: No | DK12: No | DL12: No | DM12: No | DN12: No | DO12: Yes | DP12: No | DQ12: Yes | DU12: N/A | DV12: West | DW12: TBC | DX12: TBC | EV12: C-I-C
A13: City Gate | B13: Avoca City Gate | C13: AVOC | E13: Greenhill Ct Bulleen VIC 3105 | F13: None | G13: -37.768507 | H13: 145.0879 | I13: TBC | J13: TBC | K13: TBC | L13: TBC | M13: Complete | N13: Yes / Yes | O13: 44314 | P13: Tony W. | Q13: Yes | Z13: =IF(OR(U13<>"",T13<>""),5,IF(S13<>"",4,IF(R13<>"",3,IF(Q13="Yes",2,1)))) -> 2 | AG13: 2 | AI13: Check | AJ13: 3 | AK13: 4 | AL13: 5 | AM13: =MAX(AK13,AL13) -> 5 | AN13: {=IF(OR(AJ13="0",AM13="0"),"",INDEX('[3]Oil Matrix'!$D$6:$H$10,'Master All_TRR_TS'!AM13,'Master All_TRR_TS'!AJ13))} -> 4 | AO13: =CS13 -> 1 | AQ13: Routine inspections and reporting | AR13: =MAX(Risk_Assessment6[[#This Row],[2) Oil Leak Condition]:[3b) Oil/water separator and shut off valve]]) -> 5 | AS13: None | AT13: None | AU13: Yes | AV13: None | AW13: None | AX13: None | AY13: None | AZ13: None | BA13: None | BF13: No | BM13: {=MAX(IF(ISBLANK(AS13:BL13),"",VLOOKUP(AS13:BL13,'[3]Impact Factor'!B:D,2,FALSE)))} -> 2 | BN13: {=MAX(IF(ISBLANK(AS13:BL13),"",VLOOKUP(AS13:BL13,'[3]Impact Factor'!B:D,3,FALSE)))} -> 2 | BT13: {=IF(SUM(BM13:BS13)=0,"N/A",_xlfn.IFS(AND((SUM(BM13:BN13)>0),(SUM(BO13:BS13)>0)),ROUND((($BM$3*MAX(BM13:BN13))+($BO$3*MAX(BO13:BS13))),0),AND(OR(BM13:BN13=0,ISERROR(BM13:BN13)),(SUM(BO13:BS13)>0)), MAX(BO13:BS13),AND((SUM(BO13:BS13)=0),(SUM(BM13:BN13)>0)),MAX(BM13:BN13)))} -> 2 | BU13: {=IF(OR(AR13="N/A", BT13="N/A"), "", INDEX([3]Methodology!$D$3:$H$7,'Master All_TRR_TS'!AR207,'Master All_TRR_TS'!BT207))} -> D | BV13: E | BW13: =IF(AND(AR13>2,BT13>2),"Yes", "No") -> No | BZ13: =IF(COUNT(AR13,BT13)=2,(IF(AND(AR13>=3,#REF!>=3),"Y","")),"") -> #REF! | CB13: =IF(Risk_Assessment6[[#This Row],[Stockpiles]]="Spoil / Waste", "Y", "") | CC13: =IF(Risk_Assessment6[[#This Row],[Off-site Drainage Discharge (Y/N)]]="Yes", "Y", "") | CN13: 1 | CO13: 1 | CP13: 1 | CQ13: 1 | CR13: =IF(CO13>2.9,MAX(CO13,CP13),CO13) -> 1 | CS13: =ROUND(CR13,0) -> 1 | CT13: 4 | CU13: 1 | CV13: =AVERAGE(CT13:CU13) -> 2.5 | CW13: =ROUND(CV13,0) -> 3 | CX13: 3 Rare: D | CY13: N/A | CZ13: Shared site AST/APA | DA13: N/A | DB13: No | DD13: City Gate | DE13: No | DF13: No | DG13: No | DH13: No | DI13: No | DJ13: No | DK13: No | DL13: No | DM13: No | DN13: No | DO13: Yes | DP13: No | DQ13: Yes | DU13: N/A | DV13: West | DW13: TBC | DX13: TBC | EV13: C-I-C
A14: City Gate | B14: Bacchus Marsh City Gate | C14: BACC | E14: Rowsley Station Road, Bacchus Marsh, Victoria, 3340 | F14: None | G14: -37.71188 | H14: 144.42628 | I14: TBC | J14: TBC | K14: FREEHOLD | L14: ACTIVE | M14: Done | N14: Yes / Yes | O14: 44153 | P14: Tony W. | Q14: Yes | Z14: =IF(OR(U14<>"",T14<>""),5,IF(S14<>"",4,IF(R14<>"",3,IF(Q14="Yes",2,1)))) -> 2 | AG14: 2 | AI14: 3 | AJ14: 5 | AK14: 4 | AL14: 5 | AM14: =MAX(AK14,AL14) -> 5 | AN14: {=IF(OR(AJ14="0",AM14="0"),"",INDEX('[3]Oil Matrix'!$D$6:$H$10,'Master All_TRR_TS'!AM14,'Master All_TRR_TS'!AJ14))} -> 5 | AO14: =CS14 -> 1 | AQ14: Routine inspections and reporting | AR14: =MAX(Risk_Assessment6[[#This Row],[2) Oil Leak Condition]:[3b) Oil/water separator and shut off valve]]) -> 5 | AS14: None | AT14: None | AU14: Yes | AV14: None | AW14: None | AX14: None | AY14: None | AZ14: None | BF14: No | BM14: {=MAX(IF(ISBLANK(AS14:BL14),"",VLOOKUP(AS14:BL14,'[3]Impact Factor'!B:D,2,FALSE)))} -> 2 | BN14: {=MAX(IF(ISBLANK(AS14:BL14),"",VLOOKUP(AS14:BL14,'[3]Impact Factor'!B:D,3,FALSE)))} -> 2 | BO14: 3 | BS14: 1 | BT14: {=IF(SUM(BM14:BS14)=0,"N/A",_xlfn.IFS(AND((SUM(BM14:BN14)>0),(SUM(BO14:BS14)>0)),ROUND((($BM$3*MAX(BM14:BN14))+($BO$3*MAX(BO14:BS14))),0),AND(OR(BM14:BN14=0,ISERROR(BM14:BN14)),(SUM(BO14:BS14)>0)), MAX(BO14:BS14),AND((SUM(BO14:BS14)=0),(SUM(BM14:BN14)>0)),MAX(BM14:BN14)))} -> 2 | BU14: {=IF(OR(AR14="N/A", BT14="N/A"), "", INDEX([3]Methodology!$D$3:$H$7,'Master All_TRR_TS'!AR194,'Master All_TRR_TS'!BT194))} -> C | BV14: E | BW14: =IF(AND(AR14>2,BT14>2),"Yes", "No") -> No | BZ14: =IF(COUNT(AR14,BT14)=2,(IF(AND(AR14>=3,#REF!>=3),"Y","")),"") -> #REF! | CB14: =IF(Risk_Assessment6[[#This Row],[Stockpiles]]="Spoil / Waste", "Y", "") | CC14: =IF(Risk_Assessment6[[#This Row],[Off-site Drainage Discharge (Y/N)]]="Yes", "Y", "") | CN14: 1 | CO14: 1 | CP14: 2 | CQ14: 1 | CR14: =IF(CO14>2.9,MAX(CO14,CP14),CO14) -> 1 | CS14: =ROUND(CR14,0) -> 1 | CT14: 3 | CU14: 1 | CV14: =AVERAGE(CT14:CU14) -> 2 | CW14: =ROUND(CV14,0) -> 2 | CX14: 2 Rare: E | CY14: N/A | CZ14: Odour: possible natural gas. CO2 emissions from Water Bath Heater Shared site AusNet Services and APA. Water tank onsite to capture rain water for heater top up Site located in Parkland beside freeway ramp. | DA14: N/A | DB14: No | DD14: City Gate | DE14: No | DF14: No | DG14: No | DH14: No | DI14: No | DJ14: No | DK14: Yes | DL14: No | DM14: No | DN14: No | DO14: Yes | DP14: No | DQ14: Yes | DU14: N/A | DV14: West | DW14: TBC | DX14: TBC | EV14: C-I-C
A15: Depot, Office and Warehouse Storage | B15: Bairnsdale Depot | C15: WH-0010 | E15: 28 McMillan Street (8 Meringo Place), Bairnsdale VIC 3875 | F15: 1\PS442908 | G15: -37.822673 | H15: 147.65185 | I15: Downer | J15: Downer | K15: Leased | L15: Active | M15: Sharepoint updated. Downer received lease - don't do | N15: No assessment needed | Q15: N/A | Z15: =IF(OR(U15<>"",T15<>""),5,IF(S15<>"",4,IF(R15<>"",3,IF(Q15="Yes",2,1)))) -> 1 | AG15: 2 | AI15: 1 | AJ15: 1 | AK15: 4 | AL15: 5 | AM15: =MAX(AK15,AL15) -> 5 | AN15: {=IF(OR(AJ15="0",AM15="0"),"",INDEX('[3]Oil Matrix'!$D$6:$H$10,'Master All_TRR_TS'!AM15,'Master All_TRR_TS'!AJ15))} -> 3 | AO15: =CS15 -> 1 | AR15: =MAX(Risk_Assessment6[[#This Row],[2) Oil Leak Condition]:[3b) Oil/water separator and shut off valve]]) -> 5 | AS15: None | BF15: Yes | BM15: {=MAX(IF(ISBLANK(AS15:BL15),"",VLOOKUP(AS15:BL15,'[3]Impact Factor'!B:D,2,FALSE)))} -> 2 | BN15: {=MAX(IF(ISBLANK(AS15:BL15),"",VLOOKUP(AS15:BL15,'[3]Impact Factor'!B:D,3,FALSE)))} -> 2 | BT15: {=IF(SUM(BM15:BS15)=0,"N/A",_xlfn.IFS(AND((SUM(BM15:BN15)>0),(SUM(BO15:BS15)>0)),ROUND((($BM$3*MAX(BM15:BN15))+($BO$3*MAX(BO15:BS15))),0),AND(OR(BM15:BN15=0,ISERROR(BM15:BN15)),(SUM(BO15:BS15)>0)), MAX(BO15:BS15),AND((SUM(BO15:BS15)=0),(SUM(BM15:BN15)>0)),MAX(BM15:BN15)))} -> 2 | BU15: {=IF(OR(AR15="N/A", BT15="N/A"), "", INDEX([3]Methodology!$D$3:$H$7,'Master All_TRR_TS'!AR48,'Master All_TRR_TS'!BT48))} -> B | BV15: D | BW15: =IF(AND(AR15>2,BT15>2),"Yes", "No") -> No | BZ15: =IF(COUNT(AR15,BT15)=2,(IF(AND(AR15>=3,#REF!>=3),"Y","")),"") -> #REF! | CB15: =IF(Risk_Assessment6[[#This Row],[Stockpiles]]="Spoil / Waste", "Y", "") | CC15: =IF(Risk_Assessment6[[#This Row],[Off-site Drainage Discharge (Y/N)]]="Yes", "Y", "") | CN15: 1 | CO15: 1 | CP15: 4 | CQ15: 2 | CR15: =IF(CO15>2.9,MAX(CO15,CP15),CO15) -> 1 | CS15: =ROUND(CR15,0) -> 1 | CT15: 4 | CU15: 1 | CV15: =AVERAGE(CT15:CU15) -> 2.5 | CW15: =ROUND(CV15,0) -> 3 | CX15: 3 Rare: D | CY15: N/A | CZ15: Shared site AST/APA | DA15: N/A | DB15: No | DD15: City Gate | DE15: No | DF15: No | DG15: No | DH15: No | DI15: No | DJ15: No | DK15: No | DL15: No | DM15: No | DN15: No | DO15: Yes | DP15: No | DQ15: Yes | DU15: N/A | DV15: West | DW15: TBC | DX15: TBC | EV15: C-I-C
A16: Switchyard | B16: Bairnsdale Switching Station (BDSS) | C16: TBC SS-BDSS | E16: Princes Highway/Mittons Lane (25 Power Station Road), Bairnsdale, Victoria 3875 | F16: 1\PS445149 | G16: -37.844556 | H16: 147.5645 | I16: TBC | J16: TBC | K16: Freehold | L16: Active | M16: Done | N16: Yes / Yes | O16: 44070 | P16: M Snell | Q16: Yes | Z16: =IF(OR(U16<>"",T16<>""),5,IF(S16<>"",4,IF(R16<>"",3,IF(Q16="Yes",2,1)))) -> 2 | AG16: 3 | AH16: Oil containing equipment and batteries | AI16: 1 | AJ16: 1 | AK16: 1 | AL16: 3 | AM16: =MAX(AK16,AL16) -> 3 | AN16: {=IF(OR(AJ16="0",AM16="0"),"",INDEX('[3]Oil Matrix'!$D$6:$H$10,'Master All_TRR_TS'!AM16,'Master All_TRR_TS'!AJ16))} -> 1 | AO16: =CS16 -> 1 | AQ16: Fully compliant sealed bund and basic oil/water separator - no shut off valve | AR16: =MAX(Risk_Assessment6[[#This Row],[2) Oil Leak Condition]:[3b) Oil/water separator and shut off valve]]) -> 3 | AS16: None | AT16: None | AU16: Yes | AV16: None | AW16: None | AX16: Yes - Small Volume | AY16: Yes - LPG | AZ16: None | BA16: None | BF16: No | BM16: {=MAX(IF(ISBLANK(AS16:BL16),"",VLOOKUP(AS16:BL16,'[3]Impact Factor'!B:D,2,FALSE)))} -> 2 | BN16: {=MAX(IF(ISBLANK(AS16:BL16),"",VLOOKUP(AS16:BL16,'[3]Impact Factor'!B:D,3,FALSE)))} -> 2 | BO16: 3 | BS16: 1 | BT16: {=IF(SUM(BM16:BS16)=0,"N/A",_xlfn.IFS(AND((SUM(BM16:BN16)>0),(SUM(BO16:BS16)>0)),ROUND((($BM$3*MAX(BM16:BN16))+($BO$3*MAX(BO16:BS16))),0),AND(OR(BM16:BN16=0,ISERROR(BM16:BN16)),(SUM(BO16:BS16)>0)), MAX(BO16:BS16),AND((SUM(BO16:BS16)=0),(SUM(BM16:BN16)>0)),MAX(BM16:BN16)))} -> 2 | BU16: {=IF(OR(AR16="N/A", BT16="N/A"), "", INDEX([3]Methodology!$D$3:$H$7,'Master All_TRR_TS'!AR191,'Master All_TRR_TS'!BT191))} -> C | BV16: D | BW16: =IF(AND(AR16>2,BT16>2),"Yes", "No") -> No | BZ16: =IF(COUNT(AR16,BT16)=2,(IF(AND(AR16>=3,#REF!>=3),"Y","")),"") -> #REF! | CB16: =IF(Risk_Assessment6[[#This Row],[Stockpiles]]="Spoil / Waste", "Y", "") | CC16: =IF(Risk_Assessment6[[#This Row],[Off-site Drainage Discharge (Y/N)]]="Yes", "Y", "") | CN16: 1 | CO16: 1 | CP16: 1 | CQ16: 1 | CR16: =IF(CO16>2.9,MAX(CO16,CP16),CO16) -> 1 | CS16: =ROUND(CR16,0) -> 1 | CT16: 3 | CU16: 1 | CV16: =AVERAGE(CT16:CU16) -> 2 | CW16: =ROUND(CV16,0) -> 2 | CX16: 2 Rare: E | CY16: N/A | CZ16: Shared site AST/APA | DA16: N/A | DB16: No | DD16: City Gate | DE16: No | DF16: No | DG16: No | DH16: No | DI16: No | DJ16: No | DK16: No | DL16: No | DM16: No | DN16: No | DO16: Yes | DP16: No | DQ16: Yes | DU16: N/A | DV16: West | DW16: TBC | DX16: TBC | EV16: C-I-C
A17: Sub Station | B17: Bairnsdale ZSS (BDL) | C17: DS-BDL | D17: East | E17: 125 Great Alpine Road, Lucknow, Victoria, 3875 | F17: 1\TP245562 & 1\TP246430 | G17: -37.808417 | H17: 147.64817 | I17: TBC | J17: TBC | K17: Freehold | L17: Active | M17: Uploaded 17/03 | N17: Yes / Yes | O17: 44196 | P17: M Snell | Q17: Yes | R17: WSP(2023) | T17: AusNet, Distribution Sites, Portfolio EMP | W17: PSI-WSP (2023), Surface water sampling report-WSP (2024) | Y17: 45292 | Z17: =IF(OR(U17<>"",T17<>""),5,IF(S17<>"",4,IF(R17<>"",3,IF(Q17="Yes",2,1)))) -> 5 | AA17: 5 | AC17: 4 | AD17: 3 | AE17: Concreted over former leaks (2020), oil coming back up | AG17: 5 | AH17: Oil containing equipment and batteries, AusNet has indicated that historical leakage is known to have occurred in 2020 within the transformer area prior to the construction of concrete bunding beneath transformers (previously gravel). It is understood that the contaminated material may have been left in situ beneath the current hardstand area. | AI17: 6 | AJ17: 4 | AK17: 4 | AL17: 5 | AM17: =MAX(AK17,AL17) -> 5 | AN17: {=IF(OR(AJ17="0",AM17="0"),"",INDEX('[3]Oil Matrix'!$D$6:$H$10,'Master All_TRR_TS'!AM17,'Master All_TRR_TS'!AJ17))} -> 5 | AO17: =CS17 -> 1 | AQ17: Brick bund with gravel floor | AR17: =MAX(Risk_Assessment6[[#This Row],[2) Oil Leak Condition]:[3b) Oil/water separator and shut off valve]]) -> 5 | AS17: <10 kg or <50 mg/kg | AT17: Large | AU17: Yes | AV17: None | AW17: None | AX17: None | AY17: None | AZ17: None | BA17: None | BC17: None | BF17: No | BH17: None | BM17: {=MAX(IF(ISBLANK(AS17:BL17),"",VLOOKUP(AS17:BL17,'[3]Impact Factor'!B:D,2,FALSE)))} -> 3 | BN17: {=MAX(IF(ISBLANK(AS17:BL17),"",VLOOKUP(AS17:BL17,'[3]Impact Factor'!B:D,3,FALSE)))} -> 2 | BO17: 3 | BP17: Yes | BR17: No | BS17: 3 | BT17: {=IF(SUM(BM17:BS17)=0,"N/A",_xlfn.IFS(AND((SUM(BM17:BN17)>0),(SUM(BO17:BS17)>0)),ROUND((($BM$3*MAX(BM17:BN17))+($BO$3*MAX(BO17:BS17))),0),AND(OR(BM17:BN17=0,ISERROR(BM17:BN17)),(SUM(BO17:BS17)>0)), MAX(BO17:BS17),AND((SUM(BO17:BS17)=0),(SUM(BM17:BN17)>0)),MAX(BM17:BN17)))} -> 3 | BU17: {=IF(OR(AR17="N/A", BT17="N/A"), "", INDEX([3]Methodology!$D$3:$H$7,'Master All_TRR_TS'!AR47,'Master All_TRR_TS'!BT47))} -> C | BV17: E | BW17: =IF(AND(AR17>2,BT17>2),"Yes", "No") -> Yes | BX17: Historical leakage | BY17: Investigate leakage and condition of hardstand, likely needs targeted sampling in accordance with Duty to Manage. No Duty to Notify | BZ17: =IF(COUNT(AR17,BT17)=2,(IF(AND(AR17>=3,#REF!>=3),"Y","")),"") -> #REF! | CA17: Historical leakages, concreted over former leaks, oil coming back up, however, as sealed exposure not likely, no Duty to Notify | CB17: =IF(Risk_Assessment6[[#This Row],[Stockpiles]]="Spoil / Waste", "Y", "") | CC17: =IF(Risk_Assessment6[[#This Row],[Off-site Drainage Discharge (Y/N)]]="Yes", "Y", "") -> Y | CD17: PSI with limited soil sampling program. | CE17: Yes | CF17: Stage 2 - due 2018 | CJ17: AusNet, Distribution Sites, Portfolio EMP | CN17: 1 | CO17: 1 | CP17: 1 | CQ17: 1 | CR17: =IF(CO17>2.9,MAX(CO17,CP17),CO17) -> 1 | CS17: =ROUND(CR17,0) -> 1 | CT17: 3 | CU17: 1 | CV17: =AVERAGE(CT17:CU17) -> 2 | CW17: =ROUND(CV17,0) -> 2 | CX17: 2 Rare: E | CY17: N/A | CZ17: Shared site AST/APA | DA17: N/A | DB17: No | DD17: City Gate | DE17: No | DF17: No | DG17: No | DH17: No | DI17: No | DJ17: No | DK17: No | DL17: No | DM17: No | DN17: No | DO17: Yes | DP17: No | DQ17: Yes | DU17: N/A | DV17: West | DW17: TBC | DX17: TBC | EV17: C-I-C
A18: City Gate | B18: Ballan City Gate | C18: BALN | E18: Denholmes Rd, Ballan VIC 3342 | F18: None | G18: -37.605583 | H18: 144.22392 | I18: TBC | J18: TBC | K18: FREEHOLD | L18: ACTIVE | M18: Done | N18: Yes / Yes | O18: 44257 | P18: Tony W. | Q18: Yes | Z18: =IF(OR(U18<>"",T18<>""),5,IF(S18<>"",4,IF(R18<>"",3,IF(Q18="Yes",2,1)))) -> 2 | AG18: 2 | AI18: 3 | AJ18: 4 | AK18: 4 | AL18: 5 | AM18: =MAX(AK18,AL18) -> 5 | AN18: {=IF(OR(AJ18="0",AM18="0"),"",INDEX('[3]Oil Matrix'!$D$6:$H$10,'Master All_TRR_TS'!AM18,'Master All_TRR_TS'!AJ18))} -> 5 | AO18: =CS18 -> 1 | AQ18: Routine inspections and reporting | AR18: =MAX(Risk_Assessment6[[#This Row],[2) Oil Leak Condition]:[3b) Oil/water separator and shut off valve]]) -> 5 | AS18: None | AT18: None | AU18: Yes | AV18: None | AW18: None | AX18: None | AY18: None | AZ18: None | BA18: None | BF18: No | BM18: {=MAX(IF(ISBLANK(AS18:BL18),"",VLOOKUP(AS18:BL18,'[3]Impact Factor'!B:D,2,FALSE)))} -> 2 | BN18: {=MAX(IF(ISBLANK(AS18:BL18),"",VLOOKUP(AS18:BL18,'[3]Impact Factor'!B:D,3,FALSE)))} -> 2 | BO18: 4 | BT18: {=IF(SUM(BM18:BS18)=0,"N/A",_xlfn.IFS(AND((SUM(BM18:BN18)>0),(SUM(BO18:BS18)>0)),ROUND((($BM$3*MAX(BM18:BN18))+($BO$3*MAX(BO18:BS18))),0),AND(OR(BM18:BN18=0,ISERROR(BM18:BN18)),(SUM(BO18:BS18)>0)), MAX(BO18:BS18),AND((SUM(BO18:BS18)=0),(SUM(BM18:BN18)>0)),MAX(BM18:BN18)))} -> 2 | BU18: {=IF(OR(AR18="N/A", BT18="N/A"), "", INDEX([3]Methodology!$D$3:$H$7,'Master All_TRR_TS'!AR208,'Master All_TRR_TS'!BT208))} -> C | BV18: E | BW18: =IF(AND(AR18>2,BT18>2),"Yes", "No") -> No | BZ18: =IF(COUNT(AR18,BT18)=2,(IF(AND(AR18>=3,#REF!>=3),"Y","")),"") -> #REF! | CB18: =IF(Risk_Assessment6[[#This Row],[Stockpiles]]="Spoil / Waste", "Y", "") | CC18: =IF(Risk_Assessment6[[#This Row],[Off-site Drainage Discharge (Y/N)]]="Yes", "Y", "") | CN18: 1 | CO18: 1 | CP18: 1 | CQ18: 1 | CR18: =IF(CO18>2.9,MAX(CO18,CP18),CO18) -> 1 | CS18: =ROUND(CR18,0) -> 1 | CT18: 2 | CU18: 1 | CV18: =AVERAGE(CT18:CU18) -> 1.5 | CW18: =ROUND(CV18,0) -> 2 | CX18: 2 Rare: E | CY18: N/A | CZ18: Shared site AST/APA | DA18: N/A | DB18: No | DD18: City Gate | DE18: No | DF18: No | DG18: No | DH18: No | DI18: No | DJ18: No | DK18: No | DL18: No | DM18: No | DN18: No | DO18: Yes | DP18: No | DQ18: Yes | DU18: N/A | DV18: West | DW18: TBC | DX18: TBC | EV18: C-I-C
A19: City Gate | B19: Ballarat City Gate | C19: BALR | E19: Clarks Road, Ballarat, Victoria 3353 | F19: None | G19: -37.567694 | H19: 143.93278 | I19: TBC | J19: TBC | K19: FREEHOLD | L19: ACTIVE | M19: Done | N19: Yes / Yes | O19: 44153 | P19: Tony W. | Q19: Yes | Z19: =IF(OR(U19<>"",T19<>""),5,IF(S19<>"",4,IF(R19<>"",3,IF(Q19="Yes",2,1)))) -> 2 | AG19: 2 | AI19: Check | AJ19: 5 | AK19: 1 | AL19: 1 | AM19: =MAX(AK19,AL19) -> 1 | AN19: {=IF(OR(AJ19="0",AM19="0"),"",INDEX('[3]Oil Matrix'!$D$6:$H$10,'Master All_TRR_TS'!AM19,'Master All_TRR_TS'!AJ19))} -> 3 | AO19: =CS19 -> 1 | AQ19: Routine inspections and reporting | AR19: =MAX(Risk_Assessment6[[#This Row],[2) Oil Leak Condition]:[3b) Oil/water separator and shut off valve]]) -> 5 | AS19: None | AT19: None | AU19: Yes | AV19: None | AW19: None | AX19: None | AY19: None | AZ19: None | BF19: No | BM19: {=MAX(IF(ISBLANK(AS19:BL19),"",VLOOKUP(AS19:BL19,'[3]Impact Factor'!B:D,2,FALSE)))} -> 2 | BN19: {=MAX(IF(ISBLANK(AS19:BL19),"",VLOOKUP(AS19:BL19,'[3]Impact Factor'!B:D,3,FALSE)))} -> 2 | BO19: 3 | BS19: 2 | BT19: {=IF(SUM(BM19:BS19)=0,"N/A",_xlfn.IFS(AND((SUM(BM19:BN19)>0),(SUM(BO19:BS19)>0)),ROUND((($BM$3*MAX(BM19:BN19))+($BO$3*MAX(BO19:BS19))),0),AND(OR(BM19:BN19=0,ISERROR(BM19:BN19)),(SUM(BO19:BS19)>0)), MAX(BO19:BS19),AND((SUM(BO19:BS19)=0),(SUM(BM19:BN19)>0)),MAX(BM19:BN19)))} -> 2 | BU19: {=IF(OR(AR19="N/A", BT19="N/A"), "", INDEX([3]Methodology!$D$3:$H$7,'Master All_TRR_TS'!AR195,'Master All_TRR_TS'!BT195))} -> C | BV19: D | BW19: =IF(AND(AR19>2,BT19>2),"Yes", "No") -> No | BZ19: =IF(COUNT(AR19,BT19)=2,(IF(AND(AR19>=3,#REF!>=3),"Y","")),"") -> #REF! | CB19: =IF(Risk_Assessment6[[#This Row],[Stockpiles]]="Spoil / Waste", "Y", "") | CC19: =IF(Risk_Assessment6[[#This Row],[Off-site Drainage Discharge (Y/N)]]="Yes", "Y", "") | CN19: 1 | CO19: 1 | CP19: 1 | CQ19: 1 | CR19: =IF(CO19>2.9,MAX(CO19,CP19),CO19) -> 1 | CS19: =ROUND(CR19,0) -> 1 | CT19: 2 | CU19: 1 | CV19: =AVERAGE(CT19:CU19) -> 1.5 | CW19: =ROUND(CV19,0) -> 2 | CX19: 2 Rare: E | CY19: N/A | CZ19: Shared site AST/APA | DA19: N/A | DB19: No | DD19: City Gate | DE19: No | DF19: No | DG19: No | DH19: No | DI19: No | DJ19: No | DK19: No | DL19: No | DM19: No | DN19: No | DO19: Yes | DP19: No | DQ19: Yes | DU19: N/A | DV19: West | DW19: TBC | DX19: TBC | EV19: C-I-C
A20: Terminal Station | B20: Ballarat TS (BATS) | C20: TS-BATS | D20: West | E20: yackandandah Road, Dederang, Victoria 3691 (0.5kms from Kiewa Valley) | F20: None | G20: -37.566722 | H20: 143.92167 | I20: TBC | J20: TBC | K20: Freehold | L20: Active | M20: 44026 | N20: Yes / Yes | O20: 44026 | P20: A Ryan | Q20: Yes | R20: Yes | X20: SKM - Groundwater Assessment (2001). GeoEng - Environmental Risk Audit for Bunding and Stormwater System Compliance (2002). GHD - Environmental Inspections, Maintenance and Tests (2003) | Z20: =IF(OR(U20<>"",T20<>""),5,IF(S20<>"",4,IF(R20<>"",3,IF(Q20="Yes",2,1)))) -> 3 | AA20: 6 | AF20: Medium Risk | AG20: 5 | AH20: Oil filled equipment plus battery farm | AI20: 1 | AJ20: 1 | AK20: 1 | AL20: 1 | AM20: =MAX(AK20,AL20) -> 1 | AN20: {=IF(OR(AJ20="0",AM20="0"),"",INDEX('[3]Oil Matrix'!$D$6:$H$10,'Master All_TRR_TS'!AM20,'Master All_TRR_TS'!AJ20))} -> 1 | AO20: =CS20 -> 1 | AQ20: Fully compliant sealed bund with puraceptor oil/water separator + shut off valve, batteries in containment system | AR20: =MAX(Risk_Assessment6[[#This Row],[2) Oil Leak Condition]:[3b) Oil/water separator and shut off valve]]) -> 1 | AS20: >10 kg or >50 mg/kg | AT20: Large | AU20: Yes | AV20: None | AW20: Default Chemicals | AZ20: Spoil / Waste | BF20: No | BM20: {=MAX(IF(ISBLANK(AS20:BL20),"",VLOOKUP(AS20:BL20,'[3]Impact Factor'!B:D,2,FALSE)))} -> 4 | BN20: {=MAX(IF(ISBLANK(AS20:BL20),"",VLOOKUP(AS20:BL20,'[3]Impact Factor'!B:D,3,FALSE)))} -> 4 | BO20: 4 | BS20: 2 | BT20: {=IF(SUM(BM20:BS20)=0,"N/A",_xlfn.IFS(AND((SUM(BM20:BN20)>0),(SUM(BO20:BS20)>0)),ROUND((($BM$3*MAX(BM20:BN20))+($BO$3*MAX(BO20:BS20))),0),AND(OR(BM20:BN20=0,ISERROR(BM20:BN20)),(SUM(BO20:BS20)>0)), MAX(BO20:BS20),AND((SUM(BO20:BS20)=0),(SUM(BM20:BN20)>0)),MAX(BM20:BN20)))} -> 4 | BU20: {=IF(OR(AR20="N/A", BT20="N/A"), "", INDEX([3]Methodology!$D$3:$H$7,'Master All_TRR_TS'!AR14,'Master All_TRR_TS'!BT14))} -> C | BV20: C | BW20: =IF(AND(AR20>2,BT20>2),"Yes", "No") -> No | BZ20: =IF(COUNT(AR20,BT20)=2,(IF(AND(AR20>=3,#REF!>=3),"Y","")),"") -> #REF! | CA20: Stockpiles | CB20: =IF(Risk_Assessment6[[#This Row],[Stockpiles]]="Spoil / Waste", "Y", "") -> Y | CC20: =IF(Risk_Assessment6[[#This Row],[Off-site Drainage Discharge (Y/N)]]="Yes", "Y", "") | CL20: SKM - Groundwater Assessment (2001). GeoEng - Environmental Risk Audit for Bunding and Stormwater System Compliance (2002). GHD - Environmental Inspections, Maintenance and Tests (2003) | CN20: 1 | CO20: 1 | CP20: 1 | CQ20: 1 | CR20: =IF(CO20>2.9,MAX(CO20,CP20),CO20) -> 1 | CS20: =ROUND(CR20,0) -> 1 | CT20: 4 | CU20: 1 | CV20: =AVERAGE(CT20:CU20) -> 2.5 | CW20: =ROUND(CV20,0) -> 3 | CX20: 3 Rare: D | CY20: N/A | CZ20: Shared site AST/APA | DA20: N/A | DB20: No | DD20: City Gate | DE20: No | DF20: No | DG20: No | DH20: No | DI20: No | DJ20: No | DK20: No | DL20: No | DM20: No | DN20: No | DO20: Yes | DP20: No | DQ20: Yes | DU20: N/A | DV20: West | DW20: TBC | DX20: TBC | DY20: C3 | DZ20: Enviro - one above ground system, was an issue of ground water seeping into holding tank, stormwater isolation valves fitted | EA20: N | EB20: Confidence 3/5. Cell DZ20L: Is groundwater shallow or is it perched around the holding tank? | EC20: Risk driven by presence of oil filled equipment and battery farm. Site has fully compliant sealed bund with puraceptor oil/water separator + shut off valve, batteries in containment system. Site inspection photos show staining under transformers. Stockpiles present on site. It is unknown if erosion controls need to be applied to the stockpiles. | ED20: 1. Replace the above ground holding tank that is subject to leaks (per cell DZ20). Includes decommission, removal and installation of new holding tank. 2. Confirm the contamination status of stockpiles of soil on site as indicated in the PRA. Apply erosion controls if required, confirm origin of materials. 3. Service transformers and repair leaks. 4. Decommission and remove damaged holding tank. | EH20: x | EM20: C-I-C | EN20: C-I-C | ES20: C-I-C | EV20: C-I-C
A21: Comms Site | B21: Bamawn Comms Site (BAMA) | C21: TC-BAMAXXXX | E21: PART 623 PRAIRIE-ROCHESTER ROAD, BAMAWM, VICTORIA 3561 | F21: None | G21: -36.299057 | H21: 144.61983 | I21: TBC | J21: TBC | K21: Leased | L21: In Progress | M21: Done | N21: Yes / Yes | O21: 44025 | P21: CJ Wilson | Q21: Yes | Z21: =IF(OR(U21<>"",T21<>""),5,IF(S21<>"",4,IF(R21<>"",3,IF(Q21="Yes",2,1)))) -> 2 | AG21: 2 | AI21: 4 | AJ21: 3 | AK21: 4 | AL21: 5 | AM21: =MAX(AK21,AL21) -> 5 | AN21: {=IF(OR(AJ21="0",AM21="0"),"",INDEX('[3]Oil Matrix'!$D$6:$H$10,'Master All_TRR_TS'!AM21,'Master All_TRR_TS'!AJ21))} -> 4 | AO21: =CS21 -> 1 | AQ21: 6 or 12 monthly inspection program | AR21: =MAX(Risk_Assessment6[[#This Row],[2) Oil Leak Condition]:[3b) Oil/water separator and shut off valve]]) -> 5 | AS21: None | AT21: None | AU21: Yes | AV21: None | AW21: None | AX21: None | AY21: None | AZ21: None | BF21: No | BM21: {=MAX(IF(ISBLANK(AS21:BL21),"",VLOOKUP(AS21:BL21,'[3]Impact Factor'!B:D,2,FALSE)))} -> 2 | BN21: {=MAX(IF(ISBLANK(AS21:BL21),"",VLOOKUP(AS21:BL21,'[3]Impact Factor'!B:D,3,FALSE)))} -> 2 | BO21: 4 | BS21: 1 | BT21: {=IF(SUM(BM21:BS21)=0,"N/A",_xlfn.IFS(AND((SUM(BM21:BN21)>0),(SUM(BO21:BS21)>0)),ROUND((($BM$3*MAX(BM21:BN21))+($BO$3*MAX(BO21:BS21))),0),AND(OR(BM21:BN21=0,ISERROR(BM21:BN21)),(SUM(BO21:BS21)>0)), MAX(BO21:BS21),AND((SUM(BO21:BS21)=0),(SUM(BM21:BN21)>0)),MAX(BM21:BN21)))} -> 2 | BU21: {=IF(OR(AR21="N/A", BT21="N/A"), "", INDEX([3]Methodology!$D$3:$H$7,'Master All_TRR_TS'!AR215,'Master All_TRR_TS'!BT215))} -> A | BV21: E | BW21: =IF(AND(AR21>2,BT21>2),"Yes", "No") -> No | BZ21: =IF(COUNT(AR21,BT21)=2,(IF(AND(AR21>=3,#REF!>=3),"Y","")),"") -> #REF! | CB21: =IF(Risk_Assessment6[[#This Row],[Stockpiles]]="Spoil / Waste", "Y", "") | CC21: =IF(Risk_Assessment6[[#This Row],[Off-site Drainage Discharge (Y/N)]]="Yes", "Y", "") | CN21: 1 | CO21: 1 | CP21: 1 | CQ21: 1 | CR21: =IF(CO21>2.9,MAX(CO21,CP21),CO21) -> 1 | CS21: =ROUND(CR21,0) -> 1 | CT21: 3 | CU21: 2 | CV21: =AVERAGE(CT21:CU21) -> 2.5 | CW21: =ROUND(CV21,0) -> 3 | CX21: 3 Rare: D | CY21: N/A | CZ21: Shared site AST/APA | DA21: N/A | DB21: No | DD21: City Gate | DE21: No | DF21: No | DG21: No | DH21: No | DI21: No | DJ21: No | DK21: No | DL21: No | DM21: No | DN21: No | DO21: Yes | DP21: No | DQ21: Yes | DU21: N/A | DV21: West | DW21: TBC | DX21: TBC | EV21: C-I-C
A22: Comms Site | B22: Banimboola Comms Site (BANM) | C22: TC-BANMXXXX | E22: Dartmouth Road, Dartmouth, VIC, 3701 (licenced site – ground lease from GMW) | F22: TBC | G22: -36.535278 | H22: 147.50389 | I22: TBC | J22: TBC | K22: TBC | L22: Active | M22: Done | N22: Yes / Yes | O22: 44025 | P22: CJ Wilson | Q22: Yes | Z22: =IF(OR(U22<>"",T22<>""),5,IF(S22<>"",4,IF(R22<>"",3,IF(Q22="Yes",2,1)))) -> 2 | AG22: 2 | AI22: 1 | AJ22: 1 | AK22: 4 | AL22: 5 | AM22: =MAX(AK22,AL22) -> 5 | AN22: {=IF(OR(AJ22="0",AM22="0"),"",INDEX('[3]Oil Matrix'!$D$6:$H$10,'Master All_TRR_TS'!AM22,'Master All_TRR_TS'!AJ22))} -> 3 | AO22: =CS22 -> 1 | AQ22: 6 or 12 monthly inspection program | AR22: =MAX(Risk_Assessment6[[#This Row],[2) Oil Leak Condition]:[3b) Oil/water separator and shut off valve]]) -> 5 | AS22: None | AT22: None | AU22: None | AV22: None | AW22: None | AX22: None | AY22: None | AZ22: None | BF22: No | BM22: {=MAX(IF(ISBLANK(AS22:BL22),"",VLOOKUP(AS22:BL22,'[3]Impact Factor'!B:D,2,FALSE)))} -> 1 | BN22: {=MAX(IF(ISBLANK(AS22:BL22),"",VLOOKUP(AS22:BL22,'[3]Impact Factor'!B:D,3,FALSE)))} -> 1 | BO22: 2 | BS22: 1 | BT22: {=IF(SUM(BM22:BS22)=0,"N/A",_xlfn.IFS(AND((SUM(BM22:BN22)>0),(SUM(BO22:BS22)>0)),ROUND((($BM$3*MAX(BM22:BN22))+($BO$3*MAX(BO22:BS22))),0),AND(OR(BM22:BN22=0,ISERROR(BM22:BN22)),(SUM(BO22:BS22)>0)), MAX(BO22:BS22),AND((SUM(BO22:BS22)=0),(SUM(BM22:BN22)>0)),MAX(BM22:BN22)))} -> 1 | BU22: {=IF(OR(AR22="N/A", BT22="N/A"), "", INDEX([3]Methodology!$D$3:$H$7,'Master All_TRR_TS'!AR216,'Master All_TRR_TS'!BT216))} -> B | BV22: E | BW22: =IF(AND(AR22>2,BT22>2),"Yes", "No") -> No | BZ22: =IF(COUNT(AR22,BT22)=2,(IF(AND(AR22>=3,#REF!>=3),"Y","")),"") -> #REF! | CB22: =IF(Risk_Assessment6[[#This Row],[Stockpiles]]="Spoil / Waste", "Y", "") | CC22: =IF(Risk_Assessment6[[#This Row],[Off-site Drainage Discharge (Y/N)]]="Yes", "Y", "") | CN22: 1 | CO22: 1 | CP22: 1 | CQ22: 1 | CR22: =IF(CO22>2.9,MAX(CO22,CP22),CO22) -> 1 | CS22: =ROUND(CR22,0) -> 1 | CT22: 4 | CU22: 1 | CV22: =AVERAGE(CT22:CU22) -> 2.5 | CW22: =ROUND(CV22,0) -> 3 | CX22: 3 Rare: D | CY22: N/A | CZ22: Shared site AST/APA | DA22: N/A | DB22: No | DD22: City Gate | DE22: No | DF22: No | DG22: No | DH22: No | DI22: No | DJ22: No | DK22: No | DL22: No | DM22: No | DN22: Yes | DO22: Yes | DP22: No | DQ22: Yes | DU22: N/A | DV22: West | DW22: TBC | DX22: TBC | EV22: C-I-C
A23: City Gate | B23: Bannockburn City Gate | C23: BANN | E23: Fyansford-Gheringhap Rd Victoria | F23: None | G23: -38.08866 | H23: 144.24516 | I23: TBC | J23: TBC | K23: TBC | L23: TBC | M23: 44357 | N23: Yes / Yes | O23: 44357 | P23: Tony W. | Q23: Yes | Z23: =IF(OR(U23<>"",T23<>""),5,IF(S23<>"",4,IF(R23<>"",3,IF(Q23="Yes",2,1)))) -> 2 | AG23: 2 | AI23: 3 | AJ23: 4 | AK23: 4 | AL23: 5 | AM23: =MAX(AK23,AL23) -> 5 | AN23: {=IF(OR(AJ23="0",AM23="0"),"",INDEX('[3]Oil Matrix'!$D$6:$H$10,'Master All_TRR_TS'!AM23,'Master All_TRR_TS'!AJ23))} -> 5 | AO23: =CS23 -> 1 | AQ23: Routine inspections and reporting | AR23: =MAX(Risk_Assessment6[[#This Row],[2) Oil Leak Condition]:[3b) Oil/water separator and shut off valve]]) -> 5 | AS23: None | AT23: None | AU23: Yes | AV23: None | AW23: None | AX23: None | AY23: None | AZ23: None | BA23: None | BF23: No | BM23: {=MAX(IF(ISBLANK(AS23:BL23),"",VLOOKUP(AS23:BL23,'[3]Impact Factor'!B:D,2,FALSE)))} -> 2 | BN23: {=MAX(IF(ISBLANK(AS23:BL23),"",VLOOKUP(AS23:BL23,'[3]Impact Factor'!B:D,3,FALSE)))} -> 2 | BT23: {=IF(SUM(BM23:BS23)=0,"N/A",_xlfn.IFS(AND((SUM(BM23:BN23)>0),(SUM(BO23:BS23)>0)),ROUND((($BM$3*MAX(BM23:BN23))+($BO$3*MAX(BO23:BS23))),0),AND(OR(BM23:BN23=0,ISERROR(BM23:BN23)),(SUM(BO23:BS23)>0)), MAX(BO23:BS23),AND((SUM(BO23:BS23)=0),(SUM(BM23:BN23)>0)),MAX(BM23:BN23)))} -> 2 | BU23: {=IF(OR(AR23="N/A", BT23="N/A"), "", INDEX([3]Methodology!$D$3:$H$7,'Master All_TRR_TS'!AR209,'Master All_TRR_TS'!BT209))} -> A | BV23: E | BW23: =IF(AND(AR23>2,BT23>2),"Yes", "No") -> No | BZ23: =IF(COUNT(AR23,BT23)=2,(IF(AND(AR23>=3,#REF!>=3),"Y","")),"") -> #REF! | CB23: =IF(Risk_Assessment6[[#This Row],[Stockpiles]]="Spoil / Waste", "Y", "") | CC23: =IF(Risk_Assessment6[[#This Row],[Off-site Drainage Discharge (Y/N)]]="Yes", "Y", "") | CN23: 1 | CO23: 1 | CP23: 1 | CQ23: 1 | CR23: =IF(CO23>2.9,MAX(CO23,CP23),CO23) -> 1 | CS23: =ROUND(CR23,0) -> 1 | CT23: 5 | CU23: 1 | CV23: =AVERAGE(CT23:CU23) -> 3 | CW23: =ROUND(CV23,0) -> 3 | CX23: 3 Rare: D | CY23: N/A | CZ23: Shared site AST/APA | DA23: N/A | DB23: No | DD23: City Gate | DE23: No | DF23: No | DG23: No | DH23: No | DI23: No | DJ23: No | DK23: No | DL23: No | DM23: No | DN23: No | DO23: Yes | DP23: No | DQ23: Yes | DU23: N/A | DV23: West | DW23: TBC | DX23: TBC | EV23: C-I-C
A24: Sub Station | B24: Barnawartha ZSS (BWA) | C24: DS-BWA | D24: North | E24: Baxter/Whelans Rd, Barnawartha VIC 3688 | F24: 1\PS538251 | G24: -36.073765 | H24: 146.71692 | I24: TBC | J24: TBC | K24: Freehold | L24: Active | M24: Done | N24: Yes / Yes | O24: 44056 | P24: CJ Wilson | Q24: Yes | Z24: =IF(OR(U24<>"",T24<>""),5,IF(S24<>"",4,IF(R24<>"",3,IF(Q24="Yes",2,1)))) -> 2 | AA24: 4 | AG24: 4 | AI24: 1 | AJ24: 1 | AK24: 1 | AL24: 2 | AM24: =MAX(AK24,AL24) -> 2 | AN24: {=IF(OR(AJ24="0",AM24="0"),"",INDEX('[3]Oil Matrix'!$D$6:$H$10,'Master All_TRR_TS'!AM24,'Master All_TRR_TS'!AJ24))} -> 1 | AO24: =CS24 -> 1 | AQ24: Fully compliant sealed bund with basic oil/water separator + shut off valve or triple interceptor tank - no shut off valve | AR24: =MAX(Risk_Assessment6[[#This Row],[2) Oil Leak Condition]:[3b) Oil/water separator and shut off valve]]) -> 2 | AS24: <10 kg or <50 mg/kg | AT24: Large | AU24: Yes | AV24: None | AW24: None | AX24: Yes - Small Volume | AZ24: Spoil / Waste | BF24: No | BM24: {=MAX(IF(ISBLANK(AS24:BL24),"",VLOOKUP(AS24:BL24,'[3]Impact Factor'!B:D,2,FALSE)))} -> 3 | BN24: {=MAX(IF(ISBLANK(AS24:BL24),"",VLOOKUP(AS24:BL24,'[3]Impact Factor'!B:D,3,FALSE)))} -> 2 | BO24: 2 | BS24: 2 | BT24: {=IF(SUM(BM24:BS24)=0,"N/A",_xlfn.IFS(AND((SUM(BM24:BN24)>0),(SUM(BO24:BS24)>0)),ROUND((($BM$3*MAX(BM24:BN24))+($BO$3*MAX(BO24:BS24))),0),AND(OR(BM24:BN24=0,ISERROR(BM24:BN24)),(SUM(BO24:BS24)>0)), MAX(BO24:BS24),AND((SUM(BO24:BS24)=0),(SUM(BM24:BN24)>0)),MAX(BM24:BN24)))} -> 3 | BU24: {=IF(OR(AR24="N/A", BT24="N/A"), "", INDEX([3]Methodology!$D$3:$H$7,'Master All_TRR_TS'!AR153,'Master All_TRR_TS'!BT153))} -> C | BV24: D | BW24: =IF(AND(AR24>2,BT24>2),"Yes", "No") -> No | BZ24: =IF(COUNT(AR24,BT24)=2,(IF(AND(AR24>=3,#REF!>=3),"Y","")),"") -> #REF! | CB24: =IF(Risk_Assessment6[[#This Row],[Stockpiles]]="Spoil / Waste", "Y", "") -> Y | CC24: =IF(Risk_Assessment6[[#This Row],[Off-site Drainage Discharge (Y/N)]]="Yes", "Y", "") | CN24: 1 | CO24: 1 | CP24: 1 | CQ24: 1 | CR24: =IF(CO24>2.9,MAX(CO24,CP24),CO24) -> 1 | CS24: =ROUND(CR24,0) -> 1 | CT24: 3 | CU24: 1 | CV24: =AVERAGE(CT24:CU24) -> 2 | CW24: =ROUND(CV24,0) -> 2 | CX24: 2 Rare: E | CY24: N/A | CZ24: Shared site AST/APA Odour: Possible natural gas via leakage Land adjacent to compound for sale for future residence | DA24: N/A | DB24: No | DD24: City Gate | DE24: No | DF24: No | DG24: No | DH24: No | DI24: No | DJ24: No | DK24: Yes | DL24: No | DM24: No | DN24: Yes | DO24: Yes | DP24: No | DQ24: Yes | DU24: N/A | DV24: West | DW24: TBC | DX24: TBC | EV24: C-I-C
A25: Sub Station | B25: Bayswater ZSS (BWR) | C25: DS-BWR | D25: Central | E25: 365-371 Bayswater Road/Glenpark Road, Bayswater, Victoria 3153 | F25: 1\TP532480 | G25: -37.8345 | H25: 145.27192 | I25: TBC | J25: TBC | K25: Freehold | L25: Active | M25: Done | N25: Yes / Yes | O25: 43976 | P25: A Ryan | Q25: Yes | R25: WSP(2023) | Z25: =IF(OR(U25<>"",T25<>""),5,IF(S25<>"",4,IF(R25<>"",3,IF(Q25="Yes",2,1)))) -> 3 | AA25: 52 | AC25: 3 | AD25: 3 | AG25: 4 | AI25: 7 | AJ25: 4 | AK25: 1 | AL25: 1 | AM25: =MAX(AK25,AL25) -> 1 | AN25: {=IF(OR(AJ25="0",AM25="0"),"",INDEX('[3]Oil Matrix'!$D$6:$H$10,'Master All_TRR_TS'!AM25,'Master All_TRR_TS'!AJ25))} -> 3 | AO25: =CS25 -> 1 | AQ25: Fully compliant sealed bund with puraceptor oil/water separator + shut off valve | AR25: =MAX(Risk_Assessment6[[#This Row],[2) Oil Leak Condition]:[3b) Oil/water separator and shut off valve]]) -> 4 | AS25: <10 kg or <50 mg/kg | AT25: Large | AU25: Yes | AV25: None | AW25: Default Chemicals | AX25: None | AZ25: None | BA25: Yes - Septic | BB25: Yes | BF25: No | BM25: 3 | BN25: {=MAX(IF(ISBLANK(AS25:BL25),"",VLOOKUP(AS25:BL25,'[3]Impact Factor'!B:D,3,FALSE)))} -> 4 | BO25: 5 | BQ25: 3 | BR25: Yes | BS25: 2 | BT25: {=IF(SUM(BM25:BS25)=0,"N/A",_xlfn.IFS(AND((SUM(BM25:BN25)>0),(SUM(BO25:BS25)>0)),ROUND((($BM$3*MAX(BM25:BN25))+($BO$3*MAX(BO25:BS25))),0),AND(OR(BM25:BN25=0,ISERROR(BM25:BN25)),(SUM(BO25:BS25)>0)), MAX(BO25:BS25),AND((SUM(BO25:BS25)=0),(SUM(BM25:BN25)>0)),MAX(BM25:BN25)))} -> 4 | BU25: {=IF(OR(AR25="N/A", BT25="N/A"), "", INDEX([3]Methodology!$D$3:$H$7,'Master All_TRR_TS'!AR38,'Master All_TRR_TS'!BT38))} -> C | BV25: C | BW25: =IF(AND(AR25>2,BT25>2),"Yes", "No") -> Yes | BZ25: =IF(COUNT(AR25,BT25)=2,(IF(AND(AR25>=3,#REF!>=3),"Y","")),"") -> #REF! | CB25: =IF(Risk_Assessment6[[#This Row],[Stockpiles]]="Spoil / Waste", "Y", "") | CC25: =IF(Risk_Assessment6[[#This Row],[Off-site Drainage Discharge (Y/N)]]="Yes", "Y", "") | CE25: Yes | CF25: Stage 1 - due 2017 | CN25: 1 | CO25: 1 | CP25: 1 | CQ25: 1 | CR25: =IF(CO25>2.9,MAX(CO25,CP25),CO25) -> 1 | CS25: =ROUND(CR25,0) -> 1 | CT25: 4 | CU25: 2 | CV25: =AVERAGE(CT25:CU25) -> 3 | CW25: =ROUND(CV25,0) -> 3 | CX25: 3 Rare: D | CY25: N/A | CZ25: Shared site AST/APA Odour: Possible natural gas via leakage | DA25: N/A | DB25: No | DD25: City Gate | DE25: No | DF25: No | DG25: No | DH25: No | DI25: No | DJ25: No | DK25: Yes | DL25: No | DM25: No | DN25: No | DO25: Yes | DP25: No | DQ25: Yes | DU25: N/A | DV25: West | DW25: TBC | DX25: TBC | EV25: C-I-C
A26: Depot, Office and Warehouse Storage | B26: Beaconsfield Depot | C26: WH-0011 | E26: cnr Beaconsfield Avenue and Station Road, Beaconsfield, Victoria 3807 | F26: 1\TP441813 | G26: -38.051444 | H26: 145.37106 | I26: AusNet Services Electricity Services Pty Ltd | J26: Downer | K26: Freehold | L26: Active | M26: UPLOAD 20/03 | N26: Yes / Yes | O26: 44243 | P26: Jenkins and Emily Utting | Q26: Yes | Z26: =IF(OR(U26<>"",T26<>""),5,IF(S26<>"",4,IF(R26<>"",3,IF(Q26="Yes",2,1)))) -> 2 | AG26: 3 | AH26: Oil containing equipment and UST | AI26: 1 | AJ26: 1 | AK26: 1 | AL26: 3 | AM26: =MAX(AK26,AL26) -> 3 | AN26: {=IF(OR(AJ26="0",AM26="0"),"",INDEX('[3]Oil Matrix'!$D$6:$H$10,'Master All_TRR_TS'!AM26,'Master All_TRR_TS'!AJ26))} -> 1 | AO26: =CS26 -> 1 | AQ26: Fully compliant sealed bund with weekly fuel readings and annual integrity testing | AR26: =MAX(Risk_Assessment6[[#This Row],[2) Oil Leak Condition]:[3b) Oil/water separator and shut off valve]]) -> 3 | AS26: None | AT26: Oil Default | AU26: None | AV26: Fuel Default | AW26: None | AX26: Yes - Small Volume | AY26: Yes - LPG | AZ26: None | BA26: None | BF26: No | BM26: {=MAX(IF(ISBLANK(AS26:BL26),"",VLOOKUP(AS26:BL26,'[3]Impact Factor'!B:D,2,FALSE)))} -> 4 | BN26: {=MAX(IF(ISBLANK(AS26:BL26),"",VLOOKUP(AS26:BL26,'[3]Impact Factor'!B:D,3,FALSE)))} -> 4 | BO26: 5 | BT26: {=IF(SUM(BM26:BS26)=0,"N/A",_xlfn.IFS(AND((SUM(BM26:BN26)>0),(SUM(BO26:BS26)>0)),ROUND((($BM$3*MAX(BM26:BN26))+($BO$3*MAX(BO26:BS26))),0),AND(OR(BM26:BN26=0,ISERROR(BM26:BN26)),(SUM(BO26:BS26)>0)), MAX(BO26:BS26),AND((SUM(BO26:BS26)=0),(SUM(BM26:BN26)>0)),MAX(BM26:BN26)))} -> 4 | BU26: {=IF(OR(AR26="N/A", BT26="N/A"), "", INDEX([3]Methodology!$D$3:$H$7,'Master All_TRR_TS'!AR112,'Master All_TRR_TS'!BT112))} -> C | BV26: C | BW26: =IF(AND(AR26>2,BT26>2),"Yes", "No") -> Yes | BZ26: =IF(COUNT(AR26,BT26)=2,(IF(AND(AR26>=3,#REF!>=3),"Y","")),"") -> #REF! | CB26: =IF(Risk_Assessment6[[#This Row],[Stockpiles]]="Spoil / Waste", "Y", "") | CC26: =IF(Risk_Assessment6[[#This Row],[Off-site Drainage Discharge (Y/N)]]="Yes", "Y", "") | CN26: 1 | CO26: 1 | CP26: 2 | CQ26: 1 | CR26: =IF(CO26>2.9,MAX(CO26,CP26),CO26) -> 1 | CS26: =ROUND(CR26,0) -> 1 | CT26: 4 | CU26: 1 | CV26: =AVERAGE(CT26:CU26) -> 2.5 | CW26: =ROUND(CV26,0) -> 3 | CX26: 3 Rare: D | CY26: N/A | CZ26: Shared site AST/APA | DA26: N/A | DB26: No | DD26: City Gate | DE26: No | DF26: No | DG26: No | DH26: No | DI26: No | DJ26: No | DK26: No | DL26: No | DM26: No | DN26: No | DO26: Yes | DP26: No | DQ26: Yes | DU26: N/A | DV26: West | DW26: TBC | DX26: TBC | EV26: C-I-C
A27: Comms Site | B27: Beech Forest Comms Site (BEEF) | C27: TC-BEEFXXXX | E27: 37 Beech Forrest (Lavers Hill) Road, Beech Forrest, Victoria 3237 | F27: 1\TP561506 | G27: -38.606694 | H27: 143.56431 | I27: TBC | J27: TBC | K27: Freehold | L27: Active | M27: Done (Name in Enablon not Environ Site Audit on end) | N27: Yes / Yes | O27: 44145 | P27: A Ryan | Q27: Yes | Z27: =IF(OR(U27<>"",T27<>""),5,IF(S27<>"",4,IF(R27<>"",3,IF(Q27="Yes",2,1)))) -> 2 | AG27: 2 | AI27: 0 | AJ27: 2 | AK27: 4 | AL27: 5 | AM27: =MAX(AK27,AL27) -> 5 | AN27: {=IF(OR(AJ27="0",AM27="0"),"",INDEX('[3]Oil Matrix'!$D$6:$H$10,'Master All_TRR_TS'!AM27,'Master All_TRR_TS'!AJ27))} -> 3 | AO27: =CS27 -> 2 | AQ27: 6 or 12 monthly inspection program | AR27: =MAX(Risk_Assessment6[[#This Row],[2) Oil Leak Condition]:[3b) Oil/water separator and shut off valve]]) -> 5 | AS27: None | AT27: None | AU27: Yes | AV27: None | AW27: None | AX27: None | AY27: None | AZ27: None | BF27: No | BM27: {=MAX(IF(ISBLANK(AS27:BL27),"",VLOOKUP(AS27:BL27,'[3]Impact Factor'!B:D,2,FALSE)))} -> 2 | BN27: {=MAX(IF(ISBLANK(AS27:BL27),"",VLOOKUP(AS27:BL27,'[3]Impact Factor'!B:D,3,FALSE)))} -> 2 | BO27: 3 | BS27: 1 | BT27: {=IF(SUM(BM27:BS27)=0,"N/A",_xlfn.IFS(AND((SUM(BM27:BN27)>0),(SUM(BO27:BS27)>0)),ROUND((($BM$3*MAX(BM27:BN27))+($BO$3*MAX(BO27:BS27))),0),AND(OR(BM27:BN27=0,ISERROR(BM27:BN27)),(SUM(BO27:BS27)>0)), MAX(BO27:BS27),AND((SUM(BO27:BS27)=0),(SUM(BM27:BN27)>0)),MAX(BM27:BN27)))} -> 2 | BU27: {=IF(OR(AR27="N/A", BT27="N/A"), "", INDEX([3]Methodology!$D$3:$H$7,'Master All_TRR_TS'!AR167,'Master All_TRR_TS'!BT167))} -> B | BV27: E | BW27: =IF(AND(AR27>2,BT27>2),"Yes", "No") -> No | BZ27: =IF(COUNT(AR27,BT27)=2,(IF(AND(AR27>=3,#REF!>=3),"Y","")),"") -> #REF! | CB27: =IF(Risk_Assessment6[[#This Row],[Stockpiles]]="Spoil / Waste", "Y", "") | CC27: =IF(Risk_Assessment6[[#This Row],[Off-site Drainage Discharge (Y/N)]]="Yes", "Y", "") | CN27: 2 | CO27: 2 | CP27: 2 | CQ27: 3 | CR27: =IF(CO27>2.9,MAX(CO27,CP27),CO27) -> 2 | CS27: =ROUND(CR27,0) -> 2 | CT27: 2 | CU27: 1 | CV27: =AVERAGE(CT27:CU27) -> 1.5 | CW27: =ROUND(CV27,0) -> 2 | CX27: 2 Rare: E | CY27: N/A | CZ27: Shared site AST/APA Land opposite to compound for sale for future residence | DA27: N/A | DB27: No | DD27: City Gate | DE27: No | DF27: No | DG27: No | DH27: No | DI27: No | DJ27: No | DK27: No | DL27: No | DM27: No | DN27: Yes | DO27: Yes | DP27: No | DQ27: Yes | DU27: N/A | DV27: West | DW27: TBC | DX27: TBC | EV27: C-I-C
A28: Sub Station | B28: Belgrave ZSS (BGE) | C28: DS-BGE | D28: Central | E28: 132 Belgrave Hallam Road/Temple Road, Belgrave, Victoria 3160 | F28: 1\TP758228 | G28: -37.930111 | H28: 145.36103 | I28: TBC | J28: TBC | K28: Freehold | L28: Active | M28: Done | N28: Yes / Yes | O28: 43976 | P28: A Ryan | Q28: Yes | Z28: =IF(OR(U28<>"",T28<>""),5,IF(S28<>"",4,IF(R28<>"",3,IF(Q28="Yes",2,1)))) -> 2 | AA28: 37 | AG28: 3 | AI28: 3 | AJ28: 4 | AK28: 4 | AL28: 3 | AM28: =MAX(AK28,AL28) -> 4 | AN28: {=IF(OR(AJ28="0",AM28="0"),"",INDEX('[3]Oil Matrix'!$D$6:$H$10,'Master All_TRR_TS'!AM28,'Master All_TRR_TS'!AJ28))} -> 4 | AO28: =CS28 -> 1 | AQ28: Brick bund with gravel floor and basic oil/water separator - no shut off valve | AR28: =MAX(Risk_Assessment6[[#This Row],[2) Oil Leak Condition]:[3b) Oil/water separator and shut off valve]]) -> 4 | AS28: <10 kg or <50 mg/kg | AT28: Large | AU28: Yes | AV28: None | AW28: Default Chemicals | AX28: None | AZ28: None | BF28: No | BM28: {=MAX(IF(ISBLANK(AS28:BL28),"",VLOOKUP(AS28:BL28,'[3]Impact Factor'!B:D,2,FALSE)))} -> 4 | BN28: {=MAX(IF(ISBLANK(AS28:BL28),"",VLOOKUP(AS28:BL28,'[3]Impact Factor'!B:D,3,FALSE)))} -> 4 | BO28: 5 | BS28: 2 | BT28: {=IF(SUM(BM28:BS28)=0,"N/A",_xlfn.IFS(AND((SUM(BM28:BN28)>0),(SUM(BO28:BS28)>0)),ROUND((($BM$3*MAX(BM28:BN28))+($BO$3*MAX(BO28:BS28))),0),AND(OR(BM28:BN28=0,ISERROR(BM28:BN28)),(SUM(BO28:BS28)>0)), MAX(BO28:BS28),AND((SUM(BO28:BS28)=0),(SUM(BM28:BN28)>0)),MAX(BM28:BN28)))} -> 4 | BU28: {=IF(OR(AR28="N/A", BT28="N/A"), "", INDEX([3]Methodology!$D$3:$H$7,'Master All_TRR_TS'!AR116,'Master All_TRR_TS'!BT116))} -> C | BV28: C | BW28: =IF(AND(AR28>2,BT28>2),"Yes", "No") -> Yes | BZ28: =IF(COUNT(AR28,BT28)=2,(IF(AND(AR28>=3,#REF!>=3),"Y","")),"") -> #REF! | CB28: =IF(Risk_Assessment6[[#This Row],[Stockpiles]]="Spoil / Waste", "Y", "") | CC28: =IF(Risk_Assessment6[[#This Row],[Off-site Drainage Discharge (Y/N)]]="Yes", "Y", "") | CE28: Yes | CF28: Stage 3 - due 2020-2023 | CN28: 2 | CO28: 1 | CP28: 2 | CQ28: 3 | CR28: =IF(CO28>2.9,MAX(CO28,CP28),CO28) -> 1 | CS28: =ROUND(CR28,0) -> 1 | CT28: 2 | CU28: 1 | CV28: =AVERAGE(CT28:CU28) -> 1.5 | CW28: =ROUND(CV28,0) -> 2 | CX28: 2 Rare: E | CY28: N/A | CZ28: Single occupant AST only | DA28: N/A | DB28: No | DD28: City Gate | DE28: No | DF28: No | DG28: No | DH28: No | DI28: No | DJ28: No | DK28: No | DL28: No | DM28: No | DN28: No | DO28: Yes | DP28: No | DQ28: Yes | DU28: N/A | DV28: West | DW28: TBC | DX28: TBC | EV28: C-I-C
A29: Depot, Office and Warehouse Storage | B29: Benalla Depot | C29: WH-0008 | E29: 84-88 Samaria Road, Benalla, Victoria 3672 | F29: PC170259 | G29: -36.558944 | H29: 145.99492 | I29: AusNet Services Electricity Services Pty Ltd | J29: Downer | K29: Freehold | L29: Active | M29: UPLOAD 20/03. Zinfra, AST and Downer on site. | N29: Yes / Yes | O29: 44244 | P29: J Smith | Q29: Yes | Z29: =IF(OR(U29<>"",T29<>""),5,IF(S29<>"",4,IF(R29<>"",3,IF(Q29="Yes",2,1)))) -> 2 | AB29: Small area of scorched ground due to angle grinder sparks and oily substance identified on roadway in 2020 | AG29: 3 | AI29: 1 | AJ29: 1 | AK29: 4 | AL29: 5 | AM29: =MAX(AK29,AL29) -> 5 | AN29: {=IF(OR(AJ29="0",AM29="0"),"",INDEX('[3]Oil Matrix'!$D$6:$H$10,'Master All_TRR_TS'!AM29,'Master All_TRR_TS'!AJ29))} -> 3 | AO29: =CS29 -> 1 | AQ29: Hardstand, drainage and some bunding | AR29: =MAX(Risk_Assessment6[[#This Row],[2) Oil Leak Condition]:[3b) Oil/water separator and shut off valve]]) -> 5 | AS29: None | AT29: Oil Default | AU29: None | AV29: None | AW29: <100 L | AX29: Yes - Small Volume | AY29: Yes - LPG | AZ29: None | BA29: None | BF29: No | BM29: {=MAX(IF(ISBLANK(AS29:BL29),"",VLOOKUP(AS29:BL29,'[3]Impact Factor'!B:D,2,FALSE)))} -> 3 | BN29: {=MAX(IF(ISBLANK(AS29:BL29),"",VLOOKUP(AS29:BL29,'[3]Impact Factor'!B:D,3,FALSE)))} -> 3 | BO29: 4 | BT29: {=IF(SUM(BM29:BS29)=0,"N/A",_xlfn.IFS(AND((SUM(BM29:BN29)>0),(SUM(BO29:BS29)>0)),ROUND((($BM$3*MAX(BM29:BN29))+($BO$3*MAX(BO29:BS29))),0),AND(OR(BM29:BN29=0,ISERROR(BM29:BN29)),(SUM(BO29:BS29)>0)), MAX(BO29:BS29),AND((SUM(BO29:BS29)=0),(SUM(BM29:BN29)>0)),MAX(BM29:BN29)))} -> 3 | BU29: {=IF(OR(AR29="N/A", BT29="N/A"), "", INDEX([3]Methodology!$D$3:$H$7,'Master All_TRR_TS'!AR124,'Master All_TRR_TS'!BT124))} -> C | BV29: D | BW29: =IF(AND(AR29>2,BT29>2),"Yes", "No") -> Yes | BZ29: =IF(COUNT(AR29,BT29)=2,(IF(AND(AR29>=3,#REF!>=3),"Y","")),"") -> #REF! | CB29: =IF(Risk_Assessment6[[#This Row],[Stockpiles]]="Spoil / Waste", "Y", "") | CC29: =IF(Risk_Assessment6[[#This Row],[Off-site Drainage Discharge (Y/N)]]="Yes", "Y", "") | CN29: 1 | CO29: 1 | CP29: 2 | CQ29: 1 | CR29: =IF(CO29>2.9,MAX(CO29,CP29),CO29) -> 1 | CS29: =ROUND(CR29,0) -> 1 | CT29: 3 | CU29: 1 | CV29: =AVERAGE(CT29:CU29) -> 2 | CW29: =ROUND(CV29,0) -> 2 | CX29: 2 Rare: E | CY29: N/A | CZ29: Shared site AST/APA | DA29: N/A | DB29: No | DD29: City Gate | DE29: No | DF29: No | DG29: No | DH29: No | DI29: No | DJ29: No | DK29: No | DL29: No | DM29: No | DN29: No | DO29: Yes | DP29: No | DQ29: Yes | DU29: N/A | DV29: West | DW29: TBC | DX29: TBC | EV29: C-I-C
A30: Sub Station | B30: Benalla ZSS (BN) | C30: DS-BNX | D30: North | E30: Cnr Midland Highway and Baddaginnie-Benalla Road, Benalla, Victoria 3673 | F30: 1\TP318441 | G30: -36.555306 | H30: 145.96167 | I30: TBC | J30: TBC | K30: Freehold | L30: Active | M30: Done | N30: Yes / Yes | O30: 44029 | P30: CJ Wilson | Q30: Yes | W30: Jacobs 2021 | Z30: =IF(OR(U30<>"",T30<>""),5,IF(S30<>"",4,IF(R30<>"",3,IF(Q30="Yes",2,1)))) -> 2 | AA30: 45 | AG30: 2 | AI30: 3 | AJ30: 4 | AK30: 4 | AL30: 5 | AM30: =MAX(AK30,AL30) -> 5 | AN30: {=IF(OR(AJ30="0",AM30="0"),"",INDEX('[3]Oil Matrix'!$D$6:$H$10,'Master All_TRR_TS'!AM30,'Master All_TRR_TS'!AJ30))} -> 5 | AO30: =CS30 -> 1 | AQ30: Brick bund with gravel floor | AR30: =MAX(Risk_Assessment6[[#This Row],[2) Oil Leak Condition]:[3b) Oil/water separator and shut off valve]]) -> 5 | AS30: <10 kg or <50 mg/kg | AT30: Large | AU30: Yes | AV30: None | AW30: None | AX30: None | AY30: None | AZ30: None | BA30: None | BF30: No | BM30: {=MAX(IF(ISBLANK(AS30:BL30),"",VLOOKUP(AS30:BL30,'[3]Impact Factor'!B:D,2,FALSE)))} -> 3 | BN30: {=MAX(IF(ISBLANK(AS30:BL30),"",VLOOKUP(AS30:BL30,'[3]Impact Factor'!B:D,3,FALSE)))} -> 2 | BO30: 5 | BS30: 1 | BT30: {=IF(SUM(BM30:BS30)=0,"N/A",_xlfn.IFS(AND((SUM(BM30:BN30)>0),(SUM(BO30:BS30)>0)),ROUND((($BM$3*MAX(BM30:BN30))+($BO$3*MAX(BO30:BS30))),0),AND(OR(BM30:BN30=0,ISERROR(BM30:BN30)),(SUM(BO30:BS30)>0)), MAX(BO30:BS30),AND((SUM(BO30:BS30)=0),(SUM(BM30:BN30)>0)),MAX(BM30:BN30)))} -> 3 | BU30: {=IF(OR(AR30="N/A", BT30="N/A"), "", INDEX([3]Methodology!$D$3:$H$7,'Master All_TRR_TS'!AR42,'Master All_TRR_TS'!BT42))} -> D | BV30: D | BW30: Yes | BX30: Hydrocarbons above management limits, no HIL D exceedences | BZ30: No | CA30: No exceedences of HIL D | CB30: =IF(Risk_Assessment6[[#This Row],[Stockpiles]]="Spoil / Waste", "Y", "") | CC30: =IF(Risk_Assessment6[[#This Row],[Off-site Drainage Discharge (Y/N)]]="Yes", "Y", "") | CD30: PSI and soil classification prior to commencement. Remediation and validation to be undertaken as part of site upgrades. | CE30: Yes | CF30: Stage 3 - due 2020-2023 | CK30: Jacobs 2021 | CN30: 1 | CO30: 1 | CP30: 0 | CQ30: 5 | CR30: =IF(CO30>2.9,MAX(CO30,CP30),CO30) -> 1 | CS30: =ROUND(CR30,0) -> 1 | CT30: 5 | CU30: 1 | CV30: =AVERAGE(CT30:CU30) -> 3 | CW30: =ROUND(CV30,0) -> 3 | CX30: 3 Rare: D | CY30: N/A | CZ30: Shared site AST/APA Odour: Possible natural gas via leakage. Noise: Heater burners Site located very close to housing New larger water bath heater installed Dec 2019 which may need to have noise testing conducted for noise of burner in the early hours of night/morning. | DA30: N/A | DB30: No | DD30: City Gate | DE30: No | DF30: No | DG30: No | DH30: No | DI30: Yes | DJ30: Yes | DK30: Yes | DL30: No | DM30: No | DN30: Yes | DO30: Yes | DP30: No | DQ30: Yes | DU30: N/A | DV30: West | DW30: TBC | DX30: TBC | EV30: C-I-C
A31: City Gate | B31: Bendigo City Gate | C31: BEND | E31: Government Road, Bendigo, Victoria 3550 | F31: None | G31: -36.751861 | H31: 144.26467 | I31: TBC | J31: TBC | K31: FREEHOLD | L31: ACTIVE | M31: Done | N31: Yes / Yes | O31: 44152 | P31: Tony W. | Q31: Yes | Z31: =IF(OR(U31<>"",T31<>""),5,IF(S31<>"",4,IF(R31<>"",3,IF(Q31="Yes",2,1)))) -> 2 | AG31: 2 | AI31: 1 | AJ31: 1 | AK31: 4 | AL31: 5 | AM31: =MAX(AK31,AL31) -> 5 | AN31: {=IF(OR(AJ31="0",AM31="0"),"",INDEX('[3]Oil Matrix'!$D$6:$H$10,'Master All_TRR_TS'!AM31,'Master All_TRR_TS'!AJ31))} -> 3 | AO31: =CS31 -> 1 | AQ31: Routine inspections and reporting | AR31: =MAX(Risk_Assessment6[[#This Row],[2) Oil Leak Condition]:[3b) Oil/water separator and shut off valve]]) -> 5 | AS31: None | AT31: None | AU31: Yes | AV31: None | AW31: None | AX31: None | AY31: None | AZ31: None | BF31: No | BM31: {=MAX(IF(ISBLANK(AS31:BL31),"",VLOOKUP(AS31:BL31,'[3]Impact Factor'!B:D,2,FALSE)))} -> 2 | BN31: {=MAX(IF(ISBLANK(AS31:BL31),"",VLOOKUP(AS31:BL31,'[3]Impact Factor'!B:D,3,FALSE)))} -> 2 | BO31: 2 | BS31: 4 | BT31: {=IF(SUM(BM31:BS31)=0,"N/A",_xlfn.IFS(AND((SUM(BM31:BN31)>0),(SUM(BO31:BS31)>0)),ROUND((($BM$3*MAX(BM31:BN31))+($BO$3*MAX(BO31:BS31))),0),AND(OR(BM31:BN31=0,ISERROR(BM31:BN31)),(SUM(BO31:BS31)>0)), MAX(BO31:BS31),AND((SUM(BO31:BS31)=0),(SUM(BM31:BN31)>0)),MAX(BM31:BN31)))} -> 2 | BU31: {=IF(OR(AR31="N/A", BT31="N/A"), "", INDEX([3]Methodology!$D$3:$H$7,'Master All_TRR_TS'!AR98,'Master All_TRR_TS'!BT98))} -> C | BV31: E | BW31: =IF(AND(AR31>2,BT31>2),"Yes", "No") -> No | BZ31: =IF(COUNT(AR31,BT31)=2,(IF(AND(AR31>=3,#REF!>=3),"Y","")),"") -> #REF! | CB31: =IF(Risk_Assessment6[[#This Row],[Stockpiles]]="Spoil / Waste", "Y", "") | CC31: =IF(Risk_Assessment6[[#This Row],[Off-site Drainage Discharge (Y/N)]]="Yes", "Y", "") | CN31: 2 | CO31: 1 | CP31: 2 | CQ31: 3 | CR31: =IF(CO31>2.9,MAX(CO31,CP31),CO31) -> 1 | CS31: =ROUND(CR31,0) -> 1 | CT31: 3 | CU31: 1 | CV31: =AVERAGE(CT31:CU31) -> 2 | CW31: =ROUND(CV31,0) -> 2 | CX31: 2 Rare: E | CY31: N/A | CZ31: Odour: possible natural gas. | DA31: N/A | DB31: No | DD31: City Gate | DE31: No | DF31: No | DG31: No | DH31: No | DI31: No | DJ31: No | DK31: Yes | DL31: No | DM31: No | DN31: No | DO31: Yes | DP31: No | DQ31: Yes | DU31: N/A | DV31: West | DW31: TBC | DX31: TBC | EV31: C-I-C
A32: Terminal Station | B32: Bendigo TS (BETS) | C32: TS-BETS | D32: West | E32: 111-113 Allingham Street, Bendigo (Golden Square), Victoria 3550 | F32: 238~C\PP3473A | G32: -36.783861 | H32: 144.25278 | I32: AusNet Services | J32: Zinfra | K32: Freehold | L32: Active | M32: Done | N32: Yes / Yes | O32: 44082 | P32: CJ Wilson | Q32: Yes | R32: Yes | X32: Geo-Eng - Environmental Risk Assessment (1996). SKM - Groundwater Assessment (2001). GeoEng - Environmental Risk Audit for Bunding and Stormwater System Compliance (2002). GHD - Environmental Inspections, Maintenance and Tests (2003) | Z32: =IF(OR(U32<>"",T32<>""),5,IF(S32<>"",4,IF(R32<>"",3,IF(Q32="Yes",2,1)))) -> 3 | AA32: 8 | AE32: Historic report from 1996 indicates presence of low-level contaminated soil | AF32: Medium Risk | AG32: 5 | AI32: 1 | AJ32: 1 | AK32: 1 | AL32: 1 | AM32: =MAX(AK32,AL32) -> 1 | AN32: {=IF(OR(AJ32="0",AM32="0"),"",INDEX('[3]Oil Matrix'!$D$6:$H$10,'Master All_TRR_TS'!AM32,'Master All_TRR_TS'!AJ32))} -> 1 | AO32: =CS32 -> 1 | AQ32: Fully compliant sealed bund with puraceptor oil/water separator + shut off valve | AR32: =MAX(Risk_Assessment6[[#This Row],[2) Oil Leak Condition]:[3b) Oil/water separator and shut off valve]]) -> 1 | AS32: <10 kg or <50 mg/kg | AT32: Large | AU32: Yes | AV32: Fuel Default | AW32: None | AX32: Yes - Small Volume | AZ32: Spoil / Waste | BF32: No | BM32: {=MAX(IF(ISBLANK(AS32:BL32),"",VLOOKUP(AS32:BL32,'[3]Impact Factor'!B:D,2,FALSE)))} -> 4 | BN32: {=MAX(IF(ISBLANK(AS32:BL32),"",VLOOKUP(AS32:BL32,'[3]Impact Factor'!B:D,3,FALSE)))} -> 4 | BO32: 2 | BS32: 2 | BT32: {=IF(SUM(BM32:BS32)=0,"N/A",_xlfn.IFS(AND((SUM(BM32:BN32)>0),(SUM(BO32:BS32)>0)),ROUND((($BM$3*MAX(BM32:BN32))+($BO$3*MAX(BO32:BS32))),0),AND(OR(BM32:BN32=0,ISERROR(BM32:BN32)),(SUM(BO32:BS32)>0)), MAX(BO32:BS32),AND((SUM(BO32:BS32)=0),(SUM(BM32:BN32)>0)),MAX(BM32:BN32)))} -> 4 | BU32: {=IF(OR(AR32="N/A", BT32="N/A"), "", INDEX([3]Methodology!$D$3:$H$7,'Master All_TRR_TS'!AR26,'Master All_TRR_TS'!BT26))} -> B | BV32: C | BW32: =IF(AND(AR32>2,BT32>2),"Yes", "No") -> No | BZ32: =IF(COUNT(AR32,BT32)=2,(IF(AND(AR32>=3,#REF!>=3),"Y","")),"") -> #REF! | CA32: Stockpiles | CB32: =IF(Risk_Assessment6[[#This Row],[Stockpiles]]="Spoil / Waste", "Y", "") -> Y | CC32: =IF(Risk_Assessment6[[#This Row],[Off-site Drainage Discharge (Y/N)]]="Yes", "Y", "") | CL32: Geo-Eng - Environmental Risk Assessment (1996). SKM - Groundwater Assessment (2001). GeoEng - Environmental Risk Audit for Bunding and Stormwater System Compliance (2002). GHD - Environmental Inspections, Maintenance and Tests (2003) | CN32: 1 | CO32: 1 | CP32: 2 | CQ32: 3 | CR32: =IF(CO32>2.9,MAX(CO32,CP32),CO32) -> 1 | CS32: =ROUND(CR32,0) -> 1 | CT32: 5 | CU32: 1 | CV32: =AVERAGE(CT32:CU32) -> 3 | CW32: =ROUND(CV32,0) -> 3 | CX32: 3 Rare: D | CY32: N/A | CZ32: Odour: possible natural gas. Shared site AusNet Services and APA. Site located next to car dealership and residences. | DA32: N/A | DB32: No | DD32: City Gate | DE32: No | DF32: No | DG32: No | DH32: No | DI32: No | DJ32: No | DK32: Yes | DL32: No | DM32: No | DN32: Yes | DO32: Yes | DP32: No | DQ32: Yes | DU32: N/A | DV32: West | DW32: TBC | DX32: TBC | DY32: C1 | DZ32: Enviro - one above ground system, stormwater isolation valves fitted | EA32: N | EB32: Confidence 3/5. No recent environmental information | EC32: Risk primarily driven by oil storage and presence of stockpiles on site. Sealed brick bund (noted in 2020 site inspection notes) with puraceptor oil/water separator + shut off valve. Contamination status of stockpiles unknown. It is unknown if erosion controls need to be applied to the stockpiles. | ED32: 1. Site inspection to confirm status of items driving risk. 3. Confirm the contamination status of stockpiles of soil on site as indicated in the PRA. Apply erosion controls, confirm origin of materials. | EL32: C-I-C | ES32: C-I-C | EV32: C-I-C
A33: Sub Station | B33: Berwick Nth ZSS (BWN) | C33: DS-BWN | D33: Central | E33: Old Coach Rd, Berwick VIC 3806 | F33: 1\TP142375 | G33: -38.013682 | H33: 145.34788 | I33: TBC | J33: TBC | K33: Leased | L33: Active | M33: Done | N33: Yes / Yes | O33: 43977 | P33: A Ryan | Q33: Yes | Z33: =IF(OR(U33<>"",T33<>""),5,IF(S33<>"",4,IF(R33<>"",3,IF(Q33="Yes",2,1)))) -> 2 | AA33: 20 | AG33: 3 | AI33: 1 | AJ33: 1 | AK33: 4 | AL33: 2 | AM33: =MAX(AK33,AL33) -> 4 | AN33: {=IF(OR(AJ33="0",AM33="0"),"",INDEX('[3]Oil Matrix'!$D$6:$H$10,'Master All_TRR_TS'!AM33,'Master All_TRR_TS'!AJ33))} -> 2 | AO33: =CS33 -> 1 | AQ33: Brick bund with gravel floor and basic oil/water separator + shut off valve or triple interceptor tank - no shut off valve | AR33: =MAX(Risk_Assessment6[[#This Row],[2) Oil Leak Condition]:[3b) Oil/water separator and shut off valve]]) -> 4 | AS33: None | AT33: Large | AU33: Yes | AV33: None | AW33: Default Chemicals | AX33: Yes - Small Volume | AZ33: None | BF33: No | BM33: {=MAX(IF(ISBLANK(AS33:BL33),"",VLOOKUP(AS33:BL33,'[3]Impact Factor'!B:D,2,FALSE)))} -> 4 | BN33: {=MAX(IF(ISBLANK(AS33:BL33),"",VLOOKUP(AS33:BL33,'[3]Impact Factor'!B:D,3,FALSE)))} -> 4 | BO33: 2 | BS33: 2 | BT33: {=IF(SUM(BM33:BS33)=0,"N/A",_xlfn.IFS(AND((SUM(BM33:BN33)>0),(SUM(BO33:BS33)>0)),ROUND((($BM$3*MAX(BM33:BN33))+($BO$3*MAX(BO33:BS33))),0),AND(OR(BM33:BN33=0,ISERROR(BM33:BN33)),(SUM(BO33:BS33)>0)), MAX(BO33:BS33),AND((SUM(BO33:BS33)=0),(SUM(BM33:BN33)>0)),MAX(BM33:BN33)))} -> 4 | BU33: {=IF(OR(AR33="N/A", BT33="N/A"), "", INDEX([3]Methodology!$D$3:$H$7,'Master All_TRR_TS'!AR117,'Master All_TRR_TS'!BT117))} -> D | BV33: C | BW33: =IF(AND(AR33>2,BT33>2),"Yes", "No") -> Yes | BZ33: =IF(COUNT(AR33,BT33)=2,(IF(AND(AR33>=3,#REF!>=3),"Y","")),"") -> #REF! | CB33: =IF(Risk_Assessment6[[#This Row],[Stockpiles]]="Spoil / Waste", "Y", "") | CC33: =IF(Risk_Assessment6[[#This Row],[Off-site Drainage Discharge (Y/N)]]="Yes", "Y", "") | CN33: 2 | CO33: 1 | CP33: 2 | CQ33: 3 | CR33: =IF(CO33>2.9,MAX(CO33,CP33),CO33) -> 1 | CS33: =ROUND(CR33,0) -> 1 | CT33: #N/A | CU33: #N/A | CV33: =AVERAGE(CT33:CU33) -> #N/A | CW33: =ROUND(CV33,0) -> #N/A | CX33: #N/A | CY33: N/A | CZ33: #N/A | DA33: #N/A | DB33: #N/A | DD33: #N/A | DE33: #N/A | DF33: #N/A | DG33: #N/A | DH33: #N/A | DI33: #N/A | DJ33: #N/A | DK33: #N/A | DL33: #N/A | DM33: #N/A | DN33: #N/A | DO33: #N/A | DP33: #N/A | DQ33: #N/A | DU33: N/A | DV33: West | DW33: TBC | DX33: TBC | EV33: C-I-C
A34: Comms Site | B34: Big Hill/Mt Herbert Comms Site (MTHB) | C34: TC-BIGHXXXX | E34: Big Hill Rd/Mt Herbert Calder Hwy, Kangaroo Flat VIC 3555 | F34: 1\TP441116 | G34: -36.807667 | H34: 144.25483 | I34: TBC | J34: TBC | K34: Freehold | L34: ACTIVE | M34: Done - Gas site B Scott divestment options? | N34: Yes / Yes | O34: 44147 | P34: A Ryan | Q34: Yes | Z34: =IF(OR(U34<>"",T34<>""),5,IF(S34<>"",4,IF(R34<>"",3,IF(Q34="Yes",2,1)))) -> 2 | AG34: 2 | AI34: 1 | AJ34: 1 | AK34: 4 | AL34: 5 | AM34: =MAX(AK34,AL34) -> 5 | AN34: {=IF(OR(AJ34="0",AM34="0"),"",INDEX('[3]Oil Matrix'!$D$6:$H$10,'Master All_TRR_TS'!AM34,'Master All_TRR_TS'!AJ34))} -> 3 | AO34: =CS34 -> 1 | AQ34: 6 or 12 monthly inspection program | AR34: =MAX(Risk_Assessment6[[#This Row],[2) Oil Leak Condition]:[3b) Oil/water separator and shut off valve]]) -> 5 | AS34: None | AT34: None | AU34: Yes | AV34: None | AW34: None | AX34: None | AY34: None | AZ34: None | BF34: No | BM34: {=MAX(IF(ISBLANK(AS34:BL34),"",VLOOKUP(AS34:BL34,'[3]Impact Factor'!B:D,2,FALSE)))} -> 2 | BN34: {=MAX(IF(ISBLANK(AS34:BL34),"",VLOOKUP(AS34:BL34,'[3]Impact Factor'!B:D,3,FALSE)))} -> 2 | BO34: 3 | BS34: 1 | BT34: {=IF(SUM(BM34:BS34)=0,"N/A",_xlfn.IFS(AND((SUM(BM34:BN34)>0),(SUM(BO34:BS34)>0)),ROUND((($BM$3*MAX(BM34:BN34))+($BO$3*MAX(BO34:BS34))),0),AND(OR(BM34:BN34=0,ISERROR(BM34:BN34)),(SUM(BO34:BS34)>0)), MAX(BO34:BS34),AND((SUM(BO34:BS34)=0),(SUM(BM34:BN34)>0)),MAX(BM34:BN34)))} -> 2 | BU34: {=IF(OR(AR34="N/A", BT34="N/A"), "", INDEX([3]Methodology!$D$3:$H$7,'Master All_TRR_TS'!AR260,'Master All_TRR_TS'!BT260))} -> B | BV34: E | BW34: =IF(AND(AR34>2,BT34>2),"Yes", "No") -> No | BZ34: =IF(COUNT(AR34,BT34)=2,(IF(AND(AR34>=3,#REF!>=3),"Y","")),"") -> #REF! | CB34: =IF(Risk_Assessment6[[#This Row],[Stockpiles]]="Spoil / Waste", "Y", "") | CC34: =IF(Risk_Assessment6[[#This Row],[Off-site Drainage Discharge (Y/N)]]="Yes", "Y", "") | CN34: 1 | CO34: 1 | CP34: 4 | CQ34: 1 | CR34: =IF(CO34>2.9,MAX(CO34,CP34),CO34) -> 1 | CS34: =ROUND(CR34,0) -> 1 | CT34: #N/A | CU34: #N/A | CV34: =AVERAGE(CT34:CU34) -> #N/A | CW34: =ROUND(CV34,0) -> #N/A | CX34: #N/A | CY34: N/A | CZ34: #N/A | DA34: #N/A | DB34: #N/A | DD34: #N/A | DE34: #N/A | DF34: #N/A | DG34: #N/A | DH34: #N/A | DI34: #N/A | DJ34: #N/A | DK34: #N/A | DL34: #N/A | DM34: #N/A | DN34: #N/A | DO34: #N/A | DP34: #N/A | DQ34: #N/A | DU34: N/A | DV34: West | DW34: TBC | DX34: TBC | EV34: C-I-C
A35: Comms Site | B35: Blackwarry Comms Site (BLAK) | C35: TC-BLAKXXXX | E35: Grand Ridge Road, Blackwarry (Balook), Victoria 3844 | F35: 1\TP235285 | G35: -38.405889 | H35: 146.63856 | I35: TBC | J35: TBC | K35: Freehold | L35: Active | M35: Done | N35: Yes / Yes | O35: 44067 | P35: M Snell | Q35: Yes | Z35: =IF(OR(U35<>"",T35<>""),5,IF(S35<>"",4,IF(R35<>"",3,IF(Q35="Yes",2,1)))) -> 2 | AG35: 2 | AI35: 1 | AJ35: 1 | AK35: 4 | AL35: 5 | AM35: =MAX(AK35,AL35) -> 5 | AN35: {=IF(OR(AJ35="0",AM35="0"),"",INDEX('[3]Oil Matrix'!$D$6:$H$10,'Master All_TRR_TS'!AM35,'Master All_TRR_TS'!AJ35))} -> 3 | AO35: =CS35 -> 4 | AQ35: 6 or 12 monthly inspection program | AR35: =MAX(Risk_Assessment6[[#This Row],[2) Oil Leak Condition]:[3b) Oil/water separator and shut off valve]]) -> 5 | AS35: None | AT35: None | AU35: Yes | AV35: None | AW35: None | AX35: None | AY35: None | AZ35: None | BF35: No | BM35: {=MAX(IF(ISBLANK(AS35:BL35),"",VLOOKUP(AS35:BL35,'[3]Impact Factor'!B:D,2,FALSE)))} -> 2 | BN35: {=MAX(IF(ISBLANK(AS35:BL35),"",VLOOKUP(AS35:BL35,'[3]Impact Factor'!B:D,3,FALSE)))} -> 2 | BO35: 2 | BS35: 4 | BT35: {=IF(SUM(BM35:BS35)=0,"N/A",_xlfn.IFS(AND((SUM(BM35:BN35)>0),(SUM(BO35:BS35)>0)),ROUND((($BM$3*MAX(BM35:BN35))+($BO$3*MAX(BO35:BS35))),0),AND(OR(BM35:BN35=0,ISERROR(BM35:BN35)),(SUM(BO35:BS35)>0)), MAX(BO35:BS35),AND((SUM(BO35:BS35)=0),(SUM(BM35:BN35)>0)),MAX(BM35:BN35)))} -> 2 | BU35: {=IF(OR(AR35="N/A", BT35="N/A"), "", INDEX([3]Methodology!$D$3:$H$7,'Master All_TRR_TS'!AR217,'Master All_TRR_TS'!BT217))} -> C | BV35: E | BW35: =IF(AND(AR35>2,BT35>2),"Yes", "No") -> No | BZ35: =IF(COUNT(AR35,BT35)=2,(IF(AND(AR35>=3,#REF!>=3),"Y","")),"") -> #REF! | CB35: =IF(Risk_Assessment6[[#This Row],[Stockpiles]]="Spoil / Waste", "Y", "") | CC35: =IF(Risk_Assessment6[[#This Row],[Off-site Drainage Discharge (Y/N)]]="Yes", "Y", "") | CN35: Check | CO35: 4 | CP35: 1 | CQ35: 1 | CR35: =IF(CO35>2.9,MAX(CO35,CP35),CO35) -> 4 | CS35: =ROUND(CR35,0) -> 4 | CT35: #N/A | CU35: #N/A | CV35: =AVERAGE(CT35:CU35) -> #N/A | CW35: =ROUND(CV35,0) -> #N/A | CX35: #N/A | CY35: N/A | CZ35: #N/A | DA35: #N/A | DB35: #N/A | DD35: #N/A | DE35: #N/A | DF35: #N/A | DG35: #N/A | DH35: #N/A | DI35: #N/A | DJ35: #N/A | DK35: #N/A | DL35: #N/A | DM35: #N/A | DN35: #N/A | DO35: #N/A | DP35: #N/A | DQ35: #N/A | DU35: N/A | DV35: West | DW35: TBC | DX35: TBC | EV35: C-I-C
A36: Sub Station | B36: Boronia ZSS (BRA) | C36: DS-BRA | D36: Central | E36: 7 Wadhurst Drive, Boronia, Victoria, 3155 | F36: 1\TP144704 & 1\TP562609 | G36: -37.865528 | H36: 145.25372 | I36: TBC | J36: TBC | K36: Freehold | L36: Active | M36: Done | N36: Yes / Yes | O36: 43976 | P36: A Ryan | Q36: Yes | T36: AusNet, Distribution Sites, Portfolio EMP | Z36: =IF(OR(U36<>"",T36<>""),5,IF(S36<>"",4,IF(R36<>"",3,IF(Q36="Yes",2,1)))) -> 5 | AA36: 22 | AG36: 4 | AI36: 3 | AJ36: 2 | AK36: 4 | AL36: 2 | AM36: =MAX(AK36,AL36) -> 4 | AN36: {=IF(OR(AJ36="0",AM36="0"),"",INDEX('[3]Oil Matrix'!$D$6:$H$10,'Master All_TRR_TS'!AM36,'Master All_TRR_TS'!AJ36))} -> 3 | AO36: =CS36 -> 1 | AQ36: Brick bund with gravel floor and basic oil/water separator + shut off valve or triple interceptor tank - no shut off valve | AR36: =MAX(Risk_Assessment6[[#This Row],[2) Oil Leak Condition]:[3b) Oil/water separator and shut off valve]]) -> 4 | AS36: <10 kg or <50 mg/kg | AT36: Large | AU36: Yes | AV36: None | AW36: Default Chemicals | AX36: None | AY36: None | AZ36: None | BA36: None | BF36: No | BM36: {=MAX(IF(ISBLANK(AS36:BL36),"",VLOOKUP(AS36:BL36,'[3]Impact Factor'!B:D,2,FALSE)))} -> 4 | BN36: {=MAX(IF(ISBLANK(AS36:BL36),"",VLOOKUP(AS36:BL36,'[3]Impact Factor'!B:D,3,FALSE)))} -> 4 | BO36: 5 | BP36: No | BQ36: 5 | BR36: No | BS36: 3 | BT36: {=IF(SUM(BM36:BS36)=0,"N/A",_xlfn.IFS(AND((SUM(BM36:BN36)>0),(SUM(BO36:BS36)>0)),ROUND((($BM$3*MAX(BM36:BN36))+($BO$3*MAX(BO36:BS36))),0),AND(OR(BM36:BN36=0,ISERROR(BM36:BN36)),(SUM(BO36:BS36)>0)), MAX(BO36:BS36),AND((SUM(BO36:BS36)=0),(SUM(BM36:BN36)>0)),MAX(BM36:BN36)))} -> 4 | BU36: {=IF(OR(AR36="N/A", BT36="N/A"), "", INDEX([3]Methodology!$D$3:$H$7,'Master All_TRR_TS'!AR54,'Master All_TRR_TS'!BT54))} -> C | BV36: C | BW36: =IF(AND(AR36>2,BT36>2),"Yes", "No") -> Yes | BX36: Potential contaminating activities. | BZ36: =IF(COUNT(AR36,BT36)=2,(IF(AND(AR36>=3,#REF!>=3),"Y","")),"") -> #REF! | CA36: NA | CB36: =IF(Risk_Assessment6[[#This Row],[Stockpiles]]="Spoil / Waste", "Y", "") | CC36: =IF(Risk_Assessment6[[#This Row],[Off-site Drainage Discharge (Y/N)]]="Yes", "Y", "") | CD36: PSI with limited soil sampling program. | CJ36: AusNet, Distribution Sites, Portfolio EMP | CN36: 1 | CO36: 1 | CP36: 1 | CQ36: 1 | CR36: =IF(CO36>2.9,MAX(CO36,CP36),CO36) -> 1 | CS36: =ROUND(CR36,0) -> 1 | CT36: #N/A | CU36: #N/A | CV36: =AVERAGE(CT36:CU36) -> #N/A | CW36: =ROUND(CV36,0) -> #N/A | CX36: #N/A | CY36: N/A | CZ36: #N/A | DA36: #N/A | DB36: #N/A | DD36: #N/A | DE36: #N/A | DF36: #N/A | DG36: #N/A | DH36: #N/A | DI36: #N/A | DJ36: #N/A | DK36: #N/A | DL36: #N/A | DM36: #N/A | DN36: #N/A | DO36: #N/A | DP36: #N/A | DQ36: #N/A | DU36: N/A | DV36: West | DW36: TBC | DX36: TBC | EV36: C-I-C
A37: Sub Station | B37: Bright ZSS (BRT) | C37: DS-BRT | D37: North | E37: 40 Hawthorne Lane/Mountbatten Avenue, Bright, Victoria 3741 | F37: 8B~C\PP2227 | G37: -36.726167 | H37: 146.97014 | I37: TBC | J37: TBC | K37: Freehold | L37: Active | M37: 44027 | N37: Yes / Yes | O37: 44029 | P37: CJ Wilson | Q37: Yes | Z37: =IF(OR(U37<>"",T37<>""),5,IF(S37<>"",4,IF(R37<>"",3,IF(Q37="Yes",2,1)))) -> 2 | AA37: 11 | AG37: 2 | AI37: 2 | AJ37: 1 | AK37: 1 | AL37: 1 | AM37: =MAX(AK37,AL37) -> 1 | AN37: {=IF(OR(AJ37="0",AM37="0"),"",INDEX('[3]Oil Matrix'!$D$6:$H$10,'Master All_TRR_TS'!AM37,'Master All_TRR_TS'!AJ37))} -> 1 | AO37: =CS37 -> 1 | AQ37: Fully compliant sealed bund with puraceptor oil/water separator + shut off valve | AR37: =MAX(Risk_Assessment6[[#This Row],[2) Oil Leak Condition]:[3b) Oil/water separator and shut off valve]]) -> 1 | AS37: <10 kg or <50 mg/kg | AT37: None | AU37: Yes | AV37: None | AW37: None | AZ37: None | BF37: No | BM37: {=MAX(IF(ISBLANK(AS37:BL37),"",VLOOKUP(AS37:BL37,'[3]Impact Factor'!B:D,2,FALSE)))} -> 2 | BN37: {=MAX(IF(ISBLANK(AS37:BL37),"",VLOOKUP(AS37:BL37,'[3]Impact Factor'!B:D,3,FALSE)))} -> 2 | BO37: 5 | BS37: 1 | BT37: {=IF(SUM(BM37:BS37)=0,"N/A",_xlfn.IFS(AND((SUM(BM37:BN37)>0),(SUM(BO37:BS37)>0)),ROUND((($BM$3*MAX(BM37:BN37))+($BO$3*MAX(BO37:BS37))),0),AND(OR(BM37:BN37=0,ISERROR(BM37:BN37)),(SUM(BO37:BS37)>0)), MAX(BO37:BS37),AND((SUM(BO37:BS37)=0),(SUM(BM37:BN37)>0)),MAX(BM37:BN37)))} -> 3 | BU37: {=IF(OR(AR37="N/A", BT37="N/A"), "", INDEX([3]Methodology!$D$3:$H$7,'Master All_TRR_TS'!AR128,'Master All_TRR_TS'!BT128))} -> B | BV37: D | BW37: =IF(AND(AR37>2,BT37>2),"Yes", "No") -> No | BZ37: =IF(COUNT(AR37,BT37)=2,(IF(AND(AR37>=3,#REF!>=3),"Y","")),"") -> #REF! | CB37: =IF(Risk_Assessment6[[#This Row],[Stockpiles]]="Spoil / Waste", "Y", "") | CC37: =IF(Risk_Assessment6[[#This Row],[Off-site Drainage Discharge (Y/N)]]="Yes", "Y", "") | CE37: Yes | CF37: Stage 1 - due 2017 | CN37: 1 | CO37: 1 | CP37: 1 | CQ37: 1 | CR37: =IF(CO37>2.9,MAX(CO37,CP37),CO37) -> 1 | CS37: =ROUND(CR37,0) -> 1 | CT37: #N/A | CU37: #N/A | CV37: =AVERAGE(CT37:CU37) -> #N/A | CW37: =ROUND(CV37,0) -> #N/A | CX37: #N/A | CY37: N/A | CZ37: #N/A | DA37: #N/A | DB37: #N/A | DD37: #N/A | DE37: #N/A | DF37: #N/A | DG37: #N/A | DH37: #N/A | DI37: #N/A | DJ37: #N/A | DK37: #N/A | DL37: #N/A | DM37: #N/A | DN37: #N/A | DO37: #N/A | DP37: #N/A | DQ37: #N/A | DU37: N/A | DV37: West | DW37: TBC | DX37: TBC | EV37: C-I-C
A38: Depot, Office and Warehouse Storage | B38: Brock Industrial Drive | C38: WH-0014 | E38: 30 Melba Ave, Lilydale, Victoria | F38: 14\PS604433 | G38: -37.761111 | H38: 145.34703 | I38: External Land Owner- Leased Facility | J38: TBC | K38: Leased | L38: Active | M38: Uploaded 14/03 | N38: Yes / Yes | O38: 44237 | P38: Mark Dyer | Q38: Yes | Z38: =IF(OR(U38<>"",T38<>""),5,IF(S38<>"",4,IF(R38<>"",3,IF(Q38="Yes",2,1)))) -> 2 | AG38: 1 | AI38: 1 | AJ38: 1 | AK38: 4 | AL38: 5 | AM38: =MAX(AK38,AL38) -> 5 | AN38: {=IF(OR(AJ38="0",AM38="0"),"",INDEX('[3]Oil Matrix'!$D$6:$H$10,'Master All_TRR_TS'!AM38,'Master All_TRR_TS'!AJ38))} -> 3 | AO38: =CS38 -> 4 | AR38: =MAX(Risk_Assessment6[[#This Row],[2) Oil Leak Condition]:[3b) Oil/water separator and shut off valve]]) -> 5 | AS38: None | AT38: None | AU38: None | AV38: None | AW38: None | AX38: None | AY38: None | AZ38: None | BA38: None | BF38: No | BM38: {=MAX(IF(ISBLANK(AS38:BL38),"",VLOOKUP(AS38:BL38,'[3]Impact Factor'!B:D,2,FALSE)))} -> 1 | BN38: {=MAX(IF(ISBLANK(AS38:BL38),"",VLOOKUP(AS38:BL38,'[3]Impact Factor'!B:D,3,FALSE)))} -> 1 | BO38: 3 | BS38: 1 | BT38: {=IF(SUM(BM38:BS38)=0,"N/A",_xlfn.IFS(AND((SUM(BM38:BN38)>0),(SUM(BO38:BS38)>0)),ROUND((($BM$3*MAX(BM38:BN38))+($BO$3*MAX(BO38:BS38))),0),AND(OR(BM38:BN38=0,ISERROR(BM38:BN38)),(SUM(BO38:BS38)>0)), MAX(BO38:BS38),AND((SUM(BO38:BS38)=0),(SUM(BM38:BN38)>0)),MAX(BM38:BN38)))} -> 1 | BU38: {=IF(OR(AR38="N/A", BT38="N/A"), "", INDEX([3]Methodology!$D$3:$H$7,'Master All_TRR_TS'!AR59,'Master All_TRR_TS'!BT59))} -> B | BV38: E | BW38: =IF(AND(AR38>2,BT38>2),"Yes", "No") -> No | BZ38: =IF(COUNT(AR38,BT38)=2,(IF(AND(AR38>=3,#REF!>=3),"Y","")),"") -> #REF! | CB38: =IF(Risk_Assessment6[[#This Row],[Stockpiles]]="Spoil / Waste", "Y", "") | CC38: =IF(Risk_Assessment6[[#This Row],[Off-site Drainage Discharge (Y/N)]]="Yes", "Y", "") | CN38: 7 | CO38: 4 | CP38: 1 | CQ38: 2 | CR38: =IF(CO38>2.9,MAX(CO38,CP38),CO38) -> 4 | CS38: =ROUND(CR38,0) -> 4 | CT38: #N/A | CU38: #N/A | CV38: =AVERAGE(CT38:CU38) -> #N/A | CW38: =ROUND(CV38,0) -> #N/A | CX38: #N/A | CY38: N/A | CZ38: #N/A | DA38: #N/A | DB38: #N/A | DD38: #N/A | DE38: #N/A | DF38: #N/A | DG38: #N/A | DH38: #N/A | DI38: #N/A | DJ38: #N/A | DK38: #N/A | DL38: #N/A | DM38: #N/A | DN38: #N/A | DO38: #N/A | DP38: #N/A | DQ38: #N/A | DU38: N/A | DV38: West | DW38: TBC | DX38: TBC | EV38: C-I-C
A39: Terminal Station | B39: Brooklyn TS (BLTS) | C39: TS-BLTS | D39: Central | E39: 70-84 Kyle Road, Altona North, Victoria, 3025 | F39: 1\TP966322, 3\TP966323, 1\TP966324, 2\TP966324, 1\TP966325 & part 2\TP966323 | G39: -37.825583 | H39: 144.86006 | I39: TBC | J39: TBC | K39: Freehold | L39: Active | M39: 43969 | N39: Yes / Yes | O39: 43969 | P39: A Ryan | Q39: Yes | R39: WSP (2023) | T39: AusNet, Transmission Sites, Portfolio EMP | W39: BlueSphere - Initial Stockpile Assessment Works at Priority Sites (2021), PSI-WSP (2023) | X39: Groundwater environmental appraisal (2005), Drainage outfall rehab report (2006). SKM - Groundwater Assessment (2001). GeoEng - Environmental Risk Audit for Bunding and Stormwater System Compliance (2002). GHD - Environmental Inspections, Maintenance and Tests (2003) | Y39: 45292 | Z39: =IF(OR(U39<>"",T39<>""),5,IF(R39<>"",4,IF(#REF!<>"",3,IF(Q39="Yes",2,1)))) -> 5 | AA39: 8 | AB39: Potential asbestos pipe encountered during excavation in 2019. Historic spills | AC39: 5 | AD39: 4 | AE39: Pockets of asbestos in ground from former factory. Stockpiles - mostly removed. | AF39: Medium Risk | AG39: 5 | AH39: Heavy surface staining beneath the transformers (within concrete bunds), heavy oil staining was observed on gravel beneath the circuit breakers located within the western area of the site and on gravel outside and adjacent to the bunded storage area within the central area of the site. | AI39: 5 | AJ39: 4 | AK39: 1 | AL39: 1 | AM39: =MAX(AK39,AL39) -> 1 | AN39: {=IF(OR(AJ39="0",AM39="0"),"",INDEX('[3]Oil Matrix'!$D$6:$H$10,'Master All_TRR_TS'!AM39,'Master All_TRR_TS'!AJ39))} -> 3 | AO39: =CS39 -> 1 | AQ39: Fully compliant sealed bund with puraceptor oil/water separator + shut off valve | AR39: =MAX(Risk_Assessment6[[#This Row],[2) Oil Leak Condition]:[3b) Oil/water separator and shut off valve]]) -> 4 | AS39: <10 kg or <50 mg/kg | AT39: Large | AU39: None | AV39: None | AW39: None | AX39: Yes - Small Volume | AY39: Yes - LPG | AZ39: Contaminated soil - safe for current use | BA39: None | BD39: Default Asbestos | BF39: No | BM39: 4 | BN39: {=MAX(IF(ISBLANK(AS39:BL39),"",VLOOKUP(AS39:BL39,'[3]Impact Factor'!B:D,3,FALSE)))} -> 5 | BO39: 5 | BP39: Yes | BQ39: 3 | BR39: Yes | BS39: 2 | BT39: {=IF(SUM(BM39:BS39)=0,"N/A",_xlfn.IFS(AND((SUM(BM39:BN39)>0),(SUM(BO39:BS39)>0)),ROUND((($BM$3*MAX(BM39:BN39))+($BO$3*MAX(BO39:BS39))),0),AND(OR(BM39:BN39=0,ISERROR(BM39:BN39)),(SUM(BO39:BS39)>0)), MAX(BO39:BS39),AND((SUM(BO39:BS39)=0),(SUM(BM39:BN39)>0)),MAX(BM39:BN39)))} -> 5 | BU39: {=IF(OR(AR39="N/A", BT39="N/A"), "", INDEX([3]Methodology!$D$3:$H$7,'Master All_TRR_TS'!AR57,'Master All_TRR_TS'!BT57))} -> C | BV39: C | BW39: =IF(AND(AR39>2,BT39>2),"Yes", "No") -> Yes | BX39: Contaminated stockpiles | BZ39: No | CB39: Stage 1 complete | CC39: =IF(Risk_Assessment6[[#This Row],[Off-site Drainage Discharge (Y/N)]]="Yes", "Y", "") -> Y | CD39: PSI with limited soil sampling program. Communicate with the site contractor to determine when the spoil and rubble stockpiles will be removed and ensure the waste records are provided to AusNet | CJ39: AusNet, Transmission Sites, Portfolio EMP | CK39: BlueSphere - Initial Stockpile Assessment Works at Priority Sites (2021) | CL39: Groundwater environmental appraisal (2005), Drainage outfall rehab report (2006). SKM - Groundwater Assessment (2001). GeoEng - Environmental Risk Audit for Bunding and Stormwater System Compliance (2002). GHD - Environmental Inspections, Maintenance and Tests (2003) | CN39: 1 | CO39: 1 | CP39: 1 | CQ39: 1 | CR39: =IF(CO39>2.9,MAX(CO39,CP39),CO39) -> 1 | CS39: =ROUND(CR39,0) -> 1 | CT39: #N/A | CU39: #N/A | CV39: =AVERAGE(CT39:CU39) -> #N/A | CW39: =ROUND(CV39,0) -> #N/A | CX39: #N/A | CY39: N/A | CZ39: #N/A | DA39: #N/A | DB39: #N/A | DD39: #N/A | DE39: #N/A | DF39: #N/A | DG39: #N/A | DH39: #N/A | DI39: #N/A | DJ39: #N/A | DK39: #N/A | DL39: #N/A | DM39: #N/A | DN39: #N/A | DO39: #N/A | DP39: #N/A | DQ39: #N/A | DU39: N/A | DV39: West | DW39: TBC | DX39: TBC | DY39: C2 | DZ39: Enviro - one above ground stormwater isolation valve in place | EA39: N | EB39: Confidence 5/5. Environmental report from 2023. | EC39: Risk driven by heavy surface staining beneath the transformers (within concrete bunds) Heavy oil staining was observed on gravel beneath the circuit breakers located within the western area of the site and on gravel outside and adjacent to the bunded storage area within the central area of the site. Oil leak rating 4/5. Surface water sample results collected post puraceptor treatment in 2023 reported elevated hydrocarbons. | ED39: 1. Service transformers and repair leaks. There are 5 on site. 2. Repair leaking circuit breakers. 3. Install hardstand under circuit breakers. 4. Clean bunds 5. Check bund integrity. 6. Install GAC post puraceptor treatment to further decrease hydrocarbon load. | EF39: C-I-C | EG39: C-I-C | EH39: x | EJ39: C-I-C | EP39: C-I-C | EV39: C-I-C
A40: Comms Site | B40: Browns Bunker and Test Hut Communications | C40: TBC TC-BB | E40: HAZELWOOD DRIVE, MORWELL, VICTORIA 3840 | F40: 5D~A\PP2749 | G40: -38.246958 | H40: 146.41187 | I40: TBC | J40: TBC | K40: Leased | L40: Active | M40: Uploaded 16/03 | N40: Yes / Yes | O40: 44251 | P40: M Snell | Q40: Yes | Z40: =IF(OR(U40<>"",T40<>""),5,IF(S40<>"",4,IF(R40<>"",3,IF(Q40="Yes",2,1)))) -> 2 | AG40: 1 | AI40: 1 | AJ40: 1 | AK40: 4 | AL40: 5 | AM40: =MAX(AK40,AL40) -> 5 | AN40: {=IF(OR(AJ40="0",AM40="0"),"",INDEX('[3]Oil Matrix'!$D$6:$H$10,'Master All_TRR_TS'!AM40,'Master All_TRR_TS'!AJ40))} -> 3 | AO40: =CS40 -> 2 | AQ40: 6 or 12 monthly inspection program | AR40: =MAX(Risk_Assessment6[[#This Row],[2) Oil Leak Condition]:[3b) Oil/water separator and shut off valve]]) -> 5 | AS40: None | AT40: None | AU40: None | AV40: None | AW40: None | AX40: None | AY40: None | AZ40: None | BA40: None | BF40: No | BM40: {=MAX(IF(ISBLANK(AS40:BL40),"",VLOOKUP(AS40:BL40,'[3]Impact Factor'!B:D,2,FALSE)))} -> 1 | BN40: {=MAX(IF(ISBLANK(AS40:BL40),"",VLOOKUP(AS40:BL40,'[3]Impact Factor'!B:D,3,FALSE)))} -> 1 | BO40: 2 | BS40: 4 | BT40: {=IF(SUM(BM40:BS40)=0,"N/A",_xlfn.IFS(AND((SUM(BM40:BN40)>0),(SUM(BO40:BS40)>0)),ROUND((($BM$3*MAX(BM40:BN40))+($BO$3*MAX(BO40:BS40))),0),AND(OR(BM40:BN40=0,ISERROR(BM40:BN40)),(SUM(BO40:BS40)>0)), MAX(BO40:BS40),AND((SUM(BO40:BS40)=0),(SUM(BM40:BN40)>0)),MAX(BM40:BN40)))} -> 2 | BU40: {=IF(OR(AR40="N/A", BT40="N/A"), "", INDEX([3]Methodology!$D$3:$H$7,'Master All_TRR_TS'!AR261,'Master All_TRR_TS'!BT261))} -> B | BV40: E | BW40: =IF(AND(AR40>2,BT40>2),"Yes", "No") -> No | BZ40: =IF(COUNT(AR40,BT40)=2,(IF(AND(AR40>=3,#REF!>=3),"Y","")),"") -> #REF! | CB40: =IF(Risk_Assessment6[[#This Row],[Stockpiles]]="Spoil / Waste", "Y", "") | CC40: =IF(Risk_Assessment6[[#This Row],[Off-site Drainage Discharge (Y/N)]]="Yes", "Y", "") | CN40: 3 | CO40: 2 | CP40: 2 | CQ40: 1 | CR40: =IF(CO40>2.9,MAX(CO40,CP40),CO40) -> 2 | CS40: =ROUND(CR40,0) -> 2 | CT40: #N/A | CU40: #N/A | CV40: =AVERAGE(CT40:CU40) -> #N/A | CW40: =ROUND(CV40,0) -> #N/A | CX40: #N/A | CY40: N/A | CZ40: #N/A | DA40: #N/A | DB40: #N/A | DD40: #N/A | DE40: #N/A | DF40: #N/A | DG40: #N/A | DH40: #N/A | DI40: #N/A | DJ40: #N/A | DK40: #N/A | DL40: #N/A | DM40: #N/A | DN40: #N/A | DO40: #N/A | DP40: #N/A | DQ40: #N/A | DU40: N/A | DV40: West | DW40: TBC | DX40: TBC | EV40: C-I-C
A41: Terminal Station | B41: Brunswick TS (BTS) | C41: TS-BTSX | D41: Central | E41: 46 King Street, Brunswick East, Victoria, 3056 | F41: 1\PS725945 | G41: -37.773862 | H41: 144.9837 | I41: TBC | J41: TBC | K41: Freehold | L41: Active | M41: Done | N41: Yes / Yes | O41: 44047 | P41: A Ryan | Q41: Yes | R41: Coffey (2011), WSP (2023) | T41: AusNet, Transmission Sites, Portfolio EMP | W41: PSI-Coffey (2011), PSI-WSP (2023), Water Quality Investigation Program (2022) | X41: Geo-Eng - Environmental Risk Assessment (1996). SKM - Groundwater Assessment (2001). GeoEng - Environmental Risk Audit for Bunding and Stormwater System Compliance (2002). GHD - Environmental Inspections, Maintenance and Tests (2003). Coffey - Preliminary Geotechnical Assessment (2011) | Y41: 44927 | Z41: =IF(OR(U41<>"",T41<>""),5,IF(S41<>"",4,IF(R41<>"",3,IF(Q41="Yes",2,1)))) -> 5 | AA41: 5 | AB41: Historic report indicates drainage discharge exceeding discharge criteria (GHD, 2003) | AC41: 5 | AE41: Filling with contaminated soils (i.e. in retaining walls etc.), other material disposed off-site | AF41: High | AG41: 5 | AH41: Hydrocarbon sheen visible on water contained within the transformer concrete bund at the rear of the middle transformer radiator located within the southern portion of the site. | AI41: 6 | AJ41: 3 | AK41: 1 | AL41: 1 | AM41: =MAX(AK41,AL41) -> 1 | AN41: {=IF(OR(AJ41="0",AM41="0"),"",INDEX('[3]Oil Matrix'!$D$6:$H$10,'Master All_TRR_TS'!AM41,'Master All_TRR_TS'!AJ41))} -> 2 | AO41: =CS41 -> 1 | AQ41: Fully compliant sealed bund with puraceptor oil/water separator + shut off valve | AR41: =MAX(Risk_Assessment6[[#This Row],[2) Oil Leak Condition]:[3b) Oil/water separator and shut off valve]]) -> 3 | AS41: <10 kg or <50 mg/kg | AT41: Large | AU41: Yes | AV41: >1,000 L | AW41: Default Chemicals | AX41: Yes - Large Volume | AY41: Yes - LPG | AZ41: None | BA41: None | BB41: Yes | BF41: No | BI41: None | BM41: 3 | BN41: {=MAX(IF(ISBLANK(AS41:BL41),"",VLOOKUP(AS41:BL41,'[3]Impact Factor'!B:D,3,FALSE)))} -> 4 | BO41: 5 | BP41: Yes | BQ41: 5 | BR41: Yes | BS41: 5 | BT41: {=IF(SUM(BM41:BS41)=0,"N/A",_xlfn.IFS(AND((SUM(BM41:BN41)>0),(SUM(BO41:BS41)>0)),ROUND((($BM$3*MAX(BM41:BN41))+($BO$3*MAX(BO41:BS41))),0),AND(OR(BM41:BN41=0,ISERROR(BM41:BN41)),(SUM(BO41:BS41)>0)), MAX(BO41:BS41),AND((SUM(BO41:BS41)=0),(SUM(BM41:BN41)>0)),MAX(BM41:BN41)))} -> 4 | BU41: {=IF(OR(AR41="N/A", BT41="N/A"), "", INDEX([3]Methodology!$D$3:$H$7,'Master All_TRR_TS'!AR60,'Master All_TRR_TS'!BT60))} -> C | BV41: C | BW41: =IF(AND(AR41>2,BT41>2),"Yes", "No") -> Yes | BX41: Potential contaminating activities. | BZ41: =IF(COUNT(AR41,BT41)=2,(IF(AND(AR41>=3,#REF!>=3),"Y","")),"") -> #REF! | CB41: =IF(Risk_Assessment6[[#This Row],[Stockpiles]]="Spoil / Waste", "Y", "") | CC41: =IF(Risk_Assessment6[[#This Row],[Off-site Drainage Discharge (Y/N)]]="Yes", "Y", "") -> Y | CD41: PSI with limited soil sampling program. GME from existing wells. | CJ41: AusNet, Transmission Sites, Portfolio EMP | CL41: Geo-Eng - Environmental Risk Assessment (1996). SKM - Groundwater Assessment (2001). GeoEng - Environmental Risk Audit for Bunding and Stormwater System Compliance (2002). GHD - Environmental Inspections, Maintenance and Tests (2003). Coffey - Preliminary Geotechnical Assessment (2011) | CN41: 2 | CO41: 1 | CP41: 4 | CQ41: 1 | CR41: =IF(CO41>2.9,MAX(CO41,CP41),CO41) -> 1 | CS41: =ROUND(CR41,0) -> 1 | CT41: #N/A | CU41: #N/A | CV41: =AVERAGE(CT41:CU41) -> #N/A | CW41: =ROUND(CV41,0) -> #N/A | CX41: #N/A | CY41: N/A | CZ41: #N/A | DA41: #N/A | DB41: #N/A | DD41: #N/A | DE41: #N/A | DF41: #N/A | DG41: #N/A | DH41: #N/A | DI41: #N/A | DJ41: #N/A | DK41: #N/A | DL41: #N/A | DM41: #N/A | DN41: #N/A | DO41: #N/A | DP41: #N/A | DQ41: #N/A | DU41: N/A | DV41: West | DW41: TBC | DX41: TBC | DY41: C1 | DZ41: Enviro - one above ground stormwater isolation valve in place | EA41: N | EB41: Confidence 5/5. Environmental report from 2023. | EC41: Risk driven by an oil leak rating 3/5, storage of >1,000 L fuel, presence of an underground storage tank (UST). Oil leak rating 3/5 Fully compliant, sealed bund. | ED41: 1. Remove UST and validate. 2. Repair leaking transformers. There are 6 on site. 3. Clean bunds 4. Check bund integrity. | EE41: C-I-C | EF41: C-I-C | EG41: C-I-C | EH41: x | EV41: C-I-C
A42: Terminal Station | B42: Bulgana TS (BGTS) | C42: TS-BGTS | D42: West | E42: Vance Crossing Road, Joel South VIC 3384 | F42: None | G42: -37.041822 | H42: 142.98556 | I42: TBC | J42: TBC | K42: Pending Acquisition | L42: Pending Acquisition | M42: Done | N42: Yes / Yes | O42: 44068 | P42: CJ Wilson | Q42: Yes | Z42: =IF(OR(U42<>"",T42<>""),5,IF(S42<>"",4,IF(R42<>"",3,IF(Q42="Yes",2,1)))) -> 2 | AA42: 2 | AG42: 4 | AI42: 1 | AJ42: 1 | AK42: 1 | AL42: 2 | AM42: =MAX(AK42,AL42) -> 2 | AN42: {=IF(OR(AJ42="0",AM42="0"),"",INDEX('[3]Oil Matrix'!$D$6:$H$10,'Master All_TRR_TS'!AM42,'Master All_TRR_TS'!AJ42))} -> 1 | AO42: =CS42 -> 2 | AQ42: Fully compliant sealed bund with basic oil/water separator + shut off valve or triple interceptor tank - no shut off valve | AR42: =MAX(Risk_Assessment6[[#This Row],[2) Oil Leak Condition]:[3b) Oil/water separator and shut off valve]]) -> 2 | AS42: None | AT42: Large | AU42: Yes | AV42: None | AW42: None | AX42: Yes - Small Volume | AZ42: None | BF42: No | BM42: {=MAX(IF(ISBLANK(AS42:BL42),"",VLOOKUP(AS42:BL42,'[3]Impact Factor'!B:D,2,FALSE)))} -> 3 | BN42: {=MAX(IF(ISBLANK(AS42:BL42),"",VLOOKUP(AS42:BL42,'[3]Impact Factor'!B:D,3,FALSE)))} -> 2 | BO42: 3 | BS42: 1 | BT42: {=IF(SUM(BM42:BS42)=0,"N/A",_xlfn.IFS(AND((SUM(BM42:BN42)>0),(SUM(BO42:BS42)>0)),ROUND((($BM$3*MAX(BM42:BN42))+($BO$3*MAX(BO42:BS42))),0),AND(OR(BM42:BN42=0,ISERROR(BM42:BN42)),(SUM(BO42:BS42)>0)), MAX(BO42:BS42),AND((SUM(BO42:BS42)=0),(SUM(BM42:BN42)>0)),MAX(BM42:BN42)))} -> 3 | BU42: {=IF(OR(AR42="N/A", BT42="N/A"), "", INDEX([3]Methodology!$D$3:$H$7,'Master All_TRR_TS'!AR61,'Master All_TRR_TS'!BT61))} -> C | BV42: D | BW42: =IF(AND(AR42>2,BT42>2),"Yes", "No") -> No | BZ42: =IF(COUNT(AR42,BT42)=2,(IF(AND(AR42>=3,#REF!>=3),"Y","")),"") -> #REF! | CB42: =IF(Risk_Assessment6[[#This Row],[Stockpiles]]="Spoil / Waste", "Y", "") | CC42: =IF(Risk_Assessment6[[#This Row],[Off-site Drainage Discharge (Y/N)]]="Yes", "Y", "") | CN42: 3 | CO42: 2 | CP42: 4 | CQ42: 1 | CR42: =IF(CO42>2.9,MAX(CO42,CP42),CO42) -> 2 | CS42: =ROUND(CR42,0) -> 2 | CT42: #N/A | CU42: #N/A | CV42: =AVERAGE(CT42:CU42) -> #N/A | CW42: =ROUND(CV42,0) -> #N/A | CX42: #N/A | CY42: N/A | CZ42: #N/A | DA42: #N/A | DB42: #N/A | DD42: #N/A | DE42: #N/A | DF42: #N/A | DG42: #N/A | DH42: #N/A | DI42: #N/A | DJ42: #N/A | DK42: #N/A | DL42: #N/A | DM42: #N/A | DN42: #N/A | DO42: #N/A | DP42: #N/A | DQ42: #N/A | DU42: N/A | DV42: West | DW42: TBC | DX42: TBC | DY42: N/A | DZ42: Not in this list. | EA42: Y | EB42: Confidence 2/5. Risk partially driven by lack of information. Last site inspection in 2020, no other info available. | EC42: Risk driven by lack of information. PRA notes indicate fully compliant sealed bund with basic oil/water separator + shut off valve or triple interceptor tank - no shut off valve | ED42: 1. Install shut off valve. 2. Conduct site inspection to confirm current status. | EO42: C-I-C | EV42: C-I-C
A43: Comms Site | B43: Campbells Hill Comms Site (CAMH) | C43: TC-CAMHXXXX | E43: Mirboo (Yarragon Rd), Allambee, Victoria 3823 | F43: 1\TP192252 | G43: -38.246111 | H43: 146.08861 | I43: TBC | J43: TBC | K43: Freehold | L43: Active | M43: Done | N43: Yes / Yes | O43: 44119 | P43: M Snell | Q43: Yes | Z43: =IF(OR(U43<>"",T43<>""),5,IF(S43<>"",4,IF(R43<>"",3,IF(Q43="Yes",2,1)))) -> 2 | AG43: 2 | AI43: 1 | AJ43: 1 | AK43: 4 | AL43: 5 | AM43: =MAX(AK43,AL43) -> 5 | AN43: {=IF(OR(AJ43="0",AM43="0"),"",INDEX('[3]Oil Matrix'!$D$6:$H$10,'Master All_TRR_TS'!AM43,'Master All_TRR_TS'!AJ43))} -> 3 | AO43: =CS43 -> 1 | AQ43: 6 or 12 monthly inspection program | AR43: =MAX(Risk_Assessment6[[#This Row],[2) Oil Leak Condition]:[3b) Oil/water separator and shut off valve]]) -> 5 | AS43: None | AT43: None | AU43: Yes | AV43: None | AW43: None | AX43: None | AY43: None | AZ43: None | BF43: No | BM43: {=MAX(IF(ISBLANK(AS43:BL43),"",VLOOKUP(AS43:BL43,'[3]Impact Factor'!B:D,2,FALSE)))} -> 2 | BN43: {=MAX(IF(ISBLANK(AS43:BL43),"",VLOOKUP(AS43:BL43,'[3]Impact Factor'!B:D,3,FALSE)))} -> 2 | BO43: 1 | BS43: 4 | BT43: {=IF(SUM(BM43:BS43)=0,"N/A",_xlfn.IFS(AND((SUM(BM43:BN43)>0),(SUM(BO43:BS43)>0)),ROUND((($BM$3*MAX(BM43:BN43))+($BO$3*MAX(BO43:BS43))),0),AND(OR(BM43:BN43=0,ISERROR(BM43:BN43)),(SUM(BO43:BS43)>0)), MAX(BO43:BS43),AND((SUM(BO43:BS43)=0),(SUM(BM43:BN43)>0)),MAX(BM43:BN43)))} -> 2 | BU43: {=IF(OR(AR43="N/A", BT43="N/A"), "", INDEX([3]Methodology!$D$3:$H$7,'Master All_TRR_TS'!AR218,'Master All_TRR_TS'!BT218))} -> D | BV43: E | BW43: =IF(AND(AR43>2,BT43>2),"Yes", "No") -> No | BZ43: =IF(COUNT(AR43,BT43)=2,(IF(AND(AR43>=3,#REF!>=3),"Y","")),"") -> #REF! | CB43: =IF(Risk_Assessment6[[#This Row],[Stockpiles]]="Spoil / Waste", "Y", "") | CC43: =IF(Risk_Assessment6[[#This Row],[Off-site Drainage Discharge (Y/N)]]="Yes", "Y", "") | CN43: 1 | CO43: 1 | CP43: 1 | CQ43: 1 | CR43: =IF(CO43>2.9,MAX(CO43,CP43),CO43) -> 1 | CS43: =ROUND(CR43,0) -> 1 | CT43: 3 | CU43: 1 | CV43: =AVERAGE(CT43:CU43) -> 2 | CW43: =ROUND(CV43,0) -> 2 | CX43: 2 Rare: E | CY43: N/A | CZ43: #N/A | DA43: #N/A | DB43: #N/A | DD43: City Gate | DE43: No | DF43: No | DG43: No | DH43: No | DI43: No | DJ43: No | DK43: Yes | DL43: No | DM43: No | DN43: No | DO43: Yes | DP43: No | DQ43: Yes | DR43: N/A | DS43: N/A | DT43: N/A | DU43: N/A | DV43: West | DW43: TBC | DX43: TBC | EV43: C-I-C
A44: Sub Station | B44: Cann River ZSS (CNR) | C44: DS-CNR | D44: East | E44: Old Coast Road (Tip), Cann River, Victoria 3890 | F44: 9\PP3605 | G44: -37.579778 | H44: 149.12894 | I44: TBC | J44: TBC | K44: Licensed | L44: Active | M44: Done | N44: Yes / Yes | O44: 44045 | P44: M Snell | Q44: Yes | Z44: =IF(OR(U44<>"",T44<>""),5,IF(S44<>"",4,IF(R44<>"",3,IF(Q44="Yes",2,1)))) -> 2 | AA44: 58 | AG44: 3 | AI44: 3 | AJ44: 4 | AK44: 4 | AL44: 5 | AM44: =MAX(AK44,AL44) -> 5 | AN44: {=IF(OR(AJ44="0",AM44="0"),"",INDEX('[3]Oil Matrix'!$D$6:$H$10,'Master All_TRR_TS'!AM44,'Master All_TRR_TS'!AJ44))} -> 5 | AO44: =CS44 -> 1 | AQ44: Brick bund with gravel floor | AR44: =MAX(Risk_Assessment6[[#This Row],[2) Oil Leak Condition]:[3b) Oil/water separator and shut off valve]]) -> 5 | AS44: <10 kg or <50 mg/kg | AT44: Large | AU44: Yes | AV44: None | AW44: None | AX44: None | AY44: None | AZ44: None | BA44: Yes - Septic | BF44: No | BM44: {=MAX(IF(ISBLANK(AS44:BL44),"",VLOOKUP(AS44:BL44,'[3]Impact Factor'!B:D,2,FALSE)))} -> 3 | BN44: {=MAX(IF(ISBLANK(AS44:BL44),"",VLOOKUP(AS44:BL44,'[3]Impact Factor'!B:D,3,FALSE)))} -> 3 | BO44: 3 | BS44: 4 | BT44: {=IF(SUM(BM44:BS44)=0,"N/A",_xlfn.IFS(AND((SUM(BM44:BN44)>0),(SUM(BO44:BS44)>0)),ROUND((($BM$3*MAX(BM44:BN44))+($BO$3*MAX(BO44:BS44))),0),AND(OR(BM44:BN44=0,ISERROR(BM44:BN44)),(SUM(BO44:BS44)>0)), MAX(BO44:BS44),AND((SUM(BO44:BS44)=0),(SUM(BM44:BN44)>0)),MAX(BM44:BN44)))} -> 3 | BU44: {=IF(OR(AR44="N/A", BT44="N/A"), "", INDEX([3]Methodology!$D$3:$H$7,'Master All_TRR_TS'!AR132,'Master All_TRR_TS'!BT132))} -> B | BV44: D | BW44: =IF(AND(AR44>2,BT44>2),"Yes", "No") -> Yes | BZ44: =IF(COUNT(AR44,BT44)=2,(IF(AND(AR44>=3,#REF!>=3),"Y","")),"") -> #REF! | CB44: =IF(Risk_Assessment6[[#This Row],[Stockpiles]]="Spoil / Waste", "Y", "") | CC44: =IF(Risk_Assessment6[[#This Row],[Off-site Drainage Discharge (Y/N)]]="Yes", "Y", "") | CN44: 1 | CO44: 1 | CP44: 1 | CQ44: 1 | CR44: =IF(CO44>2.9,MAX(CO44,CP44),CO44) -> 1 | CS44: =ROUND(CR44,0) -> 1 | CT44: 3 | CU44: 1 | CV44: =AVERAGE(CT44:CU44) -> 2 | CW44: =ROUND(CV44,0) -> 2 | CX44: 2 Rare: E | CY44: N/A | CZ44: Possible natural gas via leakage | DA44: #N/A | DB44: #N/A | DD44: #N/A | DE44: No | DF44: No | DG44: No | DH44: No | DI44: No | DJ44: No | DK44: Yes | DL44: No | DM44: No | DN44: No | DO44: Yes | DP44: No | DQ44: Yes | DR44: N/A | DS44: N/A | DT44: N/A | DU44: N/A | DV44: West | DW44: TBC | DX44: TBC | EV44: C-I-C
A45: Comms Site | B45: Carrajung Comms Site (CARJ) | C45: TBC TC-Curr | E45: GRAND RIDGE ROAD, CARRAJUNG, VICTORIA 3844 | F45: 1\TP559706 | G45: -38.422632 | H45: 146.58124 | I45: TBC | J45: TBC | K45: Freehold | L45: ACTIVE | M45: gas radio site earmarked for removal in 2020 (A Ryan) B Scott email | N45: No assessment needed | Q45: N/A | Z45: =IF(OR(U45<>"",T45<>""),5,IF(S45<>"",4,IF(R45<>"",3,IF(Q45="Yes",2,1)))) -> 1 | AG45: 2 | AI45: 31 | AJ45: 3 | AK45: 4 | AL45: 5 | AM45: =MAX(AK45,AL45) -> 5 | AN45: {=IF(OR(AJ45="0",AM45="0"),"",INDEX('[3]Oil Matrix'!$D$6:$H$10,'Master All_TRR_TS'!AM45,'Master All_TRR_TS'!AJ45))} -> 4 | AO45: =CS45 -> 1 | AR45: =MAX(Risk_Assessment6[[#This Row],[2) Oil Leak Condition]:[3b) Oil/water separator and shut off valve]]) -> 5 | AS45: None | BF45: Yes | BM45: {=MAX(IF(ISBLANK(AS45:BL45),"",VLOOKUP(AS45:BL45,'[3]Impact Factor'!B:D,2,FALSE)))} -> 2 | BN45: {=MAX(IF(ISBLANK(AS45:BL45),"",VLOOKUP(AS45:BL45,'[3]Impact Factor'!B:D,3,FALSE)))} -> 2 | BT45: {=IF(SUM(BM45:BS45)=0,"N/A",_xlfn.IFS(AND((SUM(BM45:BN45)>0),(SUM(BO45:BS45)>0)),ROUND((($BM$3*MAX(BM45:BN45))+($BO$3*MAX(BO45:BS45))),0),AND(OR(BM45:BN45=0,ISERROR(BM45:BN45)),(SUM(BO45:BS45)>0)), MAX(BO45:BS45),AND((SUM(BO45:BS45)=0),(SUM(BM45:BN45)>0)),MAX(BM45:BN45)))} -> 2 | BU45: {=IF(OR(AR45="N/A", BT45="N/A"), "", INDEX([3]Methodology!$D$3:$H$7,'Master All_TRR_TS'!AR257,'Master All_TRR_TS'!BT257))} -> C | BV45: D | BW45: =IF(AND(AR45>2,BT45>2),"Yes", "No") -> No | BZ45: =IF(COUNT(AR45,BT45)=2,(IF(AND(AR45>=3,#REF!>=3),"Y","")),"") -> #REF! | CB45: =IF(Risk_Assessment6[[#This Row],[Stockpiles]]="Spoil / Waste", "Y", "") | CC45: =IF(Risk_Assessment6[[#This Row],[Off-site Drainage Discharge (Y/N)]]="Yes", "Y", "") | CN45: 1 | CO45: 1 | CP45: 1 | CQ45: 1 | CR45: =IF(CO45>2.9,MAX(CO45,CP45),CO45) -> 1 | CS45: =ROUND(CR45,0) -> 1 | CT45: 3 | CU45: 1 | CV45: =AVERAGE(CT45:CU45) -> 2 | CW45: =ROUND(CV45,0) -> 2 | CX45: 2 Rare: E | CY45: N/A | CZ45: Possible natural gas via leakage | DA45: #N/A | DB45: No | DD45: City Gate | DE45: No | DF45: No | DG45: No | DH45: No | DI45: No | DJ45: No | DK45: Yes | DL45: No | DM45: No | DN45: No | DO45: Yes | DP45: No | DQ45: Yes | DR45: N/A | DS45: N/A | DT45: N/A | DU45: N/A | DV45: West | DW45: TBC | DX45: TBC | EV45: C-I-C
A46: City Gate | B46: Castlemaine City Gate | C46: CAST | E46: Castlemaine-Maldon Road, Castlemaine, Victoria 3450 | F46: None | G46: -37.062667 | H46: 144.17047 | I46: TBC | J46: TBC | K46: FREEHOLD | L46: ACTIVE | M46: Done | N46: Yes / Yes | O46: 44152 | P46: Tony W. | Q46: Yes | Z46: =IF(OR(U46<>"",T46<>""),5,IF(S46<>"",4,IF(R46<>"",3,IF(Q46="Yes",2,1)))) -> 2 | AG46: 2 | AI46: 8 | AJ46: 1 | AK46: 4 | AL46: 5 | AM46: =MAX(AK46,AL46) -> 5 | AN46: {=IF(OR(AJ46="0",AM46="0"),"",INDEX('[3]Oil Matrix'!$D$6:$H$10,'Master All_TRR_TS'!AM46,'Master All_TRR_TS'!AJ46))} -> 3 | AO46: =CS46 -> 1 | AQ46: Routine inspections and reporting | AR46: =MAX(Risk_Assessment6[[#This Row],[2) Oil Leak Condition]:[3b) Oil/water separator and shut off valve]]) -> 5 | AS46: None | AT46: None | AU46: Yes | AV46: None | AW46: None | AX46: None | AY46: None | AZ46: None | BF46: No | BM46: {=MAX(IF(ISBLANK(AS46:BL46),"",VLOOKUP(AS46:BL46,'[3]Impact Factor'!B:D,2,FALSE)))} -> 2 | BN46: {=MAX(IF(ISBLANK(AS46:BL46),"",VLOOKUP(AS46:BL46,'[3]Impact Factor'!B:D,3,FALSE)))} -> 2 | BO46: 3 | BS46: 1 | BT46: {=IF(SUM(BM46:BS46)=0,"N/A",_xlfn.IFS(AND((SUM(BM46:BN46)>0),(SUM(BO46:BS46)>0)),ROUND((($BM$3*MAX(BM46:BN46))+($BO$3*MAX(BO46:BS46))),0),AND(OR(BM46:BN46=0,ISERROR(BM46:BN46)),(SUM(BO46:BS46)>0)), MAX(BO46:BS46),AND((SUM(BO46:BS46)=0),(SUM(BM46:BN46)>0)),MAX(BM46:BN46)))} -> 2 | BU46: {=IF(OR(AR46="N/A", BT46="N/A"), "", INDEX([3]Methodology!$D$3:$H$7,'Master All_TRR_TS'!AR228,'Master All_TRR_TS'!BT228))} -> C | BV46: E | BW46: =IF(AND(AR46>2,BT46>2),"Yes", "No") -> No | BZ46: =IF(COUNT(AR46,BT46)=2,(IF(AND(AR46>=3,#REF!>=3),"Y","")),"") -> #REF! | CB46: =IF(Risk_Assessment6[[#This Row],[Stockpiles]]="Spoil / Waste", "Y", "") | CC46: =IF(Risk_Assessment6[[#This Row],[Off-site Drainage Discharge (Y/N)]]="Yes", "Y", "") | CN46: 1 | CO46: 1 | CP46: 1 | CQ46: 1 | CR46: =IF(CO46>2.9,MAX(CO46,CP46),CO46) -> 1 | CS46: =ROUND(CR46,0) -> 1 | CT46: 1 | CU46: 4 | CV46: =AVERAGE(CT46:CU46) -> 2.5 | CW46: =ROUND(CV46,0) -> 3 | CX46: N/A adondoned site | CY46: N/A | DA46: N/A | DB46: Station has been vandalised after being abandoned by Ausnet | DD46: Abondoned site | DE46: No | DF46: No | DG46: No | DH46: No | DI46: No | DJ46: No | DK46: No | DL46: Yes | DM46: No | DN46: No | DO46: Yes | DP46: No | DQ46: 0 | DU46: N/A | DV46: Central | DW46: TBC | DX46: TBC | EV46: C-I-C
A47: Sub Station | B47: Chirnside Park ZSS (CPK) | C47: DS-CPK | D47: Central | E47: 11 Fletcher Road, Mooroolbark VIC 3138 | F47: 2\PS516019 | G47: -37.761415 | H47: 145.31244 | I47: TBC | J47: TBC | K47: Freehold | L47: Active | M47: Done | N47: Yes / Yes | O47: 43976 | P47: A Ryan | Q47: Yes | Z47: =IF(OR(U47<>"",T47<>""),5,IF(S47<>"",4,IF(R47<>"",3,IF(Q47="Yes",2,1)))) -> 2 | AA47: 7 | AG47: 3 | AH47: Relatively new site | AI47: 2 | AJ47: 1 | AK47: 1 | AL47: 1 | AM47: =MAX(AK47,AL47) -> 1 | AN47: {=IF(OR(AJ47="0",AM47="0"),"",INDEX('[3]Oil Matrix'!$D$6:$H$10,'Master All_TRR_TS'!AM47,'Master All_TRR_TS'!AJ47))} -> 1 | AO47: =CS47 -> 4 | AQ47: Fully compliant sealed bund with puraceptor oil/water separator + shut off valve | AR47: =MAX(Risk_Assessment6[[#This Row],[2) Oil Leak Condition]:[3b) Oil/water separator and shut off valve]]) -> 1 | AS47: None | AT47: Large | AU47: Yes | AV47: None | AW47: Default Chemicals | AZ47: None | BF47: No | BM47: {=MAX(IF(ISBLANK(AS47:BL47),"",VLOOKUP(AS47:BL47,'[3]Impact Factor'!B:D,2,FALSE)))} -> 4 | BN47: {=MAX(IF(ISBLANK(AS47:BL47),"",VLOOKUP(AS47:BL47,'[3]Impact Factor'!B:D,3,FALSE)))} -> 4 | BO47: 5 | BS47: 2 | BT47: {=IF(SUM(BM47:BS47)=0,"N/A",_xlfn.IFS(AND((SUM(BM47:BN47)>0),(SUM(BO47:BS47)>0)),ROUND((($BM$3*MAX(BM47:BN47))+($BO$3*MAX(BO47:BS47))),0),AND(OR(BM47:BN47=0,ISERROR(BM47:BN47)),(SUM(BO47:BS47)>0)), MAX(BO47:BS47),AND((SUM(BO47:BS47)=0),(SUM(BM47:BN47)>0)),MAX(BM47:BN47)))} -> 4 | BU47: {=IF(OR(AR47="N/A", BT47="N/A"), "", INDEX([3]Methodology!$D$3:$H$7,'Master All_TRR_TS'!AR187,'Master All_TRR_TS'!BT187))} -> C | BV47: C | BW47: =IF(AND(AR47>2,BT47>2),"Yes", "No") -> No | BZ47: =IF(COUNT(AR47,BT47)=2,(IF(AND(AR47>=3,#REF!>=3),"Y","")),"") -> #REF! | CB47: =IF(Risk_Assessment6[[#This Row],[Stockpiles]]="Spoil / Waste", "Y", "") | CC47: =IF(Risk_Assessment6[[#This Row],[Off-site Drainage Discharge (Y/N)]]="Yes", "Y", "") | CN47: 9 | CO47: 4 | CP47: 4 | CQ47: 5 | CR47: =IF(CO47>2.9,MAX(CO47,CP47),CO47) -> 4 | CS47: =ROUND(CR47,0) -> 4 | CT47: #N/A | CU47: #N/A | CV47: =AVERAGE(CT47:CU47) -> #N/A | CW47: =ROUND(CV47,0) -> #N/A | CX47: #N/A | CY47: N/A | CZ47: #N/A | DA47: #N/A | DB47: #N/A | DD47: #N/A | DE47: #N/A | DF47: #N/A | DG47: #N/A | DH47: #N/A | DI47: #N/A | DJ47: #N/A | DK47: #N/A | DL47: #N/A | DM47: #N/A | DN47: #N/A | DO47: #N/A | DP47: #N/A | DQ47: #N/A | DU47: N/A | DV47: West | DW47: TBC | DX47: TBC | EV47: C-I-C
A48: Sub Station | B48: Clover Flat Power Station ZSS (CLPS) / Clover Flat ZSS (CF) | C48: DS-CFX | D48: North | E48: Bogong High Plains Road, Bogong, Victoria 3708 | F48: 11A\PP2361 | G48: -36.806361 | H48: 147.22492 | I48: TBC | J48: TBC | K48: Leased | L48: Active | M48: Done | N48: Yes / Yes | O48: 44014 | P48: CJ Wilson | Q48: Yes | Z48: =IF(OR(U48<>"",T48<>""),5,IF(S48<>"",4,IF(R48<>"",3,IF(Q48="Yes",2,1)))) -> 2 | AA48: 85 | AG48: 3 | AI48: 3 | AJ48: 4 | AK48: 1 | AL48: 1 | AM48: =MAX(AK48,AL48) -> 1 | AN48: {=IF(OR(AJ48="0",AM48="0"),"",INDEX('[3]Oil Matrix'!$D$6:$H$10,'Master All_TRR_TS'!AM48,'Master All_TRR_TS'!AJ48))} -> 3 | AO48: =CS48 -> 1 | AQ48: Fully compliant sealed bund with puraceptor oil/water separator + shut off valve | AR48: =MAX(Risk_Assessment6[[#This Row],[2) Oil Leak Condition]:[3b) Oil/water separator and shut off valve]]) -> 4 | AS48: <10 kg or <50 mg/kg | AT48: Large | AU48: Yes | AV48: None | AW48: None | AX48: None | AZ48: None | BF48: No | BM48: {=MAX(IF(ISBLANK(AS48:BL48),"",VLOOKUP(AS48:BL48,'[3]Impact Factor'!B:D,2,FALSE)))} -> 3 | BN48: {=MAX(IF(ISBLANK(AS48:BL48),"",VLOOKUP(AS48:BL48,'[3]Impact Factor'!B:D,3,FALSE)))} -> 2 | BO48: 1 | BS48: 5 | BT48: {=IF(SUM(BM48:BS48)=0,"N/A",_xlfn.IFS(AND((SUM(BM48:BN48)>0),(SUM(BO48:BS48)>0)),ROUND((($BM$3*MAX(BM48:BN48))+($BO$3*MAX(BO48:BS48))),0),AND(OR(BM48:BN48=0,ISERROR(BM48:BN48)),(SUM(BO48:BS48)>0)), MAX(BO48:BS48),AND((SUM(BO48:BS48)=0),(SUM(BM48:BN48)>0)),MAX(BM48:BN48)))} -> 3 | BU48: {=IF(OR(AR48="N/A", BT48="N/A"), "", INDEX([3]Methodology!$D$3:$H$7,'Master All_TRR_TS'!AR131,'Master All_TRR_TS'!BT131))} -> C | BV48: D | BW48: =IF(AND(AR48>2,BT48>2),"Yes", "No") -> Yes | BZ48: =IF(COUNT(AR48,BT48)=2,(IF(AND(AR48>=3,#REF!>=3),"Y","")),"") -> #REF! | CB48: =IF(Risk_Assessment6[[#This Row],[Stockpiles]]="Spoil / Waste", "Y", "") | CC48: =IF(Risk_Assessment6[[#This Row],[Off-site Drainage Discharge (Y/N)]]="Yes", "Y", "") | CE48: Yes | CF48: Stage 2 - due 2018 | CG48: Yes | CH48: Rebuild due 2014-2020 | CN48: 1 | CO48: 1 | CP48: 1 | CQ48: 1 | CR48: =IF(CO48>2.9,MAX(CO48,CP48),CO48) -> 1 | CS48: =ROUND(CR48,0) -> 1 | CT48: 5 | CU48: 4 | CV48: =AVERAGE(CT48:CU48) -> 4.5 | CW48: =ROUND(CV48,0) -> 5 | CX48: 5 Rare: C | CY48: N/A | DA48: N/A | DB48: No | DD48: Comms Site | DE48: No | DF48: No | DG48: No | DH48: No | DI48: No | DJ48: No | DK48: No | DL48: No | DM48: Yes | DN48: Yes | DO48: Yes | DP48: No | DQ48: 0 | DU48: N/A | DV48: Central | DW48: Andrew Ryan | DX48: C | EV48: C-I-C
A49: Sub Station | B49: Clyde North ZSS (CLN) | C49: DS-CLN | D49: Central | E49: Berwick-Cranbourne Rd, Clyde North, Victoria, 3978 | F49: RES1\PS818695 | G49: -38.094846 | H49: 145.33292 | I49: TBC | J49: TBC | K49: Leased | L49: Active | M49: Done | N49: Yes / Yes | O49: 43977 | P49: A Ryan | Q49: Yes | T49: AusNet, Distribution Sites, Portfolio EMP | Z49: =IF(OR(U49<>"",T49<>""),5,IF(S49<>"",4,IF(R49<>"",3,IF(Q49="Yes",2,1)))) -> 5 | AA49: 15 | AG49: 5 | AI49: 10 | AJ49: 4 | AK49: 4 | AL49: 3 | AM49: =MAX(AK49,AL49) -> 4 | AN49: {=IF(OR(AJ49="0",AM49="0"),"",INDEX('[3]Oil Matrix'!$D$6:$H$10,'Master All_TRR_TS'!AM49,'Master All_TRR_TS'!AJ49))} -> 4 | AO49: =CS49 -> 1 | AQ49: Brick bund with gravel floor and basic oil/water separator - no shut off valve | AR49: =MAX(Risk_Assessment6[[#This Row],[2) Oil Leak Condition]:[3b) Oil/water separator and shut off valve]]) -> 4 | AS49: <10 kg or <50 mg/kg | AT49: Large | AU49: Yes | AV49: None | AW49: Default Chemicals | AX49: Yes - Small Volume | AY49: None | AZ49: None | BA49: Yes - Septic | BF49: No | BM49: {=MAX(IF(ISBLANK(AS49:BL49),"",VLOOKUP(AS49:BL49,'[3]Impact Factor'!B:D,2,FALSE)))} -> 4 | BN49: {=MAX(IF(ISBLANK(AS49:BL49),"",VLOOKUP(AS49:BL49,'[3]Impact Factor'!B:D,3,FALSE)))} -> 4 | BO49: 4 | BP49: No | BQ49: 4 | BR49: No | BS49: 2 | BT49: {=IF(SUM(BM49:BS49)=0,"N/A",_xlfn.IFS(AND((SUM(BM49:BN49)>0),(SUM(BO49:BS49)>0)),ROUND((($BM$3*MAX(BM49:BN49))+($BO$3*MAX(BO49:BS49))),0),AND(OR(BM49:BN49=0,ISERROR(BM49:BN49)),(SUM(BO49:BS49)>0)), MAX(BO49:BS49),AND((SUM(BO49:BS49)=0),(SUM(BM49:BN49)>0)),MAX(BM49:BN49)))} -> 4 | BU49: {=IF(OR(AR49="N/A", BT49="N/A"), "", INDEX([3]Methodology!$D$3:$H$7,'Master All_TRR_TS'!AR69,'Master All_TRR_TS'!BT69))} -> C | BV49: D | BW49: =IF(AND(AR49>2,BT49>2),"Yes", "No") -> Yes | BX49: Potential contaminating activities. | BZ49: =IF(COUNT(AR49,BT49)=2,(IF(AND(AR49>=3,#REF!>=3),"Y","")),"") -> #REF! | CA49: NA | CB49: =IF(Risk_Assessment6[[#This Row],[Stockpiles]]="Spoil / Waste", "Y", "") | CC49: =IF(Risk_Assessment6[[#This Row],[Off-site Drainage Discharge (Y/N)]]="Yes", "Y", "") | CD49: PSI with limited soil sampling program. | CJ49: AusNet, Distribution Sites, Portfolio EMP | CN49: 1 | CO49: 1 | CP49: 1 | CQ49: 1 | CR49: =IF(CO49>2.9,MAX(CO49,CP49),CO49) -> 1 | CS49: =ROUND(CR49,0) -> 1 | CT49: 4 | CU49: 1 | CV49: =AVERAGE(CT49:CU49) -> 2.5 | CW49: =ROUND(CV49,0) -> 3 | CX49: 3 Rare: D | CY49: N/A | DA49: N/A | DB49: No | DD49: Comms Site | DE49: No | DF49: No | DG49: No | DH49: No | DI49: No | DJ49: No | DK49: No | DL49: No | DM49: No | DN49: No | DO49: Yes | DP49: No | DQ49: 0 | DU49: N/A | DV49: West | DW49: Cameron Wilson | DX49: D | EV49: C-I-C
A50: City Gate | B50: Cobden City Gate | C50: COBD | E50: Cobden-Terang Road, Cobden VIC 3266 | F50: None | G50: -38.33068 | H50: 143.046 | I50: TBC | J50: TBC | K50: Freehold | L50: Active | M50: Done | N50: Yes / Yes | O50: 44295 | P50: Tony W. | Q50: Yes | Z50: =IF(OR(U50<>"",T50<>""),5,IF(S50<>"",4,IF(R50<>"",3,IF(Q50="Yes",2,1)))) -> 2 | AG50: 2 | AI50: No | AJ50: 1 | AK50: 4 | AL50: 5 | AM50: =MAX(AK50,AL50) -> 5 | AN50: {=IF(OR(AJ50="0",AM50="0"),"",INDEX('[3]Oil Matrix'!$D$6:$H$10,'Master All_TRR_TS'!AM50,'Master All_TRR_TS'!AJ50))} -> 3 | AO50: =CS50 -> 1 | AQ50: Routine inspections and reporting | AR50: =MAX(Risk_Assessment6[[#This Row],[2) Oil Leak Condition]:[3b) Oil/water separator and shut off valve]]) -> 5 | AS50: None | AT50: None | AU50: Yes | AV50: None | AW50: None | AX50: None | AY50: None | AZ50: None | BA50: None | BF50: No | BM50: {=MAX(IF(ISBLANK(AS50:BL50),"",VLOOKUP(AS50:BL50,'[3]Impact Factor'!B:D,2,FALSE)))} -> 2 | BN50: {=MAX(IF(ISBLANK(AS50:BL50),"",VLOOKUP(AS50:BL50,'[3]Impact Factor'!B:D,3,FALSE)))} -> 2 | BT50: {=IF(SUM(BM50:BS50)=0,"N/A",_xlfn.IFS(AND((SUM(BM50:BN50)>0),(SUM(BO50:BS50)>0)),ROUND((($BM$3*MAX(BM50:BN50))+($BO$3*MAX(BO50:BS50))),0),AND(OR(BM50:BN50=0,ISERROR(BM50:BN50)),(SUM(BO50:BS50)>0)), MAX(BO50:BS50),AND((SUM(BO50:BS50)=0),(SUM(BM50:BN50)>0)),MAX(BM50:BN50)))} -> 2 | BU50: {=IF(OR(AR50="N/A", BT50="N/A"), "", INDEX([3]Methodology!$D$3:$H$7,'Master All_TRR_TS'!AR199,'Master All_TRR_TS'!BT199))} -> A | BV50: D | BW50: =IF(AND(AR50>2,BT50>2),"Yes", "No") -> No | BZ50: =IF(COUNT(AR50,BT50)=2,(IF(AND(AR50>=3,#REF!>=3),"Y","")),"") -> #REF! | CB50: =IF(Risk_Assessment6[[#This Row],[Stockpiles]]="Spoil / Waste", "Y", "") | CC50: =IF(Risk_Assessment6[[#This Row],[Off-site Drainage Discharge (Y/N)]]="Yes", "Y", "") | CN50: 1 | CO50: 1 | CP50: 1 | CQ50: 1 | CR50: =IF(CO50>2.9,MAX(CO50,CP50),CO50) -> 1 | CS50: =ROUND(CR50,0) -> 1 | CT50: 2 | CU50: 1 | CV50: =AVERAGE(CT50:CU50) -> 1.5 | CW50: =ROUND(CV50,0) -> 2 | CX50: 2 Rare: E | CY50: N/A | DA50: N/A | DB50: No | DD50: Comms Site | DE50: No | DF50: No | DG50: No | DH50: No | DI50: No | DJ50: No | DK50: No | DL50: No | DM50: No | DN50: No | DO50: No | DP50: No | DQ50: 0 | DU50: N/A | DV50: North | DW50: Cameron Wilson | DX50: E | EV50: C-I-C
A51: Comms Site | B51: Cockatoo Comms Site (COCK) | C51: TC-COCKXXXX | E51: Patemoster Road, Cockatoo (Emerald), Victoria 3782 | F51: 1\TP172109 | G51: -37.952972 | H51: 145.48778 | I51: TBC | J51: TBC | K51: Freehold | L51: Active | M51: Done | N51: Yes / Yes | O51: 43993 | P51: A Ryan | Q51: Yes | Z51: =IF(OR(U51<>"",T51<>""),5,IF(S51<>"",4,IF(R51<>"",3,IF(Q51="Yes",2,1)))) -> 2 | AG51: 2 | AI51: 1 | AJ51: 1 | AK51: 4 | AL51: 5 | AM51: =MAX(AK51,AL51) -> 5 | AN51: {=IF(OR(AJ51="0",AM51="0"),"",INDEX('[3]Oil Matrix'!$D$6:$H$10,'Master All_TRR_TS'!AM51,'Master All_TRR_TS'!AJ51))} -> 3 | AO51: =CS51 -> 1 | AQ51: 6 or 12 monthly inspection program | AR51: =MAX(Risk_Assessment6[[#This Row],[2) Oil Leak Condition]:[3b) Oil/water separator and shut off valve]]) -> 5 | AS51: None | AT51: None | AU51: Yes | AV51: None | AW51: None | AX51: None | AY51: None | AZ51: None | BF51: No | BM51: {=MAX(IF(ISBLANK(AS51:BL51),"",VLOOKUP(AS51:BL51,'[3]Impact Factor'!B:D,2,FALSE)))} -> 2 | BN51: {=MAX(IF(ISBLANK(AS51:BL51),"",VLOOKUP(AS51:BL51,'[3]Impact Factor'!B:D,3,FALSE)))} -> 2 | BO51: 1 | BS51: 2 | BT51: {=IF(SUM(BM51:BS51)=0,"N/A",_xlfn.IFS(AND((SUM(BM51:BN51)>0),(SUM(BO51:BS51)>0)),ROUND((($BM$3*MAX(BM51:BN51))+($BO$3*MAX(BO51:BS51))),0),AND(OR(BM51:BN51=0,ISERROR(BM51:BN51)),(SUM(BO51:BS51)>0)), MAX(BO51:BS51),AND((SUM(BO51:BS51)=0),(SUM(BM51:BN51)>0)),MAX(BM51:BN51)))} -> 2 | BU51: {=IF(OR(AR51="N/A", BT51="N/A"), "", INDEX([3]Methodology!$D$3:$H$7,'Master All_TRR_TS'!AR219,'Master All_TRR_TS'!BT219))} -> C | BV51: E | BW51: =IF(AND(AR51>2,BT51>2),"Yes", "No") -> No | BZ51: =IF(COUNT(AR51,BT51)=2,(IF(AND(AR51>=3,#REF!>=3),"Y","")),"") -> #REF! | CB51: =IF(Risk_Assessment6[[#This Row],[Stockpiles]]="Spoil / Waste", "Y", "") | CC51: =IF(Risk_Assessment6[[#This Row],[Off-site Drainage Discharge (Y/N)]]="Yes", "Y", "") | CN51: 1 | CO51: 1 | CP51: 1 | CQ51: 1 | CR51: =IF(CO51>2.9,MAX(CO51,CP51),CO51) -> 1 | CS51: =ROUND(CR51,0) -> 1 | CT51: 2 | CU51: 4 | CV51: =AVERAGE(CT51:CU51) -> 3 | CW51: =ROUND(CV51,0) -> 3 | CX51: 3 Rare: D | CY51: N/A | DA51: N/A | DB51: No | DD51: Comms Site | DE51: No | DF51: No | DG51: No | DH51: No | DI51: No | DJ51: No | DK51: No | DL51: No | DM51: No | DN51: Yes | DO51: Yes | DP51: No | DQ51: 0 | DU51: N/A | DV51: East | DW51: TBC | DX51: TBC | EV51: C-I-C
A52: City Gate | B52: Colac City Gate | C52: COLA | E52: Christies Road, Colac VIC 3250 | F52: 1\PS620886 | G52: -38.373349 | H52: 143.57092 | I52: TBC | J52: TBC | K52: Leased | L52: Expired | M52: Done | N52: Yes / Yes | O52: 44217 | P52: Tony W. | Q52: Yes | Z52: =IF(OR(U52<>"",T52<>""),5,IF(S52<>"",4,IF(R52<>"",3,IF(Q52="Yes",2,1)))) -> 2 | AG52: 2 | AI52: 2 | AJ52: 4 | AK52: 4 | AL52: 5 | AM52: =MAX(AK52,AL52) -> 5 | AN52: {=IF(OR(AJ52="0",AM52="0"),"",INDEX('[3]Oil Matrix'!$D$6:$H$10,'Master All_TRR_TS'!AM52,'Master All_TRR_TS'!AJ52))} -> 5 | AO52: =CS52 -> 1 | AQ52: Routine inspections and reporting | AR52: =MAX(Risk_Assessment6[[#This Row],[2) Oil Leak Condition]:[3b) Oil/water separator and shut off valve]]) -> 5 | AS52: None | AT52: None | AU52: Yes | AV52: None | AW52: None | AX52: None | AY52: None | AZ52: None | BF52: No | BM52: {=MAX(IF(ISBLANK(AS52:BL52),"",VLOOKUP(AS52:BL52,'[3]Impact Factor'!B:D,2,FALSE)))} -> 2 | BN52: {=MAX(IF(ISBLANK(AS52:BL52),"",VLOOKUP(AS52:BL52,'[3]Impact Factor'!B:D,3,FALSE)))} -> 2 | BO52: 3 | BS52: 1 | BT52: {=IF(SUM(BM52:BS52)=0,"N/A",_xlfn.IFS(AND((SUM(BM52:BN52)>0),(SUM(BO52:BS52)>0)),ROUND((($BM$3*MAX(BM52:BN52))+($BO$3*MAX(BO52:BS52))),0),AND(OR(BM52:BN52=0,ISERROR(BM52:BN52)),(SUM(BO52:BS52)>0)), MAX(BO52:BS52),AND((SUM(BO52:BS52)=0),(SUM(BM52:BN52)>0)),MAX(BM52:BN52)))} -> 2 | BU52: {=IF(OR(AR52="N/A", BT52="N/A"), "", INDEX([3]Methodology!$D$3:$H$7,'Master All_TRR_TS'!AR206,'Master All_TRR_TS'!BT206))} -> B | BV52: E | BW52: =IF(AND(AR52>2,BT52>2),"Yes", "No") -> No | BZ52: =IF(COUNT(AR52,BT52)=2,(IF(AND(AR52>=3,#REF!>=3),"Y","")),"") -> #REF! | CB52: =IF(Risk_Assessment6[[#This Row],[Stockpiles]]="Spoil / Waste", "Y", "") | CC52: =IF(Risk_Assessment6[[#This Row],[Off-site Drainage Discharge (Y/N)]]="Yes", "Y", "") | CN52: 1 | CO52: 1 | CP52: 1 | CQ52: 1 | CR52: =IF(CO52>2.9,MAX(CO52,CP52),CO52) -> 1 | CS52: =ROUND(CR52,0) -> 1 | CT52: 1 | CU52: 4 | CV52: =AVERAGE(CT52:CU52) -> 2.5 | CW52: =ROUND(CV52,0) -> 3 | CX52: 3 Rare: D | CY52: N/A | CZ52: Weeds within yard and access track | DA52: N/A | DB52: No | DD52: Comms Site | DE52: No | DF52: No | DG52: No | DH52: No | DI52: No | DJ52: No | DK52: No | DL52: No | DM52: No | DN52: Yes | DO52: Yes | DP52: No | DQ52: 0 | DU52: N/A | DV52: East | DW52: TBC | DX52: TBC | EV52: C-I-C
A53: Depot, Office and Warehouse Storage | B53: Collingwood Office and Warehouse | C53: TBC Colling | E53: 32 Cromwell St, Collingwood VIC 3066 | F53: None | G53: -37.807781 | H53: 144.98985 | I53: TBC | J53: AusNet Services | K53: Leased | L53: Active | M53: UPLOAD 20/03 | N53: Yes / Yes | O53: 44239 | P53: S Kibell | Q53: Yes | Z53: =IF(OR(U53<>"",T53<>""),5,IF(S53<>"",4,IF(R53<>"",3,IF(Q53="Yes",2,1)))) -> 2 | AG53: 2 | AI53: 4 | AJ53: 3 | AK53: 4 | AL53: 5 | AM53: =MAX(AK53,AL53) -> 5 | AN53: {=IF(OR(AJ53="0",AM53="0"),"",INDEX('[3]Oil Matrix'!$D$6:$H$10,'Master All_TRR_TS'!AM53,'Master All_TRR_TS'!AJ53))} -> 4 | AO53: =CS53 -> 1 | AQ53: Gas bottle in standing heater, BBQ gas bottle stores on shelf | AR53: =MAX(Risk_Assessment6[[#This Row],[2) Oil Leak Condition]:[3b) Oil/water separator and shut off valve]]) -> 5 | AS53: None | AT53: None | AU53: None | AV53: None | AW53: None | AX53: None | AY53: Yes - LPG | AZ53: None | BA53: None | BC53: None | BF53: No | BM53: {=MAX(IF(ISBLANK(AS53:BL53),"",VLOOKUP(AS53:BL53,'[3]Impact Factor'!B:D,2,FALSE)))} -> 1 | BN53: {=MAX(IF(ISBLANK(AS53:BL53),"",VLOOKUP(AS53:BL53,'[3]Impact Factor'!B:D,3,FALSE)))} -> 2 | BT53: {=IF(SUM(BM53:BS53)=0,"N/A",_xlfn.IFS(AND((SUM(BM53:BN53)>0),(SUM(BO53:BS53)>0)),ROUND((($BM$3*MAX(BM53:BN53))+($BO$3*MAX(BO53:BS53))),0),AND(OR(BM53:BN53=0,ISERROR(BM53:BN53)),(SUM(BO53:BS53)>0)), MAX(BO53:BS53),AND((SUM(BO53:BS53)=0),(SUM(BM53:BN53)>0)),MAX(BM53:BN53)))} -> 2 | BU53: {=IF(OR(AR53="N/A", BT53="N/A"), "", INDEX([3]Methodology!$D$3:$H$7,'Master All_TRR_TS'!AR157,'Master All_TRR_TS'!BT157))} -> C | BV53: E | BW53: =IF(AND(AR53>2,BT53>2),"Yes", "No") -> No | BZ53: =IF(COUNT(AR53,BT53)=2,(IF(AND(AR53>=3,#REF!>=3),"Y","")),"") -> #REF! | CB53: =IF(Risk_Assessment6[[#This Row],[Stockpiles]]="Spoil / Waste", "Y", "") | CC53: =IF(Risk_Assessment6[[#This Row],[Off-site Drainage Discharge (Y/N)]]="Yes", "Y", "") | CN53: 1 | CO53: 1 | CP53: 1 | CQ53: 1 | CR53: =IF(CO53>2.9,MAX(CO53,CP53),CO53) -> 1 | CS53: =ROUND(CR53,0) -> 1 | CT53: 1 | CU53: 2 | CV53: =AVERAGE(CT53:CU53) -> 1.5 | CW53: =ROUND(CV53,0) -> 2 | CX53: 2 Rare: E | CY53: N/A | DA53: N/A | DB53: No | DD53: Comms Site | DE53: No | DF53: No | DG53: No | DH53: No | DI53: No | DJ53: No | DK53: No | DL53: No | DM53: Yes | DN53: Yes | DO53: Yes | DP53: No | DQ53: 0 | DU53: N/A | DV53: Central | DW53: Andrew Ryan | DX53: E | EV53: C-I-C
A54: City Gate | B54: Corio City Gate | C54: CORI | E54: 19-73 Railway Avenue, Corio, Victoria, 3214 | F54: 1\TP851951 | G54: -38.066917 | H54: 144.38214 | I54: TBC | J54: TBC | K54: FREEHOLD | L54: ACTIVE | M54: Done | N54: Yes / Yes | O54: 44151 | P54: Tony W. | Q54: Yes | Z54: =IF(OR(U54<>"",T54<>""),5,IF(S54<>"",4,IF(R54<>"",3,IF(Q54="Yes",2,1)))) -> 2 | AG54: 2 | AI54: 5 | AJ54: 1 | AK54: 4 | AL54: 5 | AM54: =MAX(AK54,AL54) -> 5 | AN54: {=IF(OR(AJ54="0",AM54="0"),"",INDEX('[3]Oil Matrix'!$D$6:$H$10,'Master All_TRR_TS'!AM54,'Master All_TRR_TS'!AJ54))} -> 3 | AO54: =CS54 -> 2 | AQ54: Routine inspections and reporting | AR54: =MAX(Risk_Assessment6[[#This Row],[2) Oil Leak Condition]:[3b) Oil/water separator and shut off valve]]) -> 5 | AS54: None | AT54: None | AU54: Yes | AV54: None | AW54: None | AX54: Yes - Small Volume | AY54: None | AZ54: None | BF54: No | BM54: {=MAX(IF(ISBLANK(AS54:BL54),"",VLOOKUP(AS54:BL54,'[3]Impact Factor'!B:D,2,FALSE)))} -> 2 | BN54: {=MAX(IF(ISBLANK(AS54:BL54),"",VLOOKUP(AS54:BL54,'[3]Impact Factor'!B:D,3,FALSE)))} -> 2 | BO54: 2 | BS54: 4 | BT54: {=IF(SUM(BM54:BS54)=0,"N/A",_xlfn.IFS(AND((SUM(BM54:BN54)>0),(SUM(BO54:BS54)>0)),ROUND((($BM$3*MAX(BM54:BN54))+($BO$3*MAX(BO54:BS54))),0),AND(OR(BM54:BN54=0,ISERROR(BM54:BN54)),(SUM(BO54:BS54)>0)), MAX(BO54:BS54),AND((SUM(BO54:BS54)=0),(SUM(BM54:BN54)>0)),MAX(BM54:BN54)))} -> 2 | BU54: {=IF(OR(AR54="N/A", BT54="N/A"), "", INDEX([3]Methodology!$D$3:$H$7,'Master All_TRR_TS'!AR223,'Master All_TRR_TS'!BT223))} -> C | BV54: E | BW54: =IF(AND(AR54>2,BT54>2),"Yes", "No") -> No | BZ54: =IF(COUNT(AR54,BT54)=2,(IF(AND(AR54>=3,#REF!>=3),"Y","")),"") -> #REF! | CB54: =IF(Risk_Assessment6[[#This Row],[Stockpiles]]="Spoil / Waste", "Y", "") | CC54: =IF(Risk_Assessment6[[#This Row],[Off-site Drainage Discharge (Y/N)]]="Yes", "Y", "") | CN54: 3 | CO54: 2 | CP54: 4 | CQ54: 0 | CR54: =IF(CO54>2.9,MAX(CO54,CP54),CO54) -> 2 | CS54: =ROUND(CR54,0) -> 2 | CT54: 3 | CU54: 4 | CV54: =AVERAGE(CT54:CU54) -> 3.5 | CW54: =ROUND(CV54,0) -> 4 | CX54: 4 Rare: C | CY54: N/A | DA54: N/A | DB54: No | DD54: Comms Site | DE54: No | DF54: No | DG54: No | DH54: No | DI54: No | DJ54: No | DK54: No | DL54: No | DM54: Yes | DN54: Yes | DO54: Yes | DP54: No | DQ54: 0 | DU54: N/A | DV54: Central | DW54: Andrew Ryan | DX54: C | EV54: C-I-C
A55: City Gate | B55: Craigieburn City Gate | C55: CRAI | E55: Boundary Road, Craigieburn VIC 3064 | F55: None | G55: -37.718976 | H55: 144.96083 | I55: TBC | J55: TBC | K55: Freehold | L55: Active | M55: Done | N55: Yes / Yes | O55: 44155 | P55: Tony W. | Q55: Yes | Z55: =IF(OR(U55<>"",T55<>""),5,IF(S55<>"",4,IF(R55<>"",3,IF(Q55="Yes",2,1)))) -> 2 | AG55: 2 | AI55: 20 | AJ55: 3 | AK55: 4 | AL55: 5 | AM55: =MAX(AK55,AL55) -> 5 | AN55: {=IF(OR(AJ55="0",AM55="0"),"",INDEX('[3]Oil Matrix'!$D$6:$H$10,'Master All_TRR_TS'!AM55,'Master All_TRR_TS'!AJ55))} -> 4 | AO55: =CS55 -> 1 | AQ55: Routine inspections and reporting | AR55: =MAX(Risk_Assessment6[[#This Row],[2) Oil Leak Condition]:[3b) Oil/water separator and shut off valve]]) -> 5 | AS55: None | AT55: None | AU55: Yes | AV55: None | AW55: None | AX55: None | AY55: None | AZ55: None | BF55: No | BM55: {=MAX(IF(ISBLANK(AS55:BL55),"",VLOOKUP(AS55:BL55,'[3]Impact Factor'!B:D,2,FALSE)))} -> 2 | BN55: {=MAX(IF(ISBLANK(AS55:BL55),"",VLOOKUP(AS55:BL55,'[3]Impact Factor'!B:D,3,FALSE)))} -> 2 | BO55: 4 | BS55: 1 | BT55: {=IF(SUM(BM55:BS55)=0,"N/A",_xlfn.IFS(AND((SUM(BM55:BN55)>0),(SUM(BO55:BS55)>0)),ROUND((($BM$3*MAX(BM55:BN55))+($BO$3*MAX(BO55:BS55))),0),AND(OR(BM55:BN55=0,ISERROR(BM55:BN55)),(SUM(BO55:BS55)>0)), MAX(BO55:BS55),AND((SUM(BO55:BS55)=0),(SUM(BM55:BN55)>0)),MAX(BM55:BN55)))} -> 2 | BU55: {=IF(OR(AR55="N/A", BT55="N/A"), "", INDEX([3]Methodology!$D$3:$H$7,'Master All_TRR_TS'!AR224,'Master All_TRR_TS'!BT224))} -> C | BV55: E | BW55: =IF(AND(AR55>2,BT55>2),"Yes", "No") -> No | BZ55: =IF(COUNT(AR55,BT55)=2,(IF(AND(AR55>=3,#REF!>=3),"Y","")),"") -> #REF! | CB55: =IF(Risk_Assessment6[[#This Row],[Stockpiles]]="Spoil / Waste", "Y", "") | CC55: =IF(Risk_Assessment6[[#This Row],[Off-site Drainage Discharge (Y/N)]]="Yes", "Y", "") | CN55: 1 | CO55: 1 | CP55: 4 | CQ55: 5 | CR55: =IF(CO55>2.9,MAX(CO55,CP55),CO55) -> 1 | CS55: =ROUND(CR55,0) -> 1 | CT55: 1 | CU55: 4 | CV55: =AVERAGE(CT55:CU55) -> 2.5 | CW55: =ROUND(CV55,0) -> 3 | CX55: 3 Rare: D | CY55: N/A | CZ55: Weeds with in yard and access track | DA55: N/A | DB55: No | DD55: Comms Site | DE55: No | DF55: No | DG55: No | DH55: No | DI55: No | DJ55: No | DK55: No | DL55: No | DM55: No | DN55: No | DO55: Yes | DP55: No | DQ55: 0 | DU55: Electricity Distribution | DV55: West | DW55: TBC | DX55: TBC | EV55: C-I-C
A56: Terminal Station | B56: Cranbourne TS (CBTS) | C56: TS-CBTS | D56: Central | E56: 1120 Thompsons Rd, Cranbourne VIC 3977 | F56: 1\TP420735 | G56: -38.084877 | H56: 145.26517 | I56: TBC | J56: TBC | K56: Freehold | L56: Active | M56: 44028 | N56: Yes / Yes | O56: 44028 | P56: A Ryan | Q56: Yes | R56: Yes | W56: Water Quality Investigation Program-BSE(2022) | X56: SKM - Groundwater Assessment (2001) | Z56: =IF(OR(U56<>"",T56<>""),5,IF(S56<>"",4,IF(R56<>"",3,IF(Q56="Yes",2,1)))) -> 3 | AA56: 12 | AG56: 5 | AH56: Water within the HT had a visible sheen, Oil staining was observed on the internal and external wall of the bund, Illegal rubbish dumping in driveway of the site (BSE-2022) | AI56: 6 | AJ56: 3 | AK56: 1 | AL56: 2 | AM56: =MAX(AK56,AL56) -> 2 | AN56: {=IF(OR(AJ56="0",AM56="0"),"",INDEX('[3]Oil Matrix'!$D$6:$H$10,'Master All_TRR_TS'!AM56,'Master All_TRR_TS'!AJ56))} -> 2 | AO56: =CS56 -> 4 | AQ56: Fully compliant sealed bund with basic oil/water separator + shut off valve or triple interceptor tank - no shut off valve | AR56: =MAX(Risk_Assessment6[[#This Row],[2) Oil Leak Condition]:[3b) Oil/water separator and shut off valve]]) -> 3 | AS56: <10 kg or <50 mg/kg | AT56: Large | AU56: Yes | AV56: None | AW56: Default Chemicals | AZ56: None | BA56: None | BF56: No | BM56: 3 | BN56: {=MAX(IF(ISBLANK(AS56:BL56),"",VLOOKUP(AS56:BL56,'[3]Impact Factor'!B:D,3,FALSE)))} -> 4 | BO56: 4 | BP56: Yes | BS56: 2 | BT56: {=IF(SUM(BM56:BS56)=0,"N/A",_xlfn.IFS(AND((SUM(BM56:BN56)>0),(SUM(BO56:BS56)>0)),ROUND((($BM$3*MAX(BM56:BN56))+($BO$3*MAX(BO56:BS56))),0),AND(OR(BM56:BN56=0,ISERROR(BM56:BN56)),(SUM(BO56:BS56)>0)), MAX(BO56:BS56),AND((SUM(BO56:BS56)=0),(SUM(BM56:BN56)>0)),MAX(BM56:BN56)))} -> 4 | BU56: {=IF(OR(AR56="N/A", BT56="N/A"), "", INDEX([3]Methodology!$D$3:$H$7,'Master All_TRR_TS'!AR62,'Master All_TRR_TS'!BT62))} -> C | BV56: C | BW56: =IF(AND(AR56>2,BT56>2),"Yes", "No") -> Yes | BZ56: =IF(COUNT(AR56,BT56)=2,(IF(AND(AR56>=3,#REF!>=3),"Y","")),"") -> #REF! | CB56: =IF(Risk_Assessment6[[#This Row],[Stockpiles]]="Spoil / Waste", "Y", "") | CC56: =IF(Risk_Assessment6[[#This Row],[Off-site Drainage Discharge (Y/N)]]="Yes", "Y", "") -> Y | CL56: SKM - Groundwater Assessment (2001) | CN56: 2 | CO56: 3 | CP56: 4 | CQ56: 5 | CR56: =IF(CO56>2.9,MAX(CO56,CP56),CO56) -> 4 | CS56: =ROUND(CR56,0) -> 4 | CT56: 1 | CU56: 4 | CV56: =AVERAGE(CT56:CU56) -> 2.5 | CW56: =ROUND(CV56,0) -> 3 | CX56: 3 Rare: D | CY56: N/A | DA56: N/A | DB56: No | DD56: Comms Site | DE56: No | DF56: No | DG56: No | DH56: No | DI56: No | DJ56: No | DK56: No | DL56: No | DM56: No | DN56: No | DO56: Yes | DP56: No | DQ56: 0 | DU56: N/A | DV56: East | DW56: TBC | DX56: TBC | DY56: C5 | DZ56: Enviro - had underground unit-turned into holding tank, then added one above ground unit with a triple interceptor tank, have found the design is flawed and heavy rain/filter issue events overflow the holding tank and it spills the top of its contents onto the grass, needs repair asap | EA56: N | EB56: Confidence 3/5. Captured in WQIP (BlueSphere 2022) and emergency sampling event in 2023. No groundwater information. | EC56: Observations associated with oil filled equipment driving risk. Water within the holding had a visible sheen. Oil staining was observed on the internal and external wall of the bund Illegal rubbish dumping in driveway of the site (BSE, 2022) 6 Transformers on site, oil leak rating 3/5. Known holding tank overflow events in 2023 and 2024. With known sheen in water in holding tanks (likely from leaking transformers), risk is likely higher than C in column BU. | ED56: 1. Install shut off valve. 2. Review, reconfigure and update drainage at the site to rectify apparent design limitations resulting in overflow events. 3. Service and repair leaking transformers. 6 on site. 4. Clean bund surfaces 5. Drain and clean holding tank. 6. Clean out oil and sediment from the puraceptor, and clean internal filters, directing water into the TIT (per comment in DZ56). 7. Check bund integrity 8. Install holding tank alarm | EF56: C-I-C | EG56: C-I-C | EH56: x | EI56: C-I-C | EO56: C-I-C | EQ56: C-I-C | ER56: C-I-C | ET56: C-I-C | EV56: C-I-C
A57: Sub Station | B57: Cranbourne ZSS (CRE) | C57: DS-CRE | D57: Central | E57: 1120 Thompsons Rd, Cranbourne VIC 3977 | F57: 1\TP420735 | G57: -38.084877 | H57: 145.26517 | I57: TBC | J57: TBC | K57: Freehold | L57: Active | M57: Done | N57: Yes / Yes | O57: 44035 | P57: A Ryan | Q57: Yes | Z57: =IF(OR(U57<>"",T57<>""),5,IF(S57<>"",4,IF(R57<>"",3,IF(Q57="Yes",2,1)))) -> 2 | AA57: 9 | AG57: 2 | AI57: 2 | AJ57: 1 | AK57: 1 | AL57: 2 | AM57: =MAX(AK57,AL57) -> 2 | AN57: {=IF(OR(AJ57="0",AM57="0"),"",INDEX('[3]Oil Matrix'!$D$6:$H$10,'Master All_TRR_TS'!AM57,'Master All_TRR_TS'!AJ57))} -> 1 | AO57: =CS57 -> 0 | AQ57: Fully compliant sealed bund with basic oil/water separator + shut off valve or triple interceptor tank - no shut off valve | AR57: =MAX(Risk_Assessment6[[#This Row],[2) Oil Leak Condition]:[3b) Oil/water separator and shut off valve]]) -> 2 | AS57: None | AT57: Large | AU57: Yes | AV57: None | AW57: Default Chemicals | AX57: None | AY57: None | AZ57: None | BA57: None | BF57: No | BM57: {=MAX(IF(ISBLANK(AS57:BL57),"",VLOOKUP(AS57:BL57,'[3]Impact Factor'!B:D,2,FALSE)))} -> 4 | BN57: {=MAX(IF(ISBLANK(AS57:BL57),"",VLOOKUP(AS57:BL57,'[3]Impact Factor'!B:D,3,FALSE)))} -> 4 | BO57: 4 | BS57: 2 | BT57: {=IF(SUM(BM57:BS57)=0,"N/A",_xlfn.IFS(AND((SUM(BM57:BN57)>0),(SUM(BO57:BS57)>0)),ROUND((($BM$3*MAX(BM57:BN57))+($BO$3*MAX(BO57:BS57))),0),AND(OR(BM57:BN57=0,ISERROR(BM57:BN57)),(SUM(BO57:BS57)>0)), MAX(BO57:BS57),AND((SUM(BO57:BS57)=0),(SUM(BM57:BN57)>0)),MAX(BM57:BN57)))} -> 4 | BU57: {=IF(OR(AR57="N/A", BT57="N/A"), "", INDEX([3]Methodology!$D$3:$H$7,'Master All_TRR_TS'!AR236,'Master All_TRR_TS'!BT236))} -> B | BV57: C | BW57: =IF(AND(AR57>2,BT57>2),"Yes", "No") -> No | BZ57: =IF(COUNT(AR57,BT57)=2,(IF(AND(AR57>=3,#REF!>=3),"Y","")),"") -> #REF! | CB57: =IF(Risk_Assessment6[[#This Row],[Stockpiles]]="Spoil / Waste", "Y", "") | CC57: =IF(Risk_Assessment6[[#This Row],[Off-site Drainage Discharge (Y/N)]]="Yes", "Y", "") | CN57: 0 | CO57: 0 | CP57: 2 | CQ57: 1 | CR57: =IF(CO57>2.9,MAX(CO57,CP57),CO57) -> 0 | CS57: =ROUND(CR57,0) -> 0 | CT57: 1 | CU57: 4 | CV57: =AVERAGE(CT57:CU57) -> 2.5 | CW57: =ROUND(CV57,0) -> 3 | CX57: 3 Rare: D | CY57: N/A | DA57: N/A | DB57: Hydraulic pump containing oil leaking observed action taken to have oil leak addressed No other oil field equipment on site. | DD57: Comms Site | DE57: No | DF57: No | DG57: No | DH57: No | DI57: No | DJ57: No | DK57: No | DL57: No | DM57: No | DN57: No | DO57: Yes | DP57: No | DQ57: 0 | DU57: N/A | DV57: East | DW57: TBC | DX57: TBC | EV57: C-I-C
A58: Terminal Station | B58: Crowlands TS (CWTS) | C58: TS-CWTS | D58: West | E58: Off Spring Flat Road, Crowlands VIC 3377 | F58: 1\PS811585 | G58: -37.12044 | H58: 143.15392 | I58: TBC | J58: TBC | K58: Freehold | L58: Active | M58: Done | N58: Yes / Yes | O58: 44068 | P58: CJ Wilson | Q58: Yes | Z58: =IF(OR(U58<>"",T58<>""),5,IF(S58<>"",4,IF(R58<>"",3,IF(Q58="Yes",2,1)))) -> 2 | AA58: 3 | AG58: 2 | AI58: 1 | AJ58: 1 | AK58: 1 | AL58: 1 | AM58: =MAX(AK58,AL58) -> 1 | AN58: {=IF(OR(AJ58="0",AM58="0"),"",INDEX('[3]Oil Matrix'!$D$6:$H$10,'Master All_TRR_TS'!AM58,'Master All_TRR_TS'!AJ58))} -> 1 | AO58: =CS58 -> 1 | AQ58: New asset, bunding and oil/water separator | AR58: =MAX(Risk_Assessment6[[#This Row],[2) Oil Leak Condition]:[3b) Oil/water separator and shut off valve]]) -> 1 | AS58: None | AT58: Small | AU58: Yes | AV58: None | AW58: None | AX58: Yes - Small Volume | AZ58: None | BF58: No | BM58: {=MAX(IF(ISBLANK(AS58:BL58),"",VLOOKUP(AS58:BL58,'[3]Impact Factor'!B:D,2,FALSE)))} -> 2 | BN58: {=MAX(IF(ISBLANK(AS58:BL58),"",VLOOKUP(AS58:BL58,'[3]Impact Factor'!B:D,3,FALSE)))} -> 2 | BO58: 1 | BS58: 1 | BT58: {=IF(SUM(BM58:BS58)=0,"N/A",_xlfn.IFS(AND((SUM(BM58:BN58)>0),(SUM(BO58:BS58)>0)),ROUND((($BM$3*MAX(BM58:BN58))+($BO$3*MAX(BO58:BS58))),0),AND(OR(BM58:BN58=0,ISERROR(BM58:BN58)),(SUM(BO58:BS58)>0)), MAX(BO58:BS58),AND((SUM(BO58:BS58)=0),(SUM(BM58:BN58)>0)),MAX(BM58:BN58)))} -> 2 | BU58: {=IF(OR(AR58="N/A", BT58="N/A"), "", INDEX([3]Methodology!$D$3:$H$7,'Master All_TRR_TS'!AR63,'Master All_TRR_TS'!BT63))} -> C | BV58: E | BW58: =IF(AND(AR58>2,BT58>2),"Yes", "No") -> No | BZ58: =IF(COUNT(AR58,BT58)=2,(IF(AND(AR58>=3,#REF!>=3),"Y","")),"") -> #REF! | CB58: =IF(Risk_Assessment6[[#This Row],[Stockpiles]]="Spoil / Waste", "Y", "") | CC58: =IF(Risk_Assessment6[[#This Row],[Off-site Drainage Discharge (Y/N)]]="Yes", "Y", "") | CN58: 1 | CO58: 1 | CP58: 1 | CQ58: 1 | CR58: =IF(CO58>2.9,MAX(CO58,CP58),CO58) -> 1 | CS58: =ROUND(CR58,0) -> 1 | CT58: 4 | CU58: 4 | CV58: =AVERAGE(CT58:CU58) -> 4 | CW58: =ROUND(CV58,0) -> 4 | CX58: 4 Rare: C | CY58: N/A | DA58: N/A | DB58: Original building destroyed by fire, asbestos materials cleaned up as part of rebuild works, new building free of any contaminates | DD58: Comms Site | DE58: No | DF58: No | DG58: No | DH58: No | DI58: No | DJ58: No | DK58: No | DL58: No | DM58: Yes | DN58: Yes | DO58: Yes | DP58: No | DQ58: 0 | DU58: N/A | DV58: Central | DW58: TBC | DX58: TBC | DY58: N/A | DZ58: Not in this list. | EA58: Y | EB58: Low confidence, 2/5. New asset. | EC58: Risk driven by lack of information. PRA notes indicate site is a new asset, with bunding and oil/water separator. 1 transformer on site. The status of shut off valve etc unclear. | ED58: 1. Confirm status of shut off valve. Install if not present. 2. Consider installing an alarm on the holding tanks as site is remote. | EO58: C-I-C | ET58: C-I-C | EV58: C-I-C
A59: Sub Station | B59: Croydon ZSS (CYN) | C59: DS-CYN | D59: Central | E59: 336 Dorset Road, Croydon, Victoria, 3136 (220m south of Mt Dandenong Rd) | F59: 1\LP220900 | G59: -37.801899 | H59: 145.2876 | I59: TBC | J59: TBC | K59: Freehold | L59: Active | M59: Done | N59: Yes / Yes | O59: 43976 | P59: A Ryan | Q59: Yes | T59: AusNet, Distribution Sites, Portfolio EMP | Z59: =IF(OR(U59<>"",T59<>""),5,IF(S59<>"",4,IF(R59<>"",3,IF(Q59="Yes",2,1)))) -> 5 | AA59: 43 | AG59: 4 | AI59: 3 | AJ59: 2 | AK59: 4 | AL59: 2 | AM59: =MAX(AK59,AL59) -> 4 | AN59: {=IF(OR(AJ59="0",AM59="0"),"",INDEX('[3]Oil Matrix'!$D$6:$H$10,'Master All_TRR_TS'!AM59,'Master All_TRR_TS'!AJ59))} -> 3 | AO59: =CS59 -> 1 | AQ59: Brick bund with gravel floor and basic oil/water separator + shut off valve or triple interceptor tank - no shut off valve | AR59: =MAX(Risk_Assessment6[[#This Row],[2) Oil Leak Condition]:[3b) Oil/water separator and shut off valve]]) -> 4 | AS59: <10 kg or <50 mg/kg | AT59: Large | AU59: Yes | AV59: None | AW59: Default Chemicals | AX59: Yes - Small Volume | AY59: None | AZ59: None | BA59: None | BF59: No | BM59: {=MAX(IF(ISBLANK(AS59:BL59),"",VLOOKUP(AS59:BL59,'[3]Impact Factor'!B:D,2,FALSE)))} -> 4 | BN59: {=MAX(IF(ISBLANK(AS59:BL59),"",VLOOKUP(AS59:BL59,'[3]Impact Factor'!B:D,3,FALSE)))} -> 4 | BO59: 5 | BP59: No | BQ59: 4 | BR59: No | BS59: 2 | BT59: {=IF(SUM(BM59:BS59)=0,"N/A",_xlfn.IFS(AND((SUM(BM59:BN59)>0),(SUM(BO59:BS59)>0)),ROUND((($BM$3*MAX(BM59:BN59))+($BO$3*MAX(BO59:BS59))),0),AND(OR(BM59:BN59=0,ISERROR(BM59:BN59)),(SUM(BO59:BS59)>0)), MAX(BO59:BS59),AND((SUM(BO59:BS59)=0),(SUM(BM59:BN59)>0)),MAX(BM59:BN59)))} -> 4 | BU59: {=IF(OR(AR59="N/A", BT59="N/A"), "", INDEX([3]Methodology!$D$3:$H$7,'Master All_TRR_TS'!AR71,'Master All_TRR_TS'!BT71))} -> C | BV59: D | BW59: =IF(AND(AR59>2,BT59>2),"Yes", "No") -> Yes | BX59: Potential contaminating activities. | BZ59: =IF(COUNT(AR59,BT59)=2,(IF(AND(AR59>=3,#REF!>=3),"Y","")),"") -> #REF! | CA59: NA | CB59: =IF(Risk_Assessment6[[#This Row],[Stockpiles]]="Spoil / Waste", "Y", "") | CC59: =IF(Risk_Assessment6[[#This Row],[Off-site Drainage Discharge (Y/N)]]="Yes", "Y", "") | CD59: PSI with limited soil sampling program. | CJ59: AusNet, Distribution Sites, Portfolio EMP | CN59: 1 | CO59: 1 | CP59: 1 | CQ59: 1 | CR59: =IF(CO59>2.9,MAX(CO59,CP59),CO59) -> 1 | CS59: =ROUND(CR59,0) -> 1 | CT59: 1 | CU59: 4 | CV59: =AVERAGE(CT59:CU59) -> 2.5 | CW59: =ROUND(CV59,0) -> 3 | CX59: 3 Rare: D | CY59: N/A | DA59: N/A | DB59: No | DD59: Comms Site | DE59: No | DF59: No | DG59: No | DH59: No | DI59: No | DJ59: No | DK59: No | DL59: No | DM59: No | DN59: No | DO59: Yes | DP59: No | DQ59: 0 | DU59: Electricity Distribution | DV59: West | DW59: TBC | DX59: TBC | EV59: C-I-C
A60: City Gate | B60: Daylesford City Gate | C60: DAYL | E60: Knox Street, Daylesford VIC 3460 | F60: 1\TP83494 | G60: -37.34121 | H60: 144.159 | I60: TBC | J60: TBC | K60: Freehold | L60: Active | M60: Done | N60: Yes / Yes | O60: 44152 | P60: Tony W. | Q60: Yes | Z60: =IF(OR(U60<>"",T60<>""),5,IF(S60<>"",4,IF(R60<>"",3,IF(Q60="Yes",2,1)))) -> 2 | AG60: 2 | AI60: 1 | AJ60: 1 | AK60: 5 | AL60: 5 | AM60: =MAX(AK60,AL60) -> 5 | AN60: {=IF(OR(AJ60="0",AM60="0"),"",INDEX('[3]Oil Matrix'!$D$6:$H$10,'Master All_TRR_TS'!AM60,'Master All_TRR_TS'!AJ60))} -> 3 | AO60: =CS60 -> 1 | AQ60: Routine inspections and reporting | AR60: =MAX(Risk_Assessment6[[#This Row],[2) Oil Leak Condition]:[3b) Oil/water separator and shut off valve]]) -> 5 | AS60: None | AT60: None | AU60: Yes | AV60: None | AW60: None | AX60: None | AY60: None | AZ60: None | BF60: No | BM60: {=MAX(IF(ISBLANK(AS60:BL60),"",VLOOKUP(AS60:BL60,'[3]Impact Factor'!B:D,2,FALSE)))} -> 2 | BN60: {=MAX(IF(ISBLANK(AS60:BL60),"",VLOOKUP(AS60:BL60,'[3]Impact Factor'!B:D,3,FALSE)))} -> 2 | BO60: 4 | BS60: 1 | BT60: {=IF(SUM(BM60:BS60)=0,"N/A",_xlfn.IFS(AND((SUM(BM60:BN60)>0),(SUM(BO60:BS60)>0)),ROUND((($BM$3*MAX(BM60:BN60))+($BO$3*MAX(BO60:BS60))),0),AND(OR(BM60:BN60=0,ISERROR(BM60:BN60)),(SUM(BO60:BS60)>0)), MAX(BO60:BS60),AND((SUM(BO60:BS60)=0),(SUM(BM60:BN60)>0)),MAX(BM60:BN60)))} -> 2 | BU60: {=IF(OR(AR60="N/A", BT60="N/A"), "", INDEX([3]Methodology!$D$3:$H$7,'Master All_TRR_TS'!AR16,'Master All_TRR_TS'!BT16))} -> D | BV60: E | BW60: =IF(AND(AR60>2,BT60>2),"Yes", "No") -> No | BZ60: =IF(COUNT(AR60,BT60)=2,(IF(AND(AR60>=3,#REF!>=3),"Y","")),"") -> #REF! | CB60: =IF(Risk_Assessment6[[#This Row],[Stockpiles]]="Spoil / Waste", "Y", "") | CC60: =IF(Risk_Assessment6[[#This Row],[Off-site Drainage Discharge (Y/N)]]="Yes", "Y", "") | CN60: 1 | CO60: 1 | CP60: 2 | CQ60: 1 | CR60: =IF(CO60>2.9,MAX(CO60,CP60),CO60) -> 1 | CS60: =ROUND(CR60,0) -> 1 | CT60: 3 | CU60: 1 | CV60: =AVERAGE(CT60:CU60) -> 2 | CW60: =ROUND(CV60,0) -> 2 | CX60: 2 Rare: E | CY60: N/A | DA60: N/A | DB60: No | DD60: Comms Site | DE60: No | DF60: No | DG60: No | DH60: No | DI60: No | DJ60: No | DK60: No | DL60: No | DM60: No | DN60: No | DO60: Yes | DP60: No | DQ60: 0 | DU60: N/A | DV60: West | DW60: Cameron Wilson | DX60: E | EV60: C-I-C
A61: Terminal Station | B61: Dederang TS (DDTS) | C61: TS-DDTS | D61: North | E61: Yackandandah Road, Dederang, Victoria 3691 (0.5kms from Kiewa Valley) | F61: 1\TP241980 | G61: -36.45325 | H61: 146.99303 | I61: TBC | J61: TBC | K61: Freehold | L61: Active | M61: 44014 | N61: Yes / Yes | O61: 44014 | P61: CJ Wilson | Q61: Yes | R61: Yes | X61: Groundwater Monitoring (2005). Geoworks - Terminal Station Discharge Water Sampling (2004). SKM - Groundwater Assessment (2001). GHD - Environmental Inspections, Maintenance and Tests (2003) | Z61: =IF(OR(U61<>"",T61<>""),5,IF(S61<>"",4,IF(R61<>"",3,IF(Q61="Yes",2,1)))) -> 3 | AA61: 60 | AB61: Uncontrolled stormwater discharges containing oil to farm dam | AC61: 5 | AD61: 2 | AE61: Some level of remediation completed before bunding upgrades | AG61: 5 | AI61: 1 | AJ61: 1 | AK61: 1 | AL61: 1 | AM61: =MAX(AK61,AL61) -> 1 | AN61: {=IF(OR(AJ61="0",AM61="0"),"",INDEX('[3]Oil Matrix'!$D$6:$H$10,'Master All_TRR_TS'!AM61,'Master All_TRR_TS'!AJ61))} -> 1 | AO61: =CS61 -> 1 | AQ61: Fully compliant sealed bund with puraceptor oil/water separator + shut off valve | AR61: =MAX(Risk_Assessment6[[#This Row],[2) Oil Leak Condition]:[3b) Oil/water separator and shut off valve]]) -> 1 | AS61: >10 kg or >50 mg/kg | AT61: Large | AU61: Yes | AV61: Fuel Default | AW61: None | AX61: Yes - Small Volume | AZ61: Spoil / Waste | BF61: No | BM61: {=MAX(IF(ISBLANK(AS61:BL61),"",VLOOKUP(AS61:BL61,'[3]Impact Factor'!B:D,2,FALSE)))} -> 4 | BN61: {=MAX(IF(ISBLANK(AS61:BL61),"",VLOOKUP(AS61:BL61,'[3]Impact Factor'!B:D,3,FALSE)))} -> 4 | BO61: 3 | BP61: Yes | BS61: 4 | BT61: {=IF(SUM(BM61:BS61)=0,"N/A",_xlfn.IFS(AND((SUM(BM61:BN61)>0),(SUM(BO61:BS61)>0)),ROUND((($BM$3*MAX(BM61:BN61))+($BO$3*MAX(BO61:BS61))),0),AND(OR(BM61:BN61=0,ISERROR(BM61:BN61)),(SUM(BO61:BS61)>0)), MAX(BO61:BS61),AND((SUM(BO61:BS61)=0),(SUM(BM61:BN61)>0)),MAX(BM61:BN61)))} -> 4 | BU61: {=IF(OR(AR61="N/A", BT61="N/A"), "", INDEX([3]Methodology!$D$3:$H$7,'Master All_TRR_TS'!AR64,'Master All_TRR_TS'!BT64))} -> C | BV61: C | BW61: =IF(AND(AR61>2,BT61>2),"Yes", "No") -> No | BZ61: =IF(COUNT(AR61,BT61)=2,(IF(AND(AR61>=3,#REF!>=3),"Y","")),"") -> #REF! | CB61: =IF(Risk_Assessment6[[#This Row],[Stockpiles]]="Spoil / Waste", "Y", "") -> Y | CC61: =IF(Risk_Assessment6[[#This Row],[Off-site Drainage Discharge (Y/N)]]="Yes", "Y", "") -> Y | CL61: Groundwater Monitoring (2005). Geoworks - Terminal Station Discharge Water Sampling (2004). SKM - Groundwater Assessment (2001). GHD - Environmental Inspections, Maintenance and Tests (2003) | CN61: 1 | CO61: 1 | CP61: 3 | CQ61: 4 | CR61: =IF(CO61>2.9,MAX(CO61,CP61),CO61) -> 1 | CS61: =ROUND(CR61,0) -> 1 | CT61: 3 | CU61: 1 | CV61: =AVERAGE(CT61:CU61) -> 2 | CW61: =ROUND(CV61,0) -> 2 | CX61: 2 Rare: E | CY61: N/A | CZ61: Dam approx 200m on opposite side of road | DA61: N/A | DB61: No | DD61: Comms Site | DE61: No | DF61: No | DG61: No | DH61: No | DI61: No | DJ61: No | DK61: No | DL61: No | DM61: No | DN61: No | DO61: Yes | DP61: No | DQ61: 0 | DU61: N/A | DV61: West | DW61: Cameron Wilson | DX61: E | DY61: C2 | DZ61: Enviro - one above ground system, one below ground system stormwater isolation valves fitted, | EA61: Y | EB61: Confidence 3/5. Past incident of water release containing oil to neighbouring farm dam. | EC61: Risk appears largely driven by consequences of contamination, primarily due to the proximity to neighbouring and environmental receptors. Also PRA records stockpiles on site which add to risk rating. Off-site drainage. Fully compliant sealed bund with puraceptor oil/water separator + shut off valve. | ED61: 1. Confirm the contamination status of stockpiles of soil on site as indicated in the PRA. Apply erosion controls, confirm origin of materials. 2. Confirm drainage plans for site, to ensure no accidental releases to neighbouring farms possible in future. | EU61: C-I-C | EV61: C-I-C
A62: Comms Site | B62: Dederang TS Comms Site (DDTS-COMS) | C62: TC-DDTSXXXX | E62: Yackandandah Road, Dederang, Victoria 3691 (0.5kms from Kiewa Valley) | F62: None | G62: -36.45325 | H62: 146.99303 | I62: TBC | J62: TBC | K62: Leased | L62: Active | M62: C​ameron Wilson confirmed that this site audit has already been covered as it is included in the Dederang Terminal Audit and is not a stand-alone Comms site. The Comms room is part of the main Control Buildong. | N62: No assessment needed | Q62: N/A | Z62: =IF(OR(U62<>"",T62<>""),5,IF(S62<>"",4,IF(R62<>"",3,IF(Q62="Yes",2,1)))) -> 1 | AG62: 2 | AI62: 3 | AJ62: 2 | AK62: 4 | AL62: 5 | AM62: =MAX(AK62,AL62) -> 5 | AN62: {=IF(OR(AJ62="0",AM62="0"),"",INDEX('[3]Oil Matrix'!$D$6:$H$10,'Master All_TRR_TS'!AM62,'Master All_TRR_TS'!AJ62))} -> 3 | AO62: =CS62 -> 1 | AR62: =MAX(Risk_Assessment6[[#This Row],[2) Oil Leak Condition]:[3b) Oil/water separator and shut off valve]]) -> 5 | AS62: None | BF62: Yes | BM62: {=MAX(IF(ISBLANK(AS62:BL62),"",VLOOKUP(AS62:BL62,'[3]Impact Factor'!B:D,2,FALSE)))} -> 2 | BN62: {=MAX(IF(ISBLANK(AS62:BL62),"",VLOOKUP(AS62:BL62,'[3]Impact Factor'!B:D,3,FALSE)))} -> 2 | BT62: {=IF(SUM(BM62:BS62)=0,"N/A",_xlfn.IFS(AND((SUM(BM62:BN62)>0),(SUM(BO62:BS62)>0)),ROUND((($BM$3*MAX(BM62:BN62))+($BO$3*MAX(BO62:BS62))),0),AND(OR(BM62:BN62=0,ISERROR(BM62:BN62)),(SUM(BO62:BS62)>0)), MAX(BO62:BS62),AND((SUM(BO62:BS62)=0),(SUM(BM62:BN62)>0)),MAX(BM62:BN62)))} -> 2 | BU62: {=IF(OR(AR62="N/A", BT62="N/A"), "", INDEX([3]Methodology!$D$3:$H$7,'Master All_TRR_TS'!AR252,'Master All_TRR_TS'!BT252))} -> C | BV62: D | BW62: =IF(AND(AR62>2,BT62>2),"Yes", "No") -> No | BZ62: =IF(COUNT(AR62,BT62)=2,(IF(AND(AR62>=3,#REF!>=3),"Y","")),"") -> #REF! | CB62: =IF(Risk_Assessment6[[#This Row],[Stockpiles]]="Spoil / Waste", "Y", "") | CC62: =IF(Risk_Assessment6[[#This Row],[Off-site Drainage Discharge (Y/N)]]="Yes", "Y", "") | CN62: 1 | CO62: 1 | CP62: 2 | CQ62: 1 | CR62: =IF(CO62>2.9,MAX(CO62,CP62),CO62) -> 1 | CS62: =ROUND(CR62,0) -> 1 | CT62: 1 | CU62: 1 | CV62: =AVERAGE(CT62:CU62) -> 1 | CW62: =ROUND(CV62,0) -> 1 | CX62: 1 Rare: E | CY62: N/A | DA62: N/A | DB62: No | DD62: Comms Site | DE62: No | DF62: No | DG62: No | DH62: No | DI62: No | DJ62: No | DK62: No | DL62: No | DM62: No | DN62: No | DO62: Yes | DP62: No | DQ62: 0 | DU62: N/A | DV62: North | DW62: Cameron Wilson | DX62: E | EV62: C-I-C
A63: Depot, Office and Warehouse Storage | B63: Delegate Depot | C63: TBC Delegate | E63: 21 Victoria Pde, Delegate NSW 2633 | F63: None | G63: -37.045492 | H63: 148.9403 | I63: TBC | J63: Downer | K63: Licensed | L63: Active | M63: Interstate | N63: No assessment needed | Q63: N/A | Z63: =IF(OR(U63<>"",T63<>""),5,IF(S63<>"",4,IF(R63<>"",3,IF(Q63="Yes",2,1)))) -> 1 | AG63: 2 | AI63: 1 | AJ63: 1 | AK63: 4 | AL63: 5 | AM63: =MAX(AK63,AL63) -> 5 | AN63: {=IF(OR(AJ63="0",AM63="0"),"",INDEX('[3]Oil Matrix'!$D$6:$H$10,'Master All_TRR_TS'!AM63,'Master All_TRR_TS'!AJ63))} -> 3 | AO63: =CS63 -> 1 | AR63: =MAX(Risk_Assessment6[[#This Row],[2) Oil Leak Condition]:[3b) Oil/water separator and shut off valve]]) -> 5 | AS63: None | BF63: Yes | BM63: {=MAX(IF(ISBLANK(AS63:BL63),"",VLOOKUP(AS63:BL63,'[3]Impact Factor'!B:D,2,FALSE)))} -> 2 | BN63: {=MAX(IF(ISBLANK(AS63:BL63),"",VLOOKUP(AS63:BL63,'[3]Impact Factor'!B:D,3,FALSE)))} -> 2 | BT63: {=IF(SUM(BM63:BS63)=0,"N/A",_xlfn.IFS(AND((SUM(BM63:BN63)>0),(SUM(BO63:BS63)>0)),ROUND((($BM$3*MAX(BM63:BN63))+($BO$3*MAX(BO63:BS63))),0),AND(OR(BM63:BN63=0,ISERROR(BM63:BN63)),(SUM(BO63:BS63)>0)), MAX(BO63:BS63),AND((SUM(BO63:BS63)=0),(SUM(BM63:BN63)>0)),MAX(BM63:BN63)))} -> 2 | BU63: {=IF(OR(AR63="N/A", BT63="N/A"), "", INDEX([3]Methodology!$D$3:$H$7,'Master All_TRR_TS'!AR46,'Master All_TRR_TS'!BT46))} -> C | BV63: D | BW63: =IF(AND(AR63>2,BT63>2),"Yes", "No") -> No | BZ63: =IF(COUNT(AR63,BT63)=2,(IF(AND(AR63>=3,#REF!>=3),"Y","")),"") -> #REF! | CB63: =IF(Risk_Assessment6[[#This Row],[Stockpiles]]="Spoil / Waste", "Y", "") | CC63: =IF(Risk_Assessment6[[#This Row],[Off-site Drainage Discharge (Y/N)]]="Yes", "Y", "") | CN63: 1 | CO63: 1 | CP63: 2 | CQ63: 1 | CR63: =IF(CO63>2.9,MAX(CO63,CP63),CO63) -> 1 | CS63: =ROUND(CR63,0) -> 1 | CT63: 1 | CU63: 1 | CV63: =AVERAGE(CT63:CU63) -> 1 | CW63: =ROUND(CV63,0) -> 1 | CX63: 1 Rare: E | CY63: N/A | DA63: N/A | DB63: No | DD63: Comms Site | DE63: No | DF63: No | DG63: No | DH63: No | DI63: No | DJ63: No | DK63: No | DL63: No | DM63: No | DN63: No | DO63: Yes | DP63: No | DQ63: 0 | DU63: N/A | DV63: North | DW63: Cameron Wilson | DX63: E | EV63: C-I-C
A64: City Gate | B64: Derrimut City Gate | C64: DERR | E64: Middle Road, Derrimut VIC 3030 | F64: None | G64: -37.797648 | H64: 144.75122 | I64: TBC | J64: TBC | K64: Freehold | L64: Active | M64: Done | N64: Yes / Yes | O64: 43842 | P64: Tony W. | Q64: Yes | Z64: =IF(OR(U64<>"",T64<>""),5,IF(S64<>"",4,IF(R64<>"",3,IF(Q64="Yes",2,1)))) -> 2 | AG64: 2 | AI64: 1 | AJ64: 1 | AK64: 4 | AL64: 5 | AM64: =MAX(AK64,AL64) -> 5 | AN64: {=IF(OR(AJ64="0",AM64="0"),"",INDEX('[3]Oil Matrix'!$D$6:$H$10,'Master All_TRR_TS'!AM64,'Master All_TRR_TS'!AJ64))} -> 3 | AO64: =CS64 -> 1 | AQ64: Routine inspections and reporting | AR64: =MAX(Risk_Assessment6[[#This Row],[2) Oil Leak Condition]:[3b) Oil/water separator and shut off valve]]) -> 5 | AS64: None | AT64: None | AU64: Yes | AV64: None | AW64: None | AX64: None | AY64: None | AZ64: None | BA64: None | BF64: No | BM64: {=MAX(IF(ISBLANK(AS64:BL64),"",VLOOKUP(AS64:BL64,'[3]Impact Factor'!B:D,2,FALSE)))} -> 2 | BN64: {=MAX(IF(ISBLANK(AS64:BL64),"",VLOOKUP(AS64:BL64,'[3]Impact Factor'!B:D,3,FALSE)))} -> 2 | BO64: 3 | BS64: 1 | BT64: {=IF(SUM(BM64:BS64)=0,"N/A",_xlfn.IFS(AND((SUM(BM64:BN64)>0),(SUM(BO64:BS64)>0)),ROUND((($BM$3*MAX(BM64:BN64))+($BO$3*MAX(BO64:BS64))),0),AND(OR(BM64:BN64=0,ISERROR(BM64:BN64)),(SUM(BO64:BS64)>0)), MAX(BO64:BS64),AND((SUM(BO64:BS64)=0),(SUM(BM64:BN64)>0)),MAX(BM64:BN64)))} -> 2 | BU64: {=IF(OR(AR64="N/A", BT64="N/A"), "", INDEX([3]Methodology!$D$3:$H$7,'Master All_TRR_TS'!AR76,'Master All_TRR_TS'!BT76))} -> C | BV64: E | BW64: =IF(AND(AR64>2,BT64>2),"Yes", "No") -> No | BZ64: =IF(COUNT(AR64,BT64)=2,(IF(AND(AR64>=3,#REF!>=3),"Y","")),"") -> #REF! | CB64: =IF(Risk_Assessment6[[#This Row],[Stockpiles]]="Spoil / Waste", "Y", "") | CC64: =IF(Risk_Assessment6[[#This Row],[Off-site Drainage Discharge (Y/N)]]="Yes", "Y", "") | CN64: 1 | CO64: 1 | CP64: 2 | CQ64: 3 | CR64: =IF(CO64>2.9,MAX(CO64,CP64),CO64) -> 1 | CS64: =ROUND(CR64,0) -> 1 | CT64: 5 | CU64: 4 | CV64: =AVERAGE(CT64:CU64) -> 4.5 | CW64: =ROUND(CV64,0) -> 5 | CX64: 5 Rare: C | CY64: N/A | DA64: N/A | DB64: No | DD64: Comms Site | DE64: No | DF64: No | DG64: No | DH64: No | DI64: No | DJ64: No | DK64: No | DL64: No | DM64: No | DN64: No | DO64: Yes | DP64: No | DQ64: 0 | DU64: N/A | DV64: West | DW64: TBC | DX64: TBC | EV64: C-I-C
A65: City Gate | B65: Diggers Rest City Gate | C65: DIGG | E65: Watsons Road, Diggers Rest VIC 3427 | F65: None | G65: -37.615348 | H65: 144.72144 | I65: TBC | J65: TBC | K65: Freehold | L65: Active | M65: Done | N65: Yes / Yes | O65: 44299 | P65: Tony W. | Q65: Yes | Z65: =IF(OR(U65<>"",T65<>""),5,IF(S65<>"",4,IF(R65<>"",3,IF(Q65="Yes",2,1)))) -> 2 | AG65: 2 | AI65: Check | AJ65: 1 | AK65: 4 | AL65: 5 | AM65: =MAX(AK65,AL65) -> 5 | AN65: {=IF(OR(AJ65="0",AM65="0"),"",INDEX('[3]Oil Matrix'!$D$6:$H$10,'Master All_TRR_TS'!AM65,'Master All_TRR_TS'!AJ65))} -> 3 | AO65: =CS65 -> 1 | AQ65: Routine inspections and reporting | AR65: =MAX(Risk_Assessment6[[#This Row],[2) Oil Leak Condition]:[3b) Oil/water separator and shut off valve]]) -> 5 | AS65: None | AT65: None | AU65: Yes | AV65: None | AW65: None | AX65: None | AY65: None | AZ65: None | BA65: None | BF65: No | BM65: {=MAX(IF(ISBLANK(AS65:BL65),"",VLOOKUP(AS65:BL65,'[3]Impact Factor'!B:D,2,FALSE)))} -> 2 | BN65: {=MAX(IF(ISBLANK(AS65:BL65),"",VLOOKUP(AS65:BL65,'[3]Impact Factor'!B:D,3,FALSE)))} -> 2 | BO65: 4 | BT65: {=IF(SUM(BM65:BS65)=0,"N/A",_xlfn.IFS(AND((SUM(BM65:BN65)>0),(SUM(BO65:BS65)>0)),ROUND((($BM$3*MAX(BM65:BN65))+($BO$3*MAX(BO65:BS65))),0),AND(OR(BM65:BN65=0,ISERROR(BM65:BN65)),(SUM(BO65:BS65)>0)), MAX(BO65:BS65),AND((SUM(BO65:BS65)=0),(SUM(BM65:BN65)>0)),MAX(BM65:BN65)))} -> 2 | BU65: {=IF(OR(AR65="N/A", BT65="N/A"), "", INDEX([3]Methodology!$D$3:$H$7,'Master All_TRR_TS'!AR210,'Master All_TRR_TS'!BT210))} -> C | BV65: E | BW65: =IF(AND(AR65>2,BT65>2),"Yes", "No") -> No | BZ65: =IF(COUNT(AR65,BT65)=2,(IF(AND(AR65>=3,#REF!>=3),"Y","")),"") -> #REF! | CB65: =IF(Risk_Assessment6[[#This Row],[Stockpiles]]="Spoil / Waste", "Y", "") | CC65: =IF(Risk_Assessment6[[#This Row],[Off-site Drainage Discharge (Y/N)]]="Yes", "Y", "") | CN65: 1 | CO65: 1 | CP65: 1 | CQ65: 1 | CR65: =IF(CO65>2.9,MAX(CO65,CP65),CO65) -> 1 | CS65: =ROUND(CR65,0) -> 1 | CT65: 1 | CU65: 1 | CV65: =AVERAGE(CT65:CU65) -> 1 | CW65: =ROUND(CV65,0) -> 1 | CX65: 1 Rare: E | CY65: N/A | CZ65: Very remote site. | DA65: N/A | DB65: No | DD65: Comms Site | DE65: No | DF65: No | DG65: No | DH65: No | DI65: No | DJ65: No | DK65: No | DL65: Yes | DM65: No | DN65: No | DO65: Yes | DP65: No | DQ65: 0 | DU65: N/A | DV65: North | DW65: Cameron Wilson | DX65: E | EV65: C-I-C
A66: Sub Station | B66: Doreen ZSS (DRN) | C66: DS-DRN | D66: Central | E66: 900 Bridge Inn Road, Doreen VIC 3754 | F66: 1\TP139446 | G66: -37.722732 | H66: 141.99435 | I66: TBC | J66: TBC | K66: Freehold | L66: Active | M66: Done | N66: Yes / Yes | O66: 43980 | P66: A Ryan | Q66: Yes | Z66: =IF(OR(U66<>"",T66<>""),5,IF(S66<>"",4,IF(R66<>"",3,IF(Q66="Yes",2,1)))) -> 2 | AA66: 12 | AG66: 3 | AI66: 2 | AJ66: 1 | AK66: 4 | AL66: 3 | AM66: =MAX(AK66,AL66) -> 4 | AN66: {=IF(OR(AJ66="0",AM66="0"),"",INDEX('[3]Oil Matrix'!$D$6:$H$10,'Master All_TRR_TS'!AM66,'Master All_TRR_TS'!AJ66))} -> 2 | AO66: =CS66 -> 1 | AQ66: Brick bund with gravel floor and basic oil/water separator - no shut off valve | AR66: =MAX(Risk_Assessment6[[#This Row],[2) Oil Leak Condition]:[3b) Oil/water separator and shut off valve]]) -> 4 | AS66: None | AT66: Large | AU66: Yes | AV66: None | AW66: Default Chemicals | AX66: Yes - Small Volume | AZ66: None | BF66: No | BM66: {=MAX(IF(ISBLANK(AS66:BL66),"",VLOOKUP(AS66:BL66,'[3]Impact Factor'!B:D,2,FALSE)))} -> 4 | BN66: {=MAX(IF(ISBLANK(AS66:BL66),"",VLOOKUP(AS66:BL66,'[3]Impact Factor'!B:D,3,FALSE)))} -> 4 | BO66: 5 | BS66: 1 | BT66: {=IF(SUM(BM66:BS66)=0,"N/A",_xlfn.IFS(AND((SUM(BM66:BN66)>0),(SUM(BO66:BS66)>0)),ROUND((($BM$3*MAX(BM66:BN66))+($BO$3*MAX(BO66:BS66))),0),AND(OR(BM66:BN66=0,ISERROR(BM66:BN66)),(SUM(BO66:BS66)>0)), MAX(BO66:BS66),AND((SUM(BO66:BS66)=0),(SUM(BM66:BN66)>0)),MAX(BM66:BN66)))} -> 4 | BU66: {=IF(OR(AR66="N/A", BT66="N/A"), "", INDEX([3]Methodology!$D$3:$H$7,'Master All_TRR_TS'!AR118,'Master All_TRR_TS'!BT118))} -> C | BV66: C | BW66: =IF(AND(AR66>2,BT66>2),"Yes", "No") -> Yes | BZ66: =IF(COUNT(AR66,BT66)=2,(IF(AND(AR66>=3,#REF!>=3),"Y","")),"") -> #REF! | CB66: =IF(Risk_Assessment6[[#This Row],[Stockpiles]]="Spoil / Waste", "Y", "") | CC66: =IF(Risk_Assessment6[[#This Row],[Off-site Drainage Discharge (Y/N)]]="Yes", "Y", "") | CE66: Yes | CF66: Stage 1 - due 2017 | CN66: 1 | CO66: 1 | CP66: 2 | CQ66: 1 | CR66: =IF(CO66>2.9,MAX(CO66,CP66),CO66) -> 1 | CS66: =ROUND(CR66,0) -> 1 | CT66: 1 | CU66: 2 | CV66: =AVERAGE(CT66:CU66) -> 1.5 | CW66: =ROUND(CV66,0) -> 2 | CX66: 2 Rare: E | CY66: N/A | DA66: N/A | DB66: No | DD66: Comms Site | DE66: No | DF66: No | DG66: No | DH66: No | DI66: No | DJ66: No | DK66: No | DL66: No | DM66: Yes | DN66: Yes | DO66: Yes | DP66: No | DQ66: 0 | DU66: N/A | DV66: Central | DW66: Andrew Ryan | DX66: E | EV66: C-I-C
A67: Terminal Station | B67: Dundonnell Wind Farm (DDWF) | C67: TS-DDWF | D67: West | E67: TBC | F67: None | G67: -37.843158 | H67: 142.87955 | I67: TBC | J67: TBC | K67: Pending Acquisition | L67: Pending Acquisition | M67: MONDO TO DO - ask Ben | N67: New | Q67: N/A | Z67: =IF(OR(U67<>"",T67<>""),5,IF(S67<>"",4,IF(R67<>"",3,IF(Q67="Yes",2,1)))) -> 1 | AG67: 3 | AH67: New | AI67: 1 | AJ67: 1 | AK67: 1 | AL67: 1 | AM67: =MAX(AK67,AL67) -> 1 | AN67: {=IF(OR(AJ67="0",AM67="0"),"",INDEX('[3]Oil Matrix'!$D$6:$H$10,'Master All_TRR_TS'!AM67,'Master All_TRR_TS'!AJ67))} -> 1 | AO67: =CS67 -> 1 | AQ67: New | AR67: =MAX(Risk_Assessment6[[#This Row],[2) Oil Leak Condition]:[3b) Oil/water separator and shut off valve]]) -> 1 | AS67: None | AT67: Oil Default | BF67: Yes | BM67: {=MAX(IF(ISBLANK(AS67:BL67),"",VLOOKUP(AS67:BL67,'[3]Impact Factor'!B:D,2,FALSE)))} -> 3 | BN67: {=MAX(IF(ISBLANK(AS67:BL67),"",VLOOKUP(AS67:BL67,'[3]Impact Factor'!B:D,3,FALSE)))} -> 2 | BT67: {=IF(SUM(BM67:BS67)=0,"N/A",_xlfn.IFS(AND((SUM(BM67:BN67)>0),(SUM(BO67:BS67)>0)),ROUND((($BM$3*MAX(BM67:BN67))+($BO$3*MAX(BO67:BS67))),0),AND(OR(BM67:BN67=0,ISERROR(BM67:BN67)),(SUM(BO67:BS67)>0)), MAX(BO67:BS67),AND((SUM(BO67:BS67)=0),(SUM(BM67:BN67)>0)),MAX(BM67:BN67)))} -> 3 | BU67: {=IF(OR(AR67="N/A", BT67="N/A"), "", INDEX([3]Methodology!$D$3:$H$7,'Master All_TRR_TS'!AR65,'Master All_TRR_TS'!BT65))} -> C | BV67: D | BW67: =IF(AND(AR67>2,BT67>2),"Yes", "No") -> No | BZ67: =IF(COUNT(AR67,BT67)=2,(IF(AND(AR67>=3,#REF!>=3),"Y","")),"") -> #REF! | CB67: =IF(Risk_Assessment6[[#This Row],[Stockpiles]]="Spoil / Waste", "Y", "") | CC67: =IF(Risk_Assessment6[[#This Row],[Off-site Drainage Discharge (Y/N)]]="Yes", "Y", "") | CN67: 1 | CO67: 1 | CP67: 1 | CQ67: 1 | CR67: =IF(CO67>2.9,MAX(CO67,CP67),CO67) -> 1 | CS67: =ROUND(CR67,0) -> 1 | CT67: 1 | CU67: 4 | CV67: =AVERAGE(CT67:CU67) -> 2.5 | CW67: =ROUND(CV67,0) -> 3 | CX67: 3 Rare: D | CY67: N/A | CZ67: Weeds with in yard and access track | DA67: N/A | DB67: No | DD67: Comms Site | DE67: No | DF67: No | DG67: No | DH67: No | DI67: No | DJ67: No | DK67: No | DL67: No | DM67: No | DN67: No | DO67: Yes | DP67: No | DQ67: 0 | DU67: N/A | DV67: West | DW67: TBC | DX67: TBC | DY67: N/A | DZ67: Not in this list. | EA67: Y | EB67: Confidence 1/5. Default oil filled equipment selected. | EC67: The risk is driven by a lack of information. There are no site inspections or reports on Env Register. | ED67: 1. Conduct baseline site inspection to confirm current status. | EV67: C-I-C
A68: Comms Site | B68: Dunns Hill Comms Site (DUNN) | C68: TC-DUNNXXXX | E68: off One Tree Hill Road, Ferny Creek, Victoria 3786 | F68: None | G68: -37.879556 | H68: 145.33147 | I68: TBC | J68: TBC | K68: Leased | L68: Active | M68: Done | N68: Yes / Yes | O68: 43993 | P68: A Ryan | Q68: Yes | Z68: =IF(OR(U68<>"",T68<>""),5,IF(S68<>"",4,IF(R68<>"",3,IF(Q68="Yes",2,1)))) -> 2 | AG68: 2 | AI68: 1 | AJ68: 1 | AK68: 4 | AL68: 5 | AM68: =MAX(AK68,AL68) -> 5 | AN68: {=IF(OR(AJ68="0",AM68="0"),"",INDEX('[3]Oil Matrix'!$D$6:$H$10,'Master All_TRR_TS'!AM68,'Master All_TRR_TS'!AJ68))} -> 3 | AO68: =CS68 -> 1 | AQ68: 6 or 12 monthly inspection program | AR68: =MAX(Risk_Assessment6[[#This Row],[2) Oil Leak Condition]:[3b) Oil/water separator and shut off valve]]) -> 5 | AS68: None | AT68: None | AU68: Yes | AV68: None | AW68: None | AX68: None | AY68: None | AZ68: None | BF68: No | BM68: {=MAX(IF(ISBLANK(AS68:BL68),"",VLOOKUP(AS68:BL68,'[3]Impact Factor'!B:D,2,FALSE)))} -> 2 | BN68: {=MAX(IF(ISBLANK(AS68:BL68),"",VLOOKUP(AS68:BL68,'[3]Impact Factor'!B:D,3,FALSE)))} -> 2 | BO68: 3 | BS68: 4 | BT68: {=IF(SUM(BM68:BS68)=0,"N/A",_xlfn.IFS(AND((SUM(BM68:BN68)>0),(SUM(BO68:BS68)>0)),ROUND((($BM$3*MAX(BM68:BN68))+($BO$3*MAX(BO68:BS68))),0),AND(OR(BM68:BN68=0,ISERROR(BM68:BN68)),(SUM(BO68:BS68)>0)), MAX(BO68:BS68),AND((SUM(BO68:BS68)=0),(SUM(BM68:BN68)>0)),MAX(BM68:BN68)))} -> 2 | BU68: {=IF(OR(AR68="N/A", BT68="N/A"), "", INDEX([3]Methodology!$D$3:$H$7,'Master All_TRR_TS'!AR220,'Master All_TRR_TS'!BT220))} -> B | BV68: E | BW68: =IF(AND(AR68>2,BT68>2),"Yes", "No") -> No | BZ68: =IF(COUNT(AR68,BT68)=2,(IF(AND(AR68>=3,#REF!>=3),"Y","")),"") -> #REF! | CB68: =IF(Risk_Assessment6[[#This Row],[Stockpiles]]="Spoil / Waste", "Y", "") | CC68: =IF(Risk_Assessment6[[#This Row],[Off-site Drainage Discharge (Y/N)]]="Yes", "Y", "") | CN68: 1 | CO68: 1 | CP68: 1 | CQ68: 1 | CR68: =IF(CO68>2.9,MAX(CO68,CP68),CO68) -> 1 | CS68: =ROUND(CR68,0) -> 1 | CT68: 1 | CU68: 4 | CV68: =AVERAGE(CT68:CU68) -> 2.5 | CW68: =ROUND(CV68,0) -> 3 | CX68: 3 Rare: D | CY68: N/A | CZ68: Access track overgrown | DA68: N/A | DB68: No | DD68: Comms Site | DE68: No | DF68: No | DG68: No | DH68: No | DI68: No | DJ68: No | DK68: No | DL68: No | DM68: No | DN68: Yes | DO68: Yes | DP68: No | DQ68: 0 | DU68: N/A | DV68: East | DW68: TBC | DX68: TBC | EV68: C-I-C
A69: Comms Site | B69: East Greenwald Comms Site (EGRN) | C69: TC-EGRNXXXX | E69: East Greenwald Rd off Princess Highway, Greenwald VIC 3304 | F69: 2\PS747679 | G69: -37.970278 | H69: 141.39722 | I69: TBC | J69: TBC | K69: Freehold | L69: Active | M69: Done | N69: Yes / Yes | O69: 44102 | P69: M Snell | Q69: Yes | Z69: =IF(OR(U69<>"",T69<>""),5,IF(S69<>"",4,IF(R69<>"",3,IF(Q69="Yes",2,1)))) -> 2 | AG69: 2 | AI69: 1 | AJ69: 1 | AK69: 4 | AL69: 5 | AM69: =MAX(AK69,AL69) -> 5 | AN69: {=IF(OR(AJ69="0",AM69="0"),"",INDEX('[3]Oil Matrix'!$D$6:$H$10,'Master All_TRR_TS'!AM69,'Master All_TRR_TS'!AJ69))} -> 3 | AO69: =CS69 -> 4 | AQ69: 6 or 12 monthly inspection program | AR69: =MAX(Risk_Assessment6[[#This Row],[2) Oil Leak Condition]:[3b) Oil/water separator and shut off valve]]) -> 5 | AS69: None | AT69: None | AU69: Yes | AV69: None | AW69: None | AX69: None | AY69: None | AZ69: None | BF69: No | BM69: {=MAX(IF(ISBLANK(AS69:BL69),"",VLOOKUP(AS69:BL69,'[3]Impact Factor'!B:D,2,FALSE)))} -> 2 | BN69: {=MAX(IF(ISBLANK(AS69:BL69),"",VLOOKUP(AS69:BL69,'[3]Impact Factor'!B:D,3,FALSE)))} -> 2 | BO69: 1 | BS69: 4 | BT69: {=IF(SUM(BM69:BS69)=0,"N/A",_xlfn.IFS(AND((SUM(BM69:BN69)>0),(SUM(BO69:BS69)>0)),ROUND((($BM$3*MAX(BM69:BN69))+($BO$3*MAX(BO69:BS69))),0),AND(OR(BM69:BN69=0,ISERROR(BM69:BN69)),(SUM(BO69:BS69)>0)), MAX(BO69:BS69),AND((SUM(BO69:BS69)=0),(SUM(BM69:BN69)>0)),MAX(BM69:BN69)))} -> 2 | BU69: {=IF(OR(AR69="N/A", BT69="N/A"), "", INDEX([3]Methodology!$D$3:$H$7,'Master All_TRR_TS'!AR78,'Master All_TRR_TS'!BT78))} -> A | BV69: E | BW69: =IF(AND(AR69>2,BT69>2),"Yes", "No") -> No | BZ69: =IF(COUNT(AR69,BT69)=2,(IF(AND(AR69>=3,#REF!>=3),"Y","")),"") -> #REF! | CB69: =IF(Risk_Assessment6[[#This Row],[Stockpiles]]="Spoil / Waste", "Y", "") | CC69: =IF(Risk_Assessment6[[#This Row],[Off-site Drainage Discharge (Y/N)]]="Yes", "Y", "") | CN69: 10 | CO69: 4 | CP69: 1 | CQ69: 1 | CR69: =IF(CO69>2.9,MAX(CO69,CP69),CO69) -> 4 | CS69: =ROUND(CR69,0) -> 4 | CT69: 1 | CU69: 1 | CV69: =AVERAGE(CT69:CU69) -> 1 | CW69: =ROUND(CV69,0) -> 1 | CX69: 1 Rare: E | CY69: N/A | DA69: N/A | DB69: No | DD69: Comms Site | DE69: No | DF69: No | DG69: No | DH69: No | DI69: No | DJ69: No | DK69: No | DL69: No | DM69: No | DN69: No | DO69: Yes | DP69: No | DQ69: 0 | DU69: N/A | DV69: West | DW69: TBC | DX69: TBC | EV69: C-I-C
A70: Terminal Station | B70: East Rowville TS (ERTS) | C70: TS-ERTS | D70: Central | E70: Lot 1 Police Road, East Rowville, Victoria 3178 | F70: 1\LP111072 | G70: -37.941175 | H70: 145.23125 | I70: TBC | J70: TBC | K70: Freehold | L70: Active | M70: 43973 | N70: Yes / Yes | O70: 43973 | P70: A Ryan | Q70: Yes | R70: Yes | X70: SKM - Groundwater Assessment (2001). GeoEng - Environmental Risk Audit for Bunding and Stormwater System Compliance (2002). GHD - Environmental Inspections, Maintenance and Tests (2003) | Z70: =IF(OR(U70<>"",T70<>""),5,IF(S70<>"",4,IF(R70<>"",3,IF(Q70="Yes",2,1)))) -> 3 | AA70: 2 | AE70: Stockpile on site, NW corner of site | AF70: Low | AG70: 5 | AI70: 1 | AJ70: 1 | AK70: 1 | AL70: 1 | AM70: =MAX(AK70,AL70) -> 1 | AN70: {=IF(OR(AJ70="0",AM70="0"),"",INDEX('[3]Oil Matrix'!$D$6:$H$10,'Master All_TRR_TS'!AM70,'Master All_TRR_TS'!AJ70))} -> 1 | AO70: =CS70 -> 1 | AQ70: Fully compliant sealed bund with puraceptor oil/water separator + shut off valve | AR70: =MAX(Risk_Assessment6[[#This Row],[2) Oil Leak Condition]:[3b) Oil/water separator and shut off valve]]) -> 1 | AS70: >10 kg or >50 mg/kg | AT70: Large | AU70: Yes | AV70: None | AW70: Default Chemicals | AX70: Yes - Small Volume | AZ70: Spoil / Waste | BF70: No | BM70: {=MAX(IF(ISBLANK(AS70:BL70),"",VLOOKUP(AS70:BL70,'[3]Impact Factor'!B:D,2,FALSE)))} -> 4 | BN70: {=MAX(IF(ISBLANK(AS70:BL70),"",VLOOKUP(AS70:BL70,'[3]Impact Factor'!B:D,3,FALSE)))} -> 4 | BO70: 5 | BS70: 2 | BT70: {=IF(SUM(BM70:BS70)=0,"N/A",_xlfn.IFS(AND((SUM(BM70:BN70)>0),(SUM(BO70:BS70)>0)),ROUND((($BM$3*MAX(BM70:BN70))+($BO$3*MAX(BO70:BS70))),0),AND(OR(BM70:BN70=0,ISERROR(BM70:BN70)),(SUM(BO70:BS70)>0)), MAX(BO70:BS70),AND((SUM(BO70:BS70)=0),(SUM(BM70:BN70)>0)),MAX(BM70:BN70)))} -> 4 | BU70: {=IF(OR(AR70="N/A", BT70="N/A"), "", INDEX([3]Methodology!$D$3:$H$7,'Master All_TRR_TS'!AR66,'Master All_TRR_TS'!BT66))} -> B | BV70: C | BW70: =IF(AND(AR70>2,BT70>2),"Yes", "No") -> No | BZ70: =IF(COUNT(AR70,BT70)=2,(IF(AND(AR70>=3,#REF!>=3),"Y","")),"") -> #REF! | CB70: =IF(Risk_Assessment6[[#This Row],[Stockpiles]]="Spoil / Waste", "Y", "") -> Y | CC70: =IF(Risk_Assessment6[[#This Row],[Off-site Drainage Discharge (Y/N)]]="Yes", "Y", "") | CF70: Transformer upgrades over next 2 years | CL70: SKM - Groundwater Assessment (2001). GeoEng - Environmental Risk Audit for Bunding and Stormwater System Compliance (2002). GHD - Environmental Inspections, Maintenance and Tests (2003) | CN70: 1 | CO70: 1 | CP70: 1 | CQ70: 1 | CR70: =IF(CO70>2.9,MAX(CO70,CP70),CO70) -> 1 | CS70: =ROUND(CR70,0) -> 1 | CT70: 1 | CU70: 1 | CV70: =AVERAGE(CT70:CU70) -> 1 | CW70: =ROUND(CV70,0) -> 1 | CX70: 1 Rare: E | CY70: N/A | DA70: N/A | DB70: No | DD70: Comms Site | DE70: No | DF70: No | DG70: No | DH70: No | DI70: No | DJ70: No | DK70: No | DL70: No | DM70: No | DN70: No | DO70: Yes | DP70: No | DQ70: 0 | DU70: N/A | DV70: North | DW70: Cameron Wilson | DX70: E | DY70: C2 | DZ70: Enviro -one above ground and stormwater isolation valve in place | EA70: N | EB70: Confidence 3/5. Fully compliant sealed bund with puraceptor oil/ water separator and shut off valve. | EC70: Risk driven by possible impacts to human health and environment surrounding site. No environment reports since 2003. Site inspection in 2020 shows shut off valve, concrete bunds, puraceptor, no oil leaks, very good transformer condition. | ED70: 1. Site inspection to confirm current status. There is potential for some legacy impacts from previously installed old transformers that were leaky. Reported that some level of soil removal / remediation was performed (not on enviro register) and transformers / bunds upgraded. Stockpiles of spoil reported in 2020 but photo just looks like excess crushed rock has been spread on ground. | EV70: C-I-C
